Workbook

Sheet Sheet5
A1: (1)VOTE | B1: FIRST SCHEDULE | C1: (2) SUPPLY
A2: NO.
A3: R101 | B3: County Assembly | C3: 963697525 | D3: 57553443 | E3: =C3+D3 -> 1021250968
A4: R102 | B4: County Executive | C4: 479512621 | D4: 35300000 | E4: =C4+D4 -> 514812621
A5: R103 | B5: Department of Finance and economic planning | C5: 1185583241 | D5: 70000000 | E5: =C5+D5 -> 1255583241
A6: R104 | B6: Department of Agriculture | C6: 443274069 | D6: 643011351 | E6: =C6+D6 -> 1086285420
A7: R105 | B7: Department of Environment and Natural Resources | C7: 195244842 | D7: 231501673 | E7: =C7+D7 -> 426746515
A8: R106 | B8: Department of Education Youth Affairs and Social development | C8: 620777713 | D8: 156343034 | E8: =C8+D8 -> 777120747 | F8: 777120747 | G8: =F8-E8 -> 0
A9: R107 | B9: Department of County Health Services | C9: 3418239511 | D9: 939494291 | E9: =C9+D9 -> 4357733802 | F9: 4357733802 | G9: =F9-E9 -> 0
A10: R108 | B10: Department of Physical Planning and Urban development | C10: 93357240 | D10: 95183915 | E10: =C10+D10 -> 188541155
A11: R109 | B11: Department of Public Works Transport and Housing | C11: 213000000 | D11: 1284400371 | E11: =C11+D11 -> 1497400371 | F11: 1497400371 | G11: =F11-E11 -> 0
A12: R110 | B12: Department of Trade Development and Regulations | C12: 82738837 | D12: 106746642 | E12: =C12+D12 -> 189485479
A13: R111 | B13: Department of Culture and Social Services | C13: 77256460 | D13: 202025502 | E13: =C13+D13 -> 279281962
A14: R112 | B14: Kisii Town | C14: 116755459 | D14: 248717745 | E14: =C14+D14 -> 365473204
A15: R113 | B15: County Administration and Stakeholders Management | C15: 675120059 | D15: 36445396 | E15: =C15+D15 -> 711565455 | F15: 711565455 | G15: =F15-E15 -> 0
B16: TOTAL RECURRENT | C16: =SUM(C3:C15) -> 8564557577 | D16: =SUM(D3:D15) -> 4106723363 | E16: =SUM(E3:E15) -> 12671280940
A22: DEVELOPMENT EXPENDITURE
A23: (1)VOTE | B23: SECOND SCHEDULE | C23: (2) SUPPLY
A24: NO.
A25: D 101 | B25: County Assembly | C25: 57553443
A26: D 102 | B26: County Executive | C26: 35300000
A27: D 103 | B27: Department of Finance and economic planning | C27: 70000000
A28: D 104 | B28: Department of Agriculture | C28: 643011351
A29: D 105 | B29: Department of Environment and Natural Resources | C29: 231501673
A30: D 106 | B30: Department of Education Youth Affairs and Social development | C30: 153843034
A31: D 107 | B31: Department of County Health Services | C31: 939494291
A32: D 108 | B32: Department of Physical Planning and Urban development | C32: 95183915
A33: D 109 | B33: Department of Public Works Transport and Housing | C33: 1281400371
A34: D 110 | B34: Department of Trade Development and Regulations | C34: 106746642
A35: D 111 | B35: Department of Culture and Social Services | C35: 202025502
A36: D 112 | B36: Kisii Town | C36: 248717745
A37: D113 | B37: County Administration and Stakeholders Management | C37: 37445396
B38: TOTAL DEVELOPMENT | C38: 4102223363

Sheet Sheet3

Sheet PERSONEL EMOLUMENTS
A1: KISII COUNTY GOVERNMENT
A2: PERSONNEL BUDGET
A3: FINANCIAL YEAR 2017/ 2018
B4: DEPARTMENT | C4: NO OF EMPLOYEES | D4: BASIC SALARY | E4: HOUSE ALLOWANCE | F4: COMMUTER | G4: SPECIAL DUTY ALLOWANCE | H4: RESPONSIBILTY ALLOWANCE | I4: HEALTH RISK ALLOWANCE | J4: UNIFORM ALLOWANCE | K4: EMERGECY CALL ALLOWANCE | L4: OTHER ALLOWANCES | M4: EXTRANEOUS ALLOWANCE | N4: NON PRACTISING ALLOWANCE | O4: ACTING ALLOWANCE | P4: TELEPHONE ALLOWANCE | Q4: GRATUITY | R4: COUNTY CONTRIBUTION TO PENSION | S4: LEAVE ALLOWANCE | T4: TOTAL ANNUAL PERSONEL BUDGET
A5: 1 | B5: OFFICE OF THE GOVERNOR AND DEPUTY GOVERNOR
B6: IN PAYROLL
B7: NOT IN PAYROLL
B8: SUB-TOTAL
A9: 2 | B9: COUNTY ADMINISTRATION
B10: IN PAYROLL
B11: NOT IN PAYROLL
B12: SUB-TOTAL
A13: 3 | B13: COUNTY PUBLIC SERVICE
B14: IN PAYROLL
B15: NOT IN PAYROLL
B16: SUB-TOTAL
A17: 4 | B17: FINANCE AND ECONOMIC PLANNING
B18: IN PAYROLL
B19: NOT IN PAYROLL
B20: SUB-TOTAL
A21: 5 | B21: AGRICULTURE
B22: IN PAYROLL
B23: NOT IN PAYROLL
B24: SUB-TOTAL
A25: 6 | B25: ENVIRONMENT
B26: IN PAYROLL
B27: NOT IN PAYROLL
B28: SUB-TOTAL
A29: 7 | B29: EDUCATION
B30: IN PAYROLL
B31: Instructors to be absorbed from national govt
B32: New employees (ECD and polytechnic instructors)
B33: SUB-TOTAL
A34: 8 | B34: HEALTH
B35: IN PAYROLL
B36: DANIDA Personnel Costs
B37: NOT IN PAYROLL
B38: SUB-TOTAL
A39: 9 | B39: LAND, PHYSICAL PLANNING AND URBAN DEVELOPMENT
B40: IN PAYROLL | S40: =6000*C40 -> 0 | T40: =SUM(D40:S40) -> 0
B41: NOT IN PAYROLL | S41: =C41*14000 -> 0 | T41: =SUM(D41:S41) -> 0
B42: SUB-TOTAL | G42: =SUM(G40:G41) -> 0 | H42: =SUM(H40:H41) -> 0 | I42: =SUM(I40:I41) -> 0 | J42: =SUM(J40:J41) -> 0 | K42: =SUM(K40:K41) -> 0 | L42: =SUM(L40:L41) -> 0 | M42: =SUM(M40:M41) -> 0 | N42: =SUM(N40:N41) -> 0 | ... T42: =SUM(T40:T41) -> 0
A43: 10 | B43: PUBLIC WORKS AND TRANSPORT | S43: =C43*14000 -> 0
B44: IN PAYROLL | S44: =6000*C44 -> 0 | T44: =SUM(D44:S44) -> 0
B45: NOT IN PAYROLL | S45: =C45*14000 -> 0 | T45: =SUM(D45:S45) -> 0
B46: SUB-TOTAL | G46: =SUM(G44:G45) -> 0 | H46: =SUM(H44:H45) -> 0 | I46: =SUM(I44:I45) -> 0 | J46: =SUM(J44:J45) -> 0 | K46: =SUM(K44:K45) -> 0 | L46: =SUM(L44:L45) -> 0 | M46: =SUM(M44:M45) -> 0 | N46: =SUM(N44:N45) -> 0 | ... T46: =SUM(T44:T45) -> 0
A47: 11 | B47: TRADE | S47: =C47*14000 -> 0
B48: IN PAYROLL | S48: =6000*C48 -> 0 | T48: =SUM(D48:S48) -> 0
B49: NOT IN PAYROLL | S49: =6000*C49 -> 0 | T49: =SUM(D49:S49) -> 0
B50: SUB-TOTAL | G50: =SUM(G48:G49) -> 0 | H50: =SUM(H48:H49) -> 0 | I50: =SUM(I48:I49) -> 0 | J50: =SUM(J48:J49) -> 0 | K50: =SUM(K48:K49) -> 0 | L50: =SUM(L48:L49) -> 0 | M50: =SUM(M48:M49) -> 0 | N50: =SUM(N48:N49) -> 0 | ... T50: =SUM(T48:T49) -> 0
A51: 12 | B51: CULTURE AND SOCIAL SERVICES | S51: =C51*14000 -> 0
B52: IN PAYROLL | S52: =6000*C52 -> 0 | T52: =SUM(D52:S52) -> 0
B53: NOT IN PAYROLL | S53: =C53*14000 -> 0 | T53: =SUM(D53:S53) -> 0
B54: SUB-TOTAL | G54: =SUM(G52:G53) -> 0 | H54: =SUM(H52:H53) -> 0 | I54: =SUM(I52:I53) -> 0 | J54: =SUM(J52:J53) -> 0 | K54: =SUM(K52:K53) -> 0 | L54: =SUM(L52:L53) -> 0 | M54: =SUM(M52:M53) -> 0 | N54: =SUM(N52:N53) -> 0 | ... T54: =SUM(T52:T53) -> 0
A55: 13 | B55: KISII TOWN | S55: =C55*14000 -> 0
B56: IN PAYROLL | S56: =6000*C56 -> 0 | T56: =SUM(D56:S56) -> 0
B57: NOT IN PAYROLL | S57: =C57*14000 -> 0 | T57: =SUM(D57:S57) -> 0
B58: SUB-TOTAL | G58: =SUM(G56:G57) -> 0 | H58: =SUM(H56:H57) -> 0 | I58: =SUM(I56:I57) -> 0 | J58: =SUM(J56:J57) -> 0 | K58: =SUM(K56:K57) -> 0 | L58: =SUM(L56:L57) -> 0 | M58: =SUM(M56:M57) -> 0 | N58: =SUM(N56:N57) -> 0 | ... T58: =SUM(T56:T57) -> 0
B59: GRAND TOTAL | G59: =SUM(G8,G12,G16,G20,G24,G28,G38,G33,G42,G46,G50,G54,G58) -> 0 | H59: =SUM(H8,H12,H16,H20,H24,H28,H38,H33,H42,H46,H50,H54,H58) -> 0 | I59: =SUM(I8,I12,I16,I20,I24,I28,I38,I33,I42,I46,I50,I54,I58) -> 0 | J59: =SUM(J8,J12,J16,J20,J24,J28,J38,J33,J42,J46,J50,J54,J58) -> 0 | K59: =SUM(K8,K12,K16,K20,K24,K28,K38,K33,K42,K46,K50,K54,K58) -> 0 | L59: =SUM(L8,L12,L16,L20,L24,L28,L38,L33,L42,L46,L50,L54,L58) -> 0 | M59: =SUM(M8,M12,M16,M20,M24,M28,M38,M33,M42,M46,M50,M54,M58) -> 0 | N59: =SUM(N8,N12,N16,N20,N24,N28,N38,N33,N42,N46,N50,N54,N58) -> 0 | ... T59: =SUM(T8,T12,T16,T20,T24,T28,T38,T33,T42,T46,T50,T54,T58) -> 0

Sheet Sheet2

Sheet Sheet1

Sheet PROJECT SUMMARY
A1: KISII COUNTY GOVERNMENT
A2: PROJECTS SUMMARY
A3: DEPARTMENT | B3: PROPOSED BUDGET 2019/2020
A4: OFFICE OF THE GOVERNOR AND DEPUTY GOVERNOR | B4: 200000000
A5: KISII COUNTY ASSEMBLY
A6: COUNTY ADMINISTRATION
A7: STAKEHOLDER MANAGEMENT
A8: FINANCE AND ACCOUNTING
A9: ECONOMIC PLANNING
A10: FISHERIES, LIVESTOCK AND VETERINARY SERVICES
A11: AGRICULTURE AND COOPERATIVES DEVELOPMENT
A12: ENVIRONMENT
A13: WATER AND SANITATION SERVICES
A14: EDUCATION
A15: MEDICAL SERVICES
A16: LANDS, PHYSICAL PLANNING AND URBAN DEVELOPMENT
... A22: TOTAL

Sheet Revenue
A1: PROPOSED REVENUE BUDGET FOR FY2026/2027
A2: ITEM | B2: APPROVED REVISED BUDGET 2023/24 BUDGET 2023/24 | C2: APPROVED BUDGET 2024/25 | D2: ADJUSTMENT | E2: APPROVED REVISED BUDGET 2024/25 | F2: ADJUSTMENT | G2: PROPOSED 2ND REVISED BUDGET 2024/25 | H2: APPROVED BUDGET FY 2025/26 | I2: ADJUSTMENTS | J2: APPROVED REVISED BUDGET FY 2025/26 | K2: ADJUSTMENTS | L2: APPROVED 2ND REVISED BUDGET FY 2025/26 | M2: PROPOSED BUDGET FY 2026/27
A3: Equitable Share | B3: 9258588608 | C3: 9605604088 | D3: -299768400 | E3: =C3+D3 -> 9305835688 | G3: =E3+F3 -> 9305835688 | H3: 9722580296 | I3: 97141472 | J3: =H3+I3 -> 9819721768 | L3: =J3+K3 -> 9819721768 | M3: 9930880341
A4: Aquaculture Business Development Programme | B4: 23165743 | C4: 21486575 | D4: 0 | E4: =C4+D4 -> 21486575 | G4: =E4+F4 -> 21486575 | H4: 21486575 | I4: -5939575 | J4: =H4+I4 -> 15547000 | L4: =J4+K4 -> 15547000
A5: Industrial Park | B5: 0 | C5: 250000000 | D5: 0 | E5: =C5+D5 -> 250000000 | G5: =E5+F5 -> 250000000 | H5: 250000000 | J5: =H5+I5 -> 250000000 | L5: =J5+K5 -> 250000000
A6: National Agricultural Value Chain Development Project (NAVCDP)-World Bank Credit | B6: 250000000 | C6: 151515152 | D6: 0 | E6: =C6+D6 -> 151515152 | G6: =E6+F6 -> 151515152 | H6: 231250000 | J6: =H6+I6 -> 231250000 | L6: =J6+K6 -> 231250000 | M6: 105000000
A7: DANIDA | B7: 14206500 | C7: 8856000 | D7: 3136500 | E7: =C7+D7 -> 11992500 | G7: =E7+F7 -> 11992500 | H7: 8856000 | J7: =H7+I7 -> 8856000 | L7: =J7+K7 -> 8856000
A8: Agriculture Business Development Programme | C8: 0 | D8: 10918919 | E8: =C8+D8 -> 10918919 | G8: =E8+F8 -> 10918919 | J8: =H8+I8 -> 0 | L8: =J8+K8 -> 0
A9: Allocation for Mineral Royalties | B9: 682562 | C9: 117616 | E9: =C9+D9 -> 117616 | G9: =E9+F9 -> 117616 | H9: 117616 | I9: 564946 | J9: =H9+I9 -> 682562 | L9: =J9+K9 -> 682562 | M9: 1560790
A10: Finance for Locally-Led Climate Action Program (FLLoCA) County Climate Institutional Support (CCIS) Grant | B10: 22000000 | C10: 11000000 | D10: 0 | E10: =C10+D10 -> 11000000 | G10: =E10+F10 -> 11000000 | H10: 0 | J10: =H10+I10 -> 0 | L10: =J10+K10 -> 0 | M10: 160000000
A11: Finance for Locally-Led Climate Action Program (FLLoCA) -IDA | B11: 160992006 | C11: 0 | D11: 160000000 | E11: =C11+D11 -> 160000000 | G11: =E11+F11 -> 160000000 | J11: =H11+I11 -> 0 | L11: =J11+K11 -> 0 | M11: 84000000
A12: Finance for Locally-Led Climate Action Program (FLLoCA) County Climate Resilient Investment Grant (KfW) | B12: 84121480 | C12: 0 | D12: 84000000 | E12: =C12+D12 -> 84000000 | G12: =E12+F12 -> 84000000 | J12: =H12+I12 -> 0 | L12: =J12+K12 -> 0
A13: KDSP I | E13: 37500000 | G13: 37500000 | H13: 37500000 | J13: =H13+I13 -> 37500000 | K13: -1500000 | L13: =J13+K13 -> 36000000 | M13: 36000000
A14: KDSP II | C14: 37500000 | E14: 0 | G14: =E14+F14 -> 0 | H14: 0 | I14: 352000000 | J14: =H14+I14 -> 352000000 | L14: =J14+K14 -> 352000000 | M14: 171870505
A15: Community Health Promoters (CHPs) | C15: 88200000 | E15: =C15+D15 -> 88200000 | G15: =E15+F15 -> 88200000 | H15: 88200000 | J15: =H15+I15 -> 88200000 | L15: =J15+K15 -> 88200000 | M15: 88200000
A16: Outstanding basic salaries for Health workers | E16: 0 | G16: 0 | H16: 72428277 | J16: =H16+I16 -> 72428277 | L16: =J16+K16 -> 72428277
A17: Building Resilient & Responsive Health Systems-BREHS | M17: 77823857
A18: Road maintenance Levy Fund (RMLF) | C18: 179407700 | E18: =C18+D18 -> 179407700 | G18: =E18+F18 -> 179407700 | H18: 0 | I18: 403033155 | J18: =H18+I18 -> 403033155 | K18: -403033156 | L18: =J18+K18 -> -1
A19: Kenya Urban Support Programme (KUSP) Urban Institution Grant | C19: 35000000 | E19: =C19+D19 -> 35000000 | G19: =E19+F19 -> 35000000 | H19: 35000000 | J19: =H19+I19 -> 35000000 | L19: =J19+K19 -> 35000000 | M19: 35000000
A20: Urban Development Grant (UDG) | C20: 0 | D20: 90993018 | E20: =C20+D20 -> 90993018 | G20: =E20+F20 -> 90993018 | H20: 90993018 | J20: =H20+I20 -> 90993018 | K20: 19006982 | L20: =J20+K20 -> 110000000 | M20: 110000000
A21: Primary Health Care in Devolved Context (PHDC) | H21: 0 | I21: 12546000 | J21: =H21+I21 -> 12546000 | L21: =J21+K21 -> 12546000
A22: Allocations for 0.5% of the Housing Levy Fund to the County Rural and Urban Affordable Housing Committees | H22: 0 | I22: 1987622 | J22: =H22+I22 -> 1987622 | L22: =J22+K22 -> 1987622 | M22: 7787057
A23: Unspent balances FY 2024/2025 | B23: 2432460031 | C23: 3494246792 | D23: =315686536+42451566 -> 358138102 | E23: =C23+D23 -> 3852384894 | G23: =E23+F23 -> 3852384894 | H23: =5411180616 -> 5411180616 | J23: =H23+I23 -> 5411180616 | K23: -1500000 | L23: =J23+K23 -> 5409680616 | M23: 3639973532
A24: Local Revenues | B24: =B54 -> 650000000 | C24: 650000000 | D24: =150000000+65000000 -> 215000000 | E24: =C24+D24 -> 865000000 | G24: =E24+F24 -> 865000000 | H24: =H54 -> 2615000000 | I24: =I54 -> 602000000 | J24: =H24+I24 -> 3217000000 | K24: =K54 -> 500000000 | L24: =J24+K24 -> 3717000000 | M24: =M54 -> 2650000000
A25: TOTAL REVENUE | B25: =SUM(B3:B24) -> 12896216930 | C25: =SUM(C3:C24) -> 14532933923 | D25: =SUM(D3:D24) -> 622418139 | E25: =SUM(E3:E24) -> 15155352062 | F25: =SUM(F3:F24) -> 0 | G25: =SUM(G3:G24) -> 15155352062 | H25: =SUM(H3:H24) -> 18584592398 | I25: =SUM(I3:I24) -> 1463333620 | ... M25: =SUM(M3:M24) -> 17098096082
A26: LOCAL REVENUE ITEMIZATION | G26: =E26+F26 -> 0
A27: LOCAL LEVIES: 1-2000 | G27: =E27+F27 -> 0
A28: 1-2101 Property rates | B28: 25000000 | C28: 25000000 | D28: 5000000 | E28: =C28+D28 -> 30000000 | G28: =E28+F28 -> 30000000 | H28: 30000000 | I28: 200000000 | J28: =H28+I28 -> 230000000 | L28: =J28+K28 -> 230000000 | M28: 200000000
A29: 1-2201 Business Permits Current Year | B29: 200000000 | C29: 200000000 | D29: 30000000 | E29: =C29+D29 -> 230000000 | G29: =E29+F29 -> 230000000 | H29: 230000000 | I29: 70000000 | J29: =H29+I29 -> 300000000 | L29: =J29+K29 -> 300000000 | M29: 225000000
A30: 1-2311 Fruits & Vegetables / Agricultural Produce Cess | B30: 20000000 | C30: 20000000 | D30: 5000000 | E30: =C30+D30 -> 25000000 | G30: =E30+F30 -> 25000000 | H30: 25000000 | I30: 30000000 | J30: =H30+I30 -> 55000000 | L30: =J30+K30 -> 55000000 | M30: 40000000
A31: 1-3105 Miscellenous income | B31: 3500000 | C31: 3500000 | D31: 6500000 | E31: =C31+D31 -> 10000000 | G31: =E31+F31 -> 10000000 | H31: 10000000 | J31: =H31+I31 -> 10000000 | L31: =J31+K31 -> 10000000 | M31: 10000000
A32: 1-3501 County Premises Monthly Rent | B32: 10000000 | C32: 10000000 | D32: 5000000 | E32: =C32+D32 -> 15000000 | G32: =E32+F32 -> 15000000 | H32: 15000000 | I32: 50000000 | J32: =H32+I32 -> 65000000 | L32: =J32+K32 -> 65000000 | M32: 55000000
A33: 1-5101 Market Entrance / Gate Fee | B33: 90000000 | C33: 90000000 | D33: 10000000 | E33: =C33+D33 -> 100000000 | G33: =E33+F33 -> 100000000 | H33: 100000000 | J33: =H33+I33 -> 100000000 | L33: =J33+K33 -> 100000000 | M33: 70000000
A34: 1-5102 Market Plots Rent | B34: 15000000 | C34: 15000000 | D34: 30000000 | E34: =C34+D34 -> 45000000 | G34: =E34+F34 -> 45000000 | H34: 45000000 | J34: =H34+I34 -> 45000000 | L34: =J34+K34 -> 45000000 | M34: 40000000
A35: 1-5201 Enclosed Bus Park Fee(Matatu monthly stickers) | B35: 76000000 | C35: 76000000 | D35: 10000000 | E35: =C35+D35 -> 86000000 | G35: =E35+F35 -> 86000000 | H35: 86000000 | J35: =H35+I35 -> 86000000 | L35: =J35+K35 -> 86000000 | M35: 70000000
A36: Motorcycle parking stickers | B36: 30000000 | C36: 30000000 | D36: 10000000 | E36: =C36+D36 -> 40000000 | G36: =E36+F36 -> 40000000 | H36: 40000000 | I36: 20000000 | J36: =H36+I36 -> 60000000 | L36: =J36+K36 -> 60000000 | M36: 50000000
A37: 1-5221 Street Parking Fee | B37: 50000000 | C37: 50000000 | D37: 16000000 | E37: =C37+D37 -> 66000000 | G37: =E37+F37 -> 66000000 | H37: 66000000 | I37: 20000000 | J37: =H37+I37 -> 86000000 | L37: =J37+K37 -> 86000000 | M37: 70000000
A38: 1-6301 Social Hall Hire | B38: 500000 | C38: 500000 | D38: 2500000 | E38: =C38+D38 -> 3000000 | G38: =E38+F38 -> 3000000 | H38: 3000000 | I38: 7000000 | J38: =H38+I38 -> 10000000 | L38: =J38+K38 -> 10000000 | M38: 7000000
A39: 1-6311 Stadium Hire | B39: 1000000 | C39: 1000000 | D39: 9000000 | E39: =C39+D39 -> 10000000 | G39: =E39+F39 -> 10000000 | H39: 10000000 | I39: 30000000 | J39: =H39+I39 -> 40000000 | L39: =J39+K39 -> 40000000 | M39: 25000000
A40: 1-8401 Slaughter House Fee | B40: 1000000 | C40: 1000000 | D40: 4000000 | E40: =C40+D40 -> 5000000 | G40: =E40+F40 -> 5000000 | H40: 5000000 | J40: =H40+I40 -> 5000000 | L40: =J40+K40 -> 5000000 | M40: 5000000
A41: 1-9112 Buildings Plan Approval Fee | B41: 40000000 | C41: 40000000 | D41: 20000000 | E41: =C41+D41 -> 60000000 | G41: =E41+F41 -> 60000000 | H41: 60000000 | I41: 50000000 | J41: =H41+I41 -> 110000000 | L41: =J41+K41 -> 110000000 | M41: 80000000
A42: 1-9132 Sign Boards & Advertisement Fee | B42: 40000000 | C42: 40000000 | D42: 5000000 | E42: =C42+D42 -> 45000000 | G42: =E42+F42 -> 45000000 | H42: 45000000 | I42: 50000000 | J42: =H42+I42 -> 95000000 | L42: =J42+K42 -> 95000000 | M42: 75000000
A43: 1-9201 Fire-Compliance Fee | B43: 15000000 | C43: 15000000 | D43: 5000000 | E43: =C43+D43 -> 20000000 | G43: =E43+F43 -> 20000000 | H43: 20000000 | J43: =H43+I43 -> 20000000 | L43: =J43+K43 -> 20000000 | M43: 12000000
A44: Administrative fees and charges | B44: 14000000 | C44: 14000000 | D44: 5000000 | E44: =C44+D44 -> 19000000 | G44: =E44+F44 -> 19000000 | H44: 19000000 | J44: =H44+I44 -> 19000000 | L44: =J44+K44 -> 19000000 | M44: 12000000
A45: Disposal of Assets | B45: 10000000 | C45: 10000000 | D45: 2000000 | E45: =C45+D45 -> 12000000 | G45: =E45+F45 -> 12000000 | H45: 12000000 | J45: =H45+I45 -> 12000000 | L45: =J45+K45 -> 12000000 | M45: 8000000
A46: Environmental fees and charges | B46: 5000000 | C46: 5000000 | D46: 15000000 | E46: =C46+D46 -> 20000000 | G46: =E46+F46 -> 20000000 | H46: 20000000 | I46: 30000000 | J46: =H46+I46 -> 50000000 | L46: =J46+K46 -> 50000000 | M46: 38000000
A47: Weights and measures | B47: 1000000 | C47: 1000000 | D47: 5000000 | E47: =C47+D47 -> 6000000 | G47: =E47+F47 -> 6000000 | H47: 6000000 | I47: 10000000 | J47: =H47+I47 -> 16000000 | L47: =J47+K47 -> 16000000 | M47: 10000000
A48: Sale of fingerlings | B48: 1000000 | C48: 1000000 | D48: 5000000 | E48: =C48+D48 -> 6000000 | G48: =E48+F48 -> 6000000 | H48: 6000000 | I48: 5000000 | J48: =H48+I48 -> 11000000 | L48: =J48+K48 -> 11000000 | M48: 8000000
A49: Revenue from Kisii Agricultural Training Centre | B49: 2000000 | C49: 2000000 | D49: 10000000 | E49: =C49+D49 -> 12000000 | G49: =E49+F49 -> 12000000 | H49: 12000000 | I49: 30000000 | J49: =H49+I49 -> 42000000 | L49: =J49+K49 -> 42000000 | M49: 30000000
A50: Revenue from KTRH | E50: 0 | G50: 0 | H50: 1300000000 | J50: =H50+I50 -> 1300000000 | L50: =J50+K50 -> 1300000000 | M50: 1100000000
A51: Facility Improvement Fund (FIF) | E51: 0 | G51: 0 | H51: 400000000 | J51: =H51+I51 -> 400000000 | L51: =J51+K51 -> 400000000 | M51: 360000000
A52: Liquor Licensing Fund | E52: 0 | H52: 50000000 | J52: =H52+I52 -> 50000000 | L52: =J52+K52 -> 50000000 | M52: 50000000
A53: KIWASCO | J53: 0 | K53: 500000000 | L53: =J53+K53 -> 500000000
A54: TOTAL | B54: =SUM(B28:B49) -> 650000000 | C54: =SUM(C28:C49) -> 650000000 | D54: =SUM(D28:D49) -> 215000000 | E54: =SUM(E28:E49) -> 865000000 | F54: =SUM(F28:F49) -> 0 | G54: =SUM(G28:G49) -> 865000000 | H54: =SUM(H28:H52) -> 2615000000 | I54: =SUM(I28:I52) -> 602000000 | J54: =SUM(J28:J52) -> 3217000000 | K54: =SUM(K28:K53) -> 500000000 | L54: =SUM(L28:L53) -> 3717000000 | M54: =SUM(M28:M53) -> 2650000000

Sheet GRAND SUMMARY
A1: SUMMARY OF RECURRENT AND DEVELOPMENT EXPENDITURE-PROPOSED BUDGET FY 2026/27
A2: DEPARTMENT | B2: REVENUE | C2: PERSONEL EMOLUMENTS | D2: TOTAL OPERATIONS AND MAINTENANCE | E2: RECURRENT | F2: DEVELOPMENT | G2: APPROVED REVISED BUDGET 2022/23 | H2: APPROVED REVISED BUDGET 2023/2024 | I2: APPROVED REVISED BUDGET 2024/25 | J2: ADJUSTMENT | K2: APPROVED 2ND REVISED BUDGET FY 2025/26 | L2: PROPOSED BUDGET FY 2026/27
A3: COUNTY ASSEMBLY | C3: ='PEMOLUMENTS SUMMARY'!K24 -> 652341142 | D3: =ASSEMBLY!L206+ASSEMBLY!L81 -> 398802038 | E3: =SUM(C3,D3) -> 1051143180 | F3: =ASSEMBLY!L221 -> 18000000 | G3: ='COUNTY ASSEMBLY'!C246 -> 1509980447 | H3: 1387381974 | I3: 1201360230 | J3: ='SUMMARY DEVELOP.'!E24+'SUMMARY RECURRENT'!E24 -> -84011059 | K3: =SUM(E3:F3) -> 1069143180 | L3: ='SUMMARY DEVELOP.'!L24+'SUMMARY RECURRENT'!L24 -> 1051143180
A4: EXECUTIVE OFFICE OF THE GOVERNOR | C4: ='PEMOLUMENTS SUMMARY'!K3 -> 170000000 | D4: =EXECUTIVE!O180 -> 50403696 | E4: =SUM(C4,D4) -> 220403696 | F4: ='SUMMARY DEVELOP.'!K3 -> 78000000 | G4: =EXECUTIVE!#REF!+'PROJECTS DETAILS'!#REF! -> #REF! | H4: 553146720 | I4: =SUM(E4:F4) -> 298403696 | J4: ='SUMMARY DEVELOP.'!E3+'SUMMARY RECURRENT'!E3 -> 6000000 | K4: =SUM(E4:F4) -> 298403696 | L4: ='SUMMARY DEVELOP.'!L3+'SUMMARY RECURRENT'!L3 -> 224885050
A5: COUNTY PUBLIC SERVICE BOARD | C5: 0 | D5: =CPSB!O67 -> 14370000 | E5: =SUM(C5,D5) -> 14370000 | F5: 0 | G5: =CPSB!#REF! -> #REF! | H5: 18329000 | I5: =SUM(E5:F5) -> 14370000 | J5: ='SUMMARY DEVELOP.'!E4+'SUMMARY RECURRENT'!E4 -> 0 | K5: =SUM(E5:F5) -> 14370000 | L5: ='SUMMARY RECURRENT'!L4 -> 30229900
A6: OFFICE OF THE COUNTY ATTORNEY | C6: ='OFFICE OF THE COUNTY ATTORNEY'!P16 -> 30000000 | D6: ='OFFICE OF THE COUNTY ATTORNEY'!P83 -> 37000000 | E6: =SUM(C6,D6) -> 67000000 | F6: 0 | I6: 0 | J6: 0 | K6: =SUM(E6:F6) -> 67000000 | L6: ='OFFICE OF THE COUNTY ATTORNEY'!Q84 -> 70000000
A7: PUBLIC SERVICE AND COUNTY ADMINISTRATION | C7: =ADMINISTRATION!O15 -> 403820424 | D7: =ADMINISTRATION!O134 -> 92422139 | E7: =SUM(C7:D7) -> 496242563 | F7: ='SUMMARY DEVELOP.'!K6 -> 393319120 | G7: 462546797 | H7: 557933501 | I7: =SUM(E7:F7) -> 889561683 | J7: ='SUMMARY DEVELOP.'!E6+'SUMMARY RECURRENT'!E6 -> 0 | K7: =SUM(E7:F7) -> 889561683 | L7: ='SUMMARY DEVELOP.'!L6+'SUMMARY RECURRENT'!L6 -> 639425643
A8: PUBLIC PARTICIPATION, DISASTER SERVICES AND SPECIAL PROGRAMMES | C8: ='PEMOLUMENTS SUMMARY'!K7 -> 46179576 | D8: =STAKEHOLDER!O90 -> 7170000 | E8: =SUM(C8:D8) -> 53349576 | F8: ='SUMMARY DEVELOP.'!K7 -> 0 | G8: ='PROJECTS DETAILS'!#REF!+STAKEHOLDER!#REF! -> #REF! | H8: 79853018 | I8: =SUM(E8:F8) -> 53349576 | J8: ='SUMMARY DEVELOP.'!E7+'SUMMARY RECURRENT'!E7 -> 0 | K8: =SUM(E8:F8) -> 53349576 | L8: ='SUMMARY DEVELOP.'!L7+'SUMMARY RECURRENT'!L7 -> 55149576
A9: FINANCE, ACCOUNTING SERVICES AND REVENUE MANAGEMENT | B9: =Revenue!M25 -> 17098096082 | C9: ='PEMOLUMENTS SUMMARY'!K8 -> 480136160 | D9: =FINANCE!O224 -> 896780103 | E9: =SUM(C9:D9) -> 1376916263 | F9: ='SUMMARY DEVELOP.'!J8 -> 0 | G9: =FINANCE!#REF! -> #REF! | H9: 938339170 | I9: =SUM(E9:F9) -> 1376916263 | J9: ='SUMMARY DEVELOP.'!E8+'SUMMARY RECURRENT'!E8 -> 120219135 | K9: =SUM(E9:F9) -> 1376916263 | L9: ='SUMMARY DEVELOP.'!L8+'SUMMARY RECURRENT'!L8 -> 1185840916
A10: ECONOMIC PLANNING AND ICT SERVICES | C10: ='PEMOLUMENTS SUMMARY'!K9 -> 72863840 | D10: =PLANNING!O176 -> 50855802 | E10: =SUM(C10:D10) -> 123719642 | F10: ='SUMMARY DEVELOP.'!K9 -> 10000000 | G10: 165091154 | H10: 309563828 | I10: =SUM(E10:F10) -> 133719642 | J10: ='SUMMARY DEVELOP.'!E9+'SUMMARY RECURRENT'!E9 -> #REF! | K10: =SUM(E10:F10) -> 133719642 | L10: ='SUMMARY DEVELOP.'!L9+'SUMMARY RECURRENT'!L9 -> 168918840
A11: AGRICULTURE AND COOPERATIVES DEVELOPMENT | C11: ='PEMOLUMENTS SUMMARY'!K10 -> 168975432 | D11: ='AGRIC & COOP'!M205 -> 36740000 | E11: =SUM(C11:D11) -> 205715432 | F11: ='SUMMARY DEVELOP.'!K10 -> 306030338 | G11: 365911128 | H11: 782115201 | I11: =SUM(E11:F11) -> 511745770 | J11: ='SUMMARY DEVELOP.'!E10+'SUMMARY RECURRENT'!E10 -> #REF! | K11: =SUM(E11:F11) -> 511745770 | L11: ='SUMMARY DEVELOP.'!L10+'SUMMARY RECURRENT'!L10 -> 1258884121
A12: FISHERIES, LIVESTOCK AND VETERINARY SERVICES | C12: ='PEMOLUMENTS SUMMARY'!K11 -> 101024568 | D12: ='LIVESTOCK & VET'!O140 -> 3450000 | E12: =SUM(C12:D12) -> 104474568 | F12: ='SUMMARY DEVELOP.'!K11 -> 490481216 | G12: 437961003 | H12: 260959880 | I12: =SUM(E12:F12) -> 594955784 | J12: ='SUMMARY DEVELOP.'!#REF!+'SUMMARY RECURRENT'!#REF! -> #REF! | K12: =SUM(E12:F12) -> 594955784 | L12: ='SUMMARY DEVELOP.'!L11+'SUMMARY RECURRENT'!L11 -> 221674568
A13: WATER, ENVIRONMENT, NATURAL RESOURCES, ENERGY AND CLIMATE CHANGE | C13: ='PEMOLUMENTS SUMMARY'!K12 -> 70000000 | D13: ='WATER, ENERGY, ENVIRONMENT AND '!O108 -> 562886382 | E13: =SUM(C13:D13) -> 632886382 | F13: ='SUMMARY DEVELOP.'!K12 -> 1348545087 | G13: 290604377 | H13: 692385883 | I13: =SUM(E13:F13) -> 1981431469 | J13: ='SUMMARY DEVELOP.'!E12+'SUMMARY RECURRENT'!E12 -> #REF! | K13: =SUM(E13:F13) -> 1981431469 | L13: ='SUMMARY DEVELOP.'!L12+'SUMMARY RECURRENT'!L12+'SUMMARY RECURRENT'!L13+'SUMMARY DEVELOP.'!L13 -> 1665597322
A14: EDUCATION,TECHNICAL TRAINING & INNOVATION | C14: ='PEMOLUMENTS SUMMARY'!K14 -> 450000000 | D14: =EDUCATION!O96 -> 947175000 | E14: =SUM(C14:D14) -> 1397175000 | F14: ='SUMMARY DEVELOP.'!K14 -> 552056943 | G14: 723526775 | H14: 1153917270 | I14: =SUM(E14:F14) -> 1949231943 | J14: ='SUMMARY DEVELOP.'!E14+'SUMMARY RECURRENT'!E14 -> #REF! | K14: =SUM(E14:F14) -> 1949231943 | L14: ='SUMMARY DEVELOP.'!L14+'SUMMARY RECURRENT'!L14 -> 1128054356
A15: MEDICAL SERVICES, PUBLIC HEALTH AND SANITATION | C15: ='PEMOLUMENTS SUMMARY'!K15 -> 3341358145 | D15: =SUM(MEDICAL!O306,MEDICAL!O212,MEDICAL!O109)+'PUBLIC HEALTH'!O95 -> 2287709262 | E15: =SUM(C15:D15) -> 5629067407 | F15: ='SUMMARY DEVELOP.'!K15 -> 861199314 | G15: =3731518798+29750000 -> 3761268798 | H15: 3957430185 | I15: =SUM(E15:F15) -> 6490266721 | J15: ='SUMMARY DEVELOP.'!E15+'SUMMARY DEVELOP.'!E16+'SUMMARY RECURRENT'!E15+'SUMMARY RECURRENT'!E16 -> 3145200 | K15: =SUM(E15:F15) -> 6490266721 | L15: ='SUMMARY DEVELOP.'!L15+'SUMMARY RECURRENT'!L15+'PUBLIC HEALTH'!P95 -> 7267566821
A16: LANDS, PHYSICAL PLANNING , HOUSING AND URBAN DEVELOPMENT | C16: ='PEMOLUMENTS SUMMARY'!K17 -> 75700000 | D16: =LANDS!O124 -> 347770006 | E16: =SUM(C16:D16) -> 423470006 | F16: ='SUMMARY DEVELOP.'!K17 -> 369190088 | G16: 235747982 | H16: 355795336 | I16: =SUM(E16:F16) -> 792660094 | J16: ='SUMMARY DEVELOP.'!E17+'SUMMARY RECURRENT'!E17 -> -32000000 | K16: =SUM(E16:F16) -> 792660094 | L16: ='SUMMARY DEVELOP.'!L17+'SUMMARY RECURRENT'!L17 -> 350781692
A17: ROADS & INFRASTRUCTURE | C17: ='PEMOLUMENTS SUMMARY'!K18 -> 91900000 | D17: =ROADS!O83 -> 48628464 | E17: =SUM(C17:D17) -> 140528464 | F17: ='SUMMARY DEVELOP.'!K18 -> 2203142419 | G17: =806552927+144500312 -> 951053239 | H17: 1292971559 | I17: =SUM(E17:F17) -> 2343670883 | J17: ='SUMMARY DEVELOP.'!E18+'SUMMARY RECURRENT'!E18 -> 3195826 | K17: =SUM(E17:F17) -> 2343670883 | L17: ='SUMMARY DEVELOP.'!L18+'SUMMARY RECURRENT'!L18 -> 773951573
A18: PUBLIC WORKS | C18: ='PEMOLUMENTS SUMMARY'!K19 -> 58100000 | D18: ='PUBLIC WORKS'!O71 -> 21072750 | E18: =SUM(C18:D18) -> 79172750 | F18: ='SUMMARY DEVELOP.'!K19 -> 66736125 | I18: =SUM(E18:F18) -> 145908875 | J18: ='SUMMARY DEVELOP.'!E19+'SUMMARY RECURRENT'!E19 -> 0 | K18: =SUM(E18:F18) -> 145908875 | L18: ='SUMMARY DEVELOP.'!L19+'SUMMARY RECURRENT'!L19 -> 126048427
A19: TRADE,TOURISM, INDUSTRY AND MARKETING | C19: ='PEMOLUMENTS SUMMARY'!K20 -> 65000000 | D19: =TRADE!O259 -> 14263042 | E19: =SUM(C19:D19) -> 79263042 | F19: ='SUMMARY DEVELOP.'!K20 -> 492920820 | G19: =SUM('PROJECTS DETAILS'!#REF!,TRADE!#REF!) -> #REF! | H19: 378548147 | I19: =SUM(E19:F19) -> 572183862 | J19: ='SUMMARY DEVELOP.'!E20+'SUMMARY RECURRENT'!E20 -> 75344194 | K19: =SUM(E19:F19) -> 572183862 | L19: ='SUMMARY DEVELOP.'!L20+'SUMMARY RECURRENT'!L20 -> 264856138
A20: YOUTH ,SPORTS, CULTURE, ARTS AND SOCIAL SERVICES | C20: ='PEMOLUMENTS SUMMARY'!K21 -> 70000000 | D20: =CULTURE!O173 -> 111630345 | E20: =SUM(C20:D20) -> 181630345 | F20: ='SUMMARY DEVELOP.'!K21 -> 87401048 | G20: =SUM('PROJECTS DETAILS'!#REF!,CULTURE!#REF!) -> #REF! | H20: 208717320 | I20: =SUM(E20:F20) -> 269031393 | J20: ='SUMMARY DEVELOP.'!E21+'SUMMARY RECURRENT'!E20 -> 75344194 | K20: =SUM(E20:F20) -> 269031393 | L20: ='SUMMARY DEVELOP.'!L21+'SUMMARY RECURRENT'!L21 -> 262321393
A21: KISII MUNICIPALITY | C21: ='PEMOLUMENTS SUMMARY'!K22 -> 91602484 | D21: ='KISII MUNICIPALITY'!O101 -> 47437337 | E21: =SUM(C21:D21) -> 139039821 | F21: ='SUMMARY DEVELOP.'!K22 -> 420548912 | G21: =SUM('PROJECTS DETAILS'!#REF!,'KISII MUNICIPALITY'!#REF!) -> #REF! | H21: 272361200 | I21: =SUM(E21:F21) -> 559588733 | J21: ='SUMMARY DEVELOP.'!E22+'SUMMARY RECURRENT'!E22 -> 0 | K21: =SUM(E21:F21) -> 559588733 | L21: ='SUMMARY DEVELOP.'!L22+'SUMMARY RECURRENT'!L22 -> 318577984
A22: OGEMBO MUNICIPALITY | C22: ='PEMOLUMENTS SUMMARY'!K23 -> 4300000 | D22: ='OGEMBO MUNICIPALITY '!O134 -> 8485175 | E22: =SUM(C22:D22) -> 12785175 | F22: ='SUMMARY DEVELOP.'!K23 -> 32875102 | G22: =SUM('PROJECTS DETAILS'!#REF!,'OGEMBO MUNICIPALITY '!#REF!) -> #REF! | H22: 60372692 | I22: =SUM(E22:F22) -> 45660277 | J22: ='SUMMARY DEVELOP.'!E23+'SUMMARY RECURRENT'!E23 -> 13985175 | K22: =SUM(E22:F22) -> 45660277 | L22: ='SUMMARY DEVELOP.'!L23+'SUMMARY RECURRENT'!L23 -> 34188582
A23: TOTAL | B23: =SUM(B3:B21) -> 17098096082 | C23: =SUM(C3:C22) -> 6443301771 | D23: =SUM(D3:D22) -> 5985051541 | E23: =SUM(E3:E22) -> 12428353312 | F23: =SUM(F3:F22) -> 7730446532 | G23: =SUM(G3:G22) -> #REF! | H23: =SUM(H3:H22) -> 13260121884 | I23: =SUM(I3:I22) -> 20224016894 | J23: =SUM(J3:J22) -> #REF! | ... L23: =SUM(L3:L22) -> 17098096082
A24: SURPLUS/DEFICIT | F24: ='SUMMARY DEVELOP.'!K25-F23 -> 0 | I24: =B23-L23 -> 0 | L24: =B23-L23 -> 0
A25: Development Ratio | L25: ='SUMMARY DEVELOP.'!L25/L23 -> 0.32114109

Sheet SUMMARY DEVELOP.
A1: SUMMARY OF DEVELOPMENT EXPENDITURE FY2026/27-PROPOSED BUDGET
B2: DEPARTMENT | C2: APPROVED REVISED BUDGET 2023/24 | D2: APPROVED 1ST REVISED BUDGET 2024/2025 | E2: ADJUSTMENTS | F2: APPROVED 2ND REVISED BUDGET 2024/2025 | G2: APPROVED BUDGET FY 2025/26 | H2: ADJUSTMENT | I2: APPROVED REVISED BUDGET FY 2025/26 | J2: ADJUSTMENT | K2: APPROVED 2ND REVISED BUDGET FY 2025/26 | L2: PROPOSED BUDGET FY 2026/27
A3: 1 | B3: EXECUTIVE OFFICE OF THE GOVERNOR | C3: ='PROJECTS DETAILS'!F9 -> 140000000 | D3: ='PROJECTS DETAILS'!I9 -> 282000000 | E3: ='PROJECTS DETAILS'!J9 -> 0 | F3: =SUM(D3:E3) -> 282000000 | G3: ='PROJECTS DETAILS'!L9 -> 200000000 | H3: ='PROJECTS DETAILS'!M9 -> 0 | I3: =SUM(G3:H3) -> 200000000 | J3: ='PROJECTS DETAILS'!O9 -> -122000000 | K3: =SUM(I3:J3) -> 78000000 | L3: ='PROJECTS DETAILS'!Q9 -> 32000000
A4: 2 | B4: PUBLIC SERVICE BOARD | C4: 0 | D4: 0 | E4: 0 | F4: =SUM(D4:E4) -> 0 | G4: 0 | H4: 0 | I4: =SUM(G4:H4) -> 0 | J4: 0 | K4: =SUM(I4:J4) -> 0 | L4: =SUM(J4:K4) -> 0
A5: 3 | B5: OFFICE OF THE COUNTY ATTORNEY | D5: 0 | G5: 0 | H5: 0 | I5: =SUM(G5:H5) -> 0 | J5: 0 | K5: =SUM(I5:J5) -> 0 | L5: 0
A6: 4 | B6: PUBLIC SERVICE AND COUNTY ADMINISTRATION | C6: ='PROJECTS DETAILS'!F49 -> 40846072 | D6: ='PROJECTS DETAILS'!I49 -> 28257447 | E6: ='PROJECTS DETAILS'!J49 -> 0 | F6: =SUM(D6:E6) -> 28257447 | G6: ='PROJECTS DETAILS'!L49 -> 35186540 | H6: ='PROJECTS DETAILS'!M49 -> 362000000 | I6: =SUM(G6:H6) -> 397186540 | J6: ='PROJECTS DETAILS'!O49 -> -3867420 | K6: =SUM(I6:J6) -> 393319120 | L6: ='PROJECTS DETAILS'!Q49 -> 192186540
A7: 5 | B7: PUBLIC PARTICIPATION, DISASTER SERVICES AND SPECIAL PROGRAMMES | C7: ='PROJECTS DETAILS'!F60 -> 26000000 | D7: ='PROJECTS DETAILS'!I60 -> 6200000 | E7: ='PROJECTS DETAILS'!J60 -> 0 | F7: =SUM(D7:E7) -> 6200000 | G7: ='PROJECTS DETAILS'!L60 -> 0 | H7: ='PROJECTS DETAILS'!M60 -> 50000000 | I7: =SUM(G7:H7) -> 50000000 | J7: ='PROJECTS DETAILS'!O60 -> -50000000 | K7: =SUM(I7:J7) -> 0 | L7: ='PROJECTS DETAILS'!Q60 -> 5000000
A8: 6 | B8: FINANCE AND ACCOUNTING SERVICES | C8: 0 | D8: 0 | E8: 0 | F8: =SUM(D8:E8) -> 0 | G8: 0 | H8: 0 | I8: =SUM(G8:H8) -> 0 | J8: 0 | K8: =SUM(I8:J8) -> 0 | L8: 0
A9: 7 | B9: ECONOMIC PLANNING | C9: ='PROJECTS DETAILS'!F83 -> 93500000 | D9: ='PROJECTS DETAILS'!I83 -> 114307271 | E9: ='PROJECTS DETAILS'!J83 -> -70039172 | F9: =SUM(D9:E9) -> 44268099 | G9: ='PROJECTS DETAILS'!L83 -> 3000000 | H9: ='PROJECTS DETAILS'!M83 -> 34146422 | I9: =SUM(G9:H9) -> 37146422 | J9: ='PROJECTS DETAILS'!O83 -> -27146422 | K9: =SUM(I9:J9) -> 10000000 | L9: ='PROJECTS DETAILS'!Q83 -> 10000000
A10: 8 | B10: AGRICULTURE AND CO-OPERATIVE DEVELOPMENT | C10: ='PROJECTS DETAILS'!F173 -> #REF! | D10: ='PROJECTS DETAILS'!I173 -> #REF! | E10: ='PROJECTS DETAILS'!J173 -> #REF! | F10: =SUM(D10:E10) -> #REF! | G10: ='PROJECTS DETAILS'!L173 -> 306030338 | H10: ='PROJECTS DETAILS'!M173 -> 0 | I10: =SUM(G10:H10) -> 306030338 | J10: ='PROJECTS DETAILS'!O173 -> 0 | K10: =SUM(I10:J10) -> 306030338 | L10: =SUM('PROJECTS DETAILS'!Q173) -> 587798954
A11: 9 | B11: FISHERIES, LIVESTOCK AND VETERINARY SERVICES | C11: ='PROJECTS DETAILS'!F231 -> 0 | D11: ='PROJECTS DETAILS'!I231 -> 0 | E11: ='PROJECTS DETAILS'!J231 -> 0 | F11: =SUM(D11:E11) -> 0 | G11: ='PROJECTS DETAILS'!L229 -> 70230650 | H11: ='PROJECTS DETAILS'!M229 -> 446237966 | I11: =SUM(G11:H11) -> 516468616 | J11: ='PROJECTS DETAILS'!O229 -> -25987400 | K11: =SUM(I11:J11) -> 490481216 | L11: ='PROJECTS DETAILS'!Q229 -> 85450000
A12: 10 | B12: WATER AND SANITATION SERVICES | C12: ='PROJECTS DETAILS'!F739 -> #REF! | D12: ='PROJECTS DETAILS'!I739 -> #REF! | E12: ='PROJECTS DETAILS'!J739 -> #REF! | F12: ='PROJECTS DETAILS'!K739 -> 733678034 | G12: ='PROJECTS DETAILS'!L739 -> 1450692336 | H12: ='PROJECTS DETAILS'!M739 -> -16147249 | I12: =SUM(G12:H12) -> 1434545087 | J12: ='PROJECTS DETAILS'!O739 -> -86000000 | K12: =SUM(I12:J12) -> 1348545087 | L12: ='PROJECTS DETAILS'!Q739 -> 1537810940
A13: 11 | B13: ENERGY, ENVIRONMENT AND NATURAL RESOURCES | C13: 0 | D13: 0 | E13: 0 | F13: =SUM(D13:E13) -> 0 | G13: 0 | H13: 0 | I13: =SUM(G13:H13) -> 0 | J13: 0 | K13: =SUM(I13:J13) -> 0 | L13: 0
A14: 12 | B14: EDUCATION,TECHNICAL TRAINING & INNOVATION | C14: ='PROJECTS DETAILS'!F1169 -> #REF! | D14: ='PROJECTS DETAILS'!I1169 -> #REF! | E14: ='PROJECTS DETAILS'!J1169 -> #REF! | F14: ='PROJECTS DETAILS'!K1169 -> 19574000 | G14: ='PROJECTS DETAILS'!L1169 -> 453456873 | H14: ='PROJECTS DETAILS'!M1169 -> 104100070 | I14: =SUM(G14:H14) -> 557556943 | J14: ='PROJECTS DETAILS'!O1169 -> -5500000 | K14: =SUM(I14:J14) -> 552056943 | L14: =SUM('PROJECTS DETAILS'!Q1169) -> 269519356
A15: 13 | B15: MEDICAL SERVICES | C15: 608228878 | D15: ='PROJECTS DETAILS'!I1481 -> 515525654 | E15: ='PROJECTS DETAILS'!J1481 -> 2000000 | F15: =SUM(D15:E15) -> 517525654 | G15: ='PROJECTS DETAILS'!L1481 -> 882078035 | H15: ='PROJECTS DETAILS'!M1481 -> 41221279 | I15: =SUM(G15:H15) -> 923299314 | J15: ='PROJECTS DETAILS'!O1481 -> -62100000 | K15: =SUM(I15:J15) -> 861199314 | L15: =SUM('PROJECTS DETAILS'!Q1481) -> 1406299314
A16: 14 | B16: PUBLIC HEALTH & SANITATION | C16: 0 | D16: 0 | E16: 0 | F16: =SUM(D16:E16) -> 0 | G16: 0 | H16: 0 | I16: =SUM(G16:H16) -> 0 | J16: 0 | K16: =SUM(I16:J16) -> 0 | L16: 0
A17: 15 | B17: LANDS AND PHYSICAL PLANNING | C17: ='PROJECTS DETAILS'!F1590 -> 100100000 | D17: ='PROJECTS DETAILS'!I1590 -> 153200000 | E17: ='PROJECTS DETAILS'!J1590 -> 0 | F17: =SUM(D17:E17) -> 153200000 | G17: ='PROJECTS DETAILS'!L1590 -> 192690088 | H17: ='PROJECTS DETAILS'!M1590 -> 228000000 | I17: =SUM(G17:H17) -> 420690088 | J17: ='PROJECTS DETAILS'!O1590 -> -51500000 | K17: =SUM(I17:J17) -> 369190088 | L17: =SUM('PROJECTS DETAILS'!Q1590) -> 94503308
A18: 16 | B18: ROADS & INFRASTRUCTURE | C18: ='PROJECTS DETAILS'!F1956 -> #REF! | D18: ='PROJECTS DETAILS'!I1945 -> 1.0294709e+09 | E18: ='PROJECTS DETAILS'!J1945 -> 2969626 | F18: =SUM(D18:E18) -> 1.0324405e+09 | G18: ='PROJECTS DETAILS'!L1946 -> 2320249755 | H18: ='PROJECTS DETAILS'!M1946 -> 376899464 | I18: =SUM(G18:H18) -> 2697149219 | J18: ='PROJECTS DETAILS'!O1946 -> -494006800 | K18: =SUM(I18:J18) -> 2203142419 | L18: ='PROJECTS DETAILS'!Q1946 -> 647228763
A19: 17 | B19: PUBLIC WORKS | C19: 0 | D19: ='PROJECTS DETAILS'!I1955 -> 45000000 | E19: ='PROJECTS DETAILS'!J1955 -> 0 | F19: =SUM(D19:E19) -> 45000000 | G19: ='PROJECTS DETAILS'!L1955 -> 43736125 | H19: ='PROJECTS DETAILS'!M1955 -> 37000000 | I19: =SUM(G19:H19) -> 80736125 | J19: ='PROJECTS DETAILS'!O1955 -> -14000000 | K19: =SUM(I19:J19) -> 66736125 | L19: =SUM('PROJECTS DETAILS'!Q1955) -> 52448427
A20: 18 | B20: TRADE,TOURISM, INDUSTRY AND MARKETING | C20: ='PROJECTS DETAILS'!F2114 -> 19821370 | D20: ='PROJECTS DETAILS'!I2114 -> 351231950 | E20: ='PROJECTS DETAILS'!J2114 -> 0 | F20: =SUM(D20:E20) -> 351231950 | G20: ='PROJECTS DETAILS'!L2114 -> 497732663 | H20: ='PROJECTS DETAILS'!M2114 -> 30191005 | I20: =SUM(G20:H20) -> 527923668 | J20: ='PROJECTS DETAILS'!O2114 -> -35002848 | K20: =SUM(I20:J20) -> 492920820 | L20: ='PROJECTS DETAILS'!Q2114 -> 184211706
A21: 19 | B21: YOUTH ,SPORTS, CULTURE, ARTS AND SOCIAL SERVICES | C21: ='PROJECTS DETAILS'!F2189 -> #REF! | D21: ='PROJECTS DETAILS'!I2189 -> 136000000 | E21: ='PROJECTS DETAILS'!J2189 -> 0 | F21: =SUM(D21:E21) -> 136000000 | G21: ='PROJECTS DETAILS'!L2189 -> 262901048 | H21: ='PROJECTS DETAILS'!M2189 -> -115000000 | I21: =SUM(G21:H21) -> 147901048 | J21: ='PROJECTS DETAILS'!O2189 -> -60500000 | K21: =SUM(I21:J21) -> 87401048 | L21: =SUM('PROJECTS DETAILS'!Q2189) -> 167901048
A22: 20 | B22: KISII MUNICIPALITY | C22: ='PROJECTS DETAILS'!F2217 -> 30258712 | D22: ='PROJECTS DETAILS'!I2217 -> 211251730 | E22: ='PROJECTS DETAILS'!J2217 -> 0 | F22: =SUM(D22:E22) -> 211251730 | G22: ='PROJECTS DETAILS'!L2217 -> 401325016 | H22: ='PROJECTS DETAILS'!M2217 -> 50216914 | I22: =SUM(G22:H22) -> 451541930 | J22: ='PROJECTS DETAILS'!O2217 -> -30993018 | K22: =SUM(I22:J22) -> 420548912 | L22: =SUM('PROJECTS DETAILS'!Q2217) -> 201542912
A23: 21 | B23: OGEMBO MUNICIPALITY | C23: ='PROJECTS DETAILS'!F2230 -> 8000000 | D23: ='PROJECTS DETAILS'!I2230 -> 20000000 | E23: ='PROJECTS DETAILS'!J2230 -> 0 | F23: ='PROJECTS DETAILS'!I2230 -> 20000000 | G23: ='PROJECTS DETAILS'!L2230 -> 59100000 | H23: ='PROJECTS DETAILS'!M2230 -> -11224898 | I23: =SUM(G23:H23) -> 47875102 | J23: ='PROJECTS DETAILS'!O2230 -> -15000000 | K23: =SUM(I23:J23) -> 32875102 | L23: ='PROJECTS DETAILS'!Q2230 -> 17000000
A24: 22 | B24: COUNTY ASSEMBLY | C24: 154491231 | D24: =ASSEMBLY!E221 -> 76722235 | E24: =ASSEMBLY!F221 -> -41242609 | F24: =SUM(D24:E24) -> 35479626 | G24: =ASSEMBLY!H221 -> 18000000 | H24: =ASSEMBLY!I221 -> 0 | I24: =SUM(G24:H24) -> 18000000 | J24: =ASSEMBLY!K221 -> 0 | K24: =SUM(I24:J24) -> 18000000 | L24: =ASSEMBLY!M221 -> 0
B25: TOTAL | C25: =SUM(C3:C24) -> #REF! | D25: =SUM(D3:D24) -> #REF! | E25: =SUM(E3:E24) -> #REF! | F25: =SUM(F3:F24) -> #REF! | G25: =SUM(G3:G24) -> 7196409467 | H25: =SUM(H3:H24) -> 1617640973 | I25: =SUM(I3:I24) -> 8814050440 | J25: =SUM(J3:J24) -> -1083603908 | ... L25: =SUM(L3:L24) -> 5490901268
B29: Recurrent+Dev | G29: =G25+'SUMMARY RECURRENT'!G25 -> #REF! | I29: =I25+'SUMMARY RECURRENT'!I25 -> #REF! | K29: =K25+'SUMMARY RECURRENT'!K25 -> 20160899844 | L29: =L25+'SUMMARY RECURRENT'!L25 -> 17098096082
B30: Total Budget | G30: ='GRAND SUMMARY'!L23 -> 17098096082 | I30: ='GRAND SUMMARY'!#REF! -> #REF! | K30: ='GRAND SUMMARY'!#REF! -> #REF! | L30: ='GRAND SUMMARY'!#REF! -> #REF!
G31: =G29-G30 -> #REF! | I31: =I29-I30 -> #REF! | K31: =K29-K30 -> #REF! | L31: =L29-L30 -> #REF!
A32: Development Ratio | L32: =L25/'GRAND SUMMARY'!L23 -> 0.32114109
H33: =H25+'SUMMARY RECURRENT'!H25 -> #REF!
H34: ='GRAND SUMMARY'!#REF!-'SUMMARY DEVELOP.'!H33 -> #REF! | K34: =K32-K33 -> 0

Sheet SUMMARY RECURRENT
A1: SUMMARY OF RECURRENT EXPENDITURE FY2026/27 PROPOSED BUDGET
B2: DEPARTMENT | C2: APPROVED REVISED BUDGET 2023/24 | D2: APPROVED 1ST REVISED BUDGET 2024/2025 | E2: ADJUSTMENTS | F2: APPROVED 2ND REVISED BUDGET 2024/2025 | G2: APPROVED BUDGET FY 2025/26 | H2: ADJUSTMENT | I2: APPROVED REVISED BUDGET FY 2025/26 | J2: ADJUSTMENT | K2: APPROVED 2ND REVISED BUDGET FY 2025/26 | L2: PROPOSED BUDGET FY 2026/27
A3: 1 | B3: EXECUTIVE OFFICE OF THE GOVERNOR | C3: =EXECUTIVE!C181 -> 385526720 | D3: =EXECUTIVE!H181 -> 3.473504e+08 | E3: =EXECUTIVE!I181 -> 6000000 | F3: =D3+E3 -> 3.533504e+08 | G3: =EXECUTIVE!K181 -> 548744950 | H3: =EXECUTIVE!L181 -> -110500000 | I3: =SUM(G3:H3) -> 438244950 | J3: =EXECUTIVE!N181 -> -217841254 | K3: =SUM(I3:J3) -> 220403696 | L3: =EXECUTIVE!P181 -> 192885050
A4: 2 | B4: PUBLIC SERVICE BOARD | C4: =CPSB!C67 -> 7460000 | D4: =CPSB!H67 -> 7929917 | E4: =CPSB!I67 -> 0 | F4: =D4+E4 -> 7929917 | G4: =CPSB!K67 -> 14870000 | H4: =CPSB!L67 -> 0 | I4: =SUM(G4:H4) -> 14870000 | J4: =CPSB!N67 -> -500000 | K4: =SUM(I4:J4) -> 14370000 | L4: =CPSB!P67 -> 30229900
A5: 3 | B5: OFFICE OF THE COUNTY ATTORNEY | D5: 0 | G5: ='OFFICE OF THE COUNTY ATTORNEY'!L84 -> 60000000 | H5: ='OFFICE OF THE COUNTY ATTORNEY'!M84 -> 7000000 | I5: =SUM(G5:H5) -> 67000000 | J5: ='OFFICE OF THE COUNTY ATTORNEY'!O84 -> 0 | K5: =SUM(I5:J5) -> 67000000 | L5: =SUM('OFFICE OF THE COUNTY ATTORNEY'!Q84) -> 70000000
A6: 4 | B6: PUBLIC SERVICE AND COUNTY ADMINISTRATION | C6: =ADMINISTRATION!C135 -> 479773964 | D6: =ADMINISTRATION!H135 -> 522122232 | E6: =ADMINISTRATION!I135 -> 0 | F6: =D6+E6 -> 522122232 | G6: =ADMINISTRATION!K135 -> 620727563 | H6: =ADMINISTRATION!L135 -> -90200000 | I6: =SUM(G6:H6) -> 530527563 | J6: =ADMINISTRATION!N135 -> -34285000 | K6: =SUM(I6:J6) -> 496242563 | L6: =SUM(ADMINISTRATION!P135) -> 447239103
A7: 5 | B7: PUBLIC PARTICIPATION, DISASTER SERVICES AND SPECIAL PROGRAMMES | C7: =STAKEHOLDER!C91 -> 110353018 | D7: =STAKEHOLDER!H93 -> 83321480 | E7: =STAKEHOLDER!I93 -> 0 | F7: =D7+E7 -> 83321480 | G7: =STAKEHOLDER!K93 -> 53349576 | H7: =STAKEHOLDER!L93 -> 0 | I7: =SUM(G7:H7) -> 53349576 | J7: =STAKEHOLDER!N93 -> 0 | K7: =SUM(I7:J7) -> 53349576 | L7: =SUM(STAKEHOLDER!P93) -> 50149576
A8: 6 | B8: FINANCE AND ACCOUNTING SERVICES | C8: =FINANCE!C225 -> 962189170 | D8: =FINANCE!H225 -> 900249288 | E8: =FINANCE!I225 -> 120219135 | F8: =D8+E8 -> 1020468423 | G8: =FINANCE!K225 -> 1208186160 | H8: =FINANCE!L225 -> -22563631 | I8: =SUM(G8:H8) -> 1185622529 | J8: =FINANCE!N225 -> 191293734 | K8: =SUM(I8:J8) -> 1376916263 | L8: =SUM(FINANCE!P225) -> 1185840916
A9: 7 | B9: ECONOMIC PLANNING | C9: =PLANNING!C177 -> #REF! | D9: =PLANNING!H177 -> #REF! | E9: =PLANNING!I177 -> #REF! | F9: =D9+E9 -> #REF! | G9: =PLANNING!K177 -> #REF! | H9: =PLANNING!L177 -> #REF! | I9: =SUM(G9:H9) -> #REF! | J9: =PLANNING!N177 -> #REF! | K9: =PLANNING!O177 -> 123719642 | L9: =SUM(PLANNING!P177) -> 158918840
A10: 8 | B10: AGRICULTURE AND CO-OPERATIVE DEVELOPMENT | C10: ='AGRIC & COOP'!C206 -> 202025432 | D10: ='AGRIC & COOP'!F206 -> 177851929 | E10: ='AGRIC & COOP'!G206 -> 989400 | F10: =D10+E10 -> 178841329 | G10: ='AGRIC & COOP'!I206 -> 177715432 | H10: ='AGRIC & COOP'!J206 -> 0 | I10: =SUM(G10:H10) -> 177715432 | J10: ='AGRIC & COOP'!L206 -> 28000000 | K10: =SUM(I10:J10) -> 205715432 | L10: =SUM('AGRIC & COOP'!N206) -> 671085167
A11: 9 | B11: FISHERIES, LIVESTOCK AND VETERINARY SERVICES | C11: ='LIVESTOCK & VET'!C144 -> 0 | D11: ='LIVESTOCK & VET'!H144 -> 0 | E11: ='LIVESTOCK & VET'!I144 -> 0 | F11: =D11+E11 -> 0 | G11: ='LIVESTOCK & VET'!K142 -> 111577817 | H11: ='LIVESTOCK & VET'!L142 -> -2043503 | I11: =SUM(G11:H11) -> 109534314 | J11: ='LIVESTOCK & VET'!N142 -> -5059746 | K11: =SUM(I11:J11) -> 104474568 | L11: =SUM('LIVESTOCK & VET'!P142) -> 136224568
A12: 10 | B12: WATER AND SANITATION SERVICES | C12: ='WATER, ENERGY, ENVIRONMENT AND '!C109 -> 127295000 | D12: ='WATER, ENERGY, ENVIRONMENT AND '!H109 -> 125282022 | E12: ='WATER, ENERGY, ENVIRONMENT AND '!I109 -> 920200 | F12: =D12+E12 -> 126202222 | G12: ='WATER, ENERGY, ENVIRONMENT AND '!K109 -> 108686382 | H12: ='WATER, ENERGY, ENVIRONMENT AND '!L109 -> 19100000 | I12: =SUM(G12:H12) -> 127786382 | J12: ='WATER, ENERGY, ENVIRONMENT AND '!N109 -> 505100000 | K12: ='WATER, ENERGY, ENVIRONMENT AND '!O109 -> 632886382 | L12: =SUM('WATER, ENERGY, ENVIRONMENT AND '!P109) -> 127786382
A13: 11 | B13: ENERGY, ENVIRONMENT AND NATURAL RESOURCES | C13: ='ENVIRONMENT '!C9 -> 22000000 | D13: ='ENVIRONMENT '!D9 -> 0 | E13: ='ENVIRONMENT '!E9 -> 0 | F13: ='ENVIRONMENT '!F9 -> 0 | G13: ='ENVIRONMENT '!G9 -> 0 | H13: ='ENVIRONMENT '!H9 -> 0 | I13: =SUM(G13:H13) -> 0 | J13: ='ENVIRONMENT '!J9 -> 0 | K13: =SUM(I13:J13) -> 0 | L13: 0
A14: 12 | B14: EDUCATION,TECHNICAL TRAINING & INNOVATION | C14: =EDUCATION!C97 -> 1035000000 | D14: =EDUCATION!H97 -> 985409200 | E14: =EDUCATION!I97 -> 0 | F14: =D14+E14 -> 985409200 | G14: =EDUCATION!K97 -> 886715305 | H14: =EDUCATION!L97 -> -36610305 | I14: =SUM(G14:H14) -> 850105000 | J14: =EDUCATION!N97 -> 547070000 | K14: =SUM(I14:J14) -> 1397175000 | L14: =SUM(EDUCATION!P97) -> 858535000
A15: 13 | B15: MEDICAL SERVICES | C15: =MEDICAL!C307 -> 2981137498 | D15: =MEDICAL!H307 -> 3373110794 | E15: =MEDICAL!I307 -> 950000 | F15: =D15+E15 -> 3374060794 | G15: =MEDICAL!K109+MEDICAL!K20+MEDICAL!K212+MEDICAL!K306 -> 5309541407 | H15: =MEDICAL!L307 -> -128000000 | I15: =SUM(G15:H15) -> 5181541407 | J15: =MEDICAL!N307 -> 68900000 | K15: =SUM(I15:J15) -> 5250441407 | L15: =SUM(MEDICAL!P307) -> 5677997507
A16: 14 | B16: PUBLIC HEALTH & SANITATION | C16: ='PUBLIC HEALTH'!C95 -> 24530000 | D16: ='PUBLIC HEALTH'!H95 -> 240750000 | E16: ='PUBLIC HEALTH'!I95 -> 195200 | F16: =D16+E16 -> 240945200 | G16: ='PUBLIC HEALTH'!K95 -> 267180000 | H16: ='PUBLIC HEALTH'!L95 -> 92546000 | I16: =SUM(G16:H16) -> 359726000 | J16: ='PUBLIC HEALTH'!N95 -> 21000000 | K16: =SUM(I16:J16) -> 380726000 | L16: =SUM('PUBLIC HEALTH'!P95) -> 183270000
A17: 15 | B17: LANDS AND PHYSICAL PLANNING | C17: =LANDS!C125 -> 145700000 | D17: =LANDS!H125 -> 262100000 | E17: =LANDS!I125 -> -32000000 | F17: =D17+E17 -> 230100000 | G17: =LANDS!K125 -> 250482384 | H17: =LANDS!L125 -> 110987622 | I17: =SUM(G17:H17) -> 361470006 | J17: =LANDS!N125 -> 62000000 | K17: =SUM(I17:J17) -> 423470006 | L17: =SUM(LANDS!P125) -> 256278384
A18: 16 | B18: ROADS & INFRASTRUCTURE | C18: =ROADS!C84 -> 153750000 | D18: =ROADS!H84 -> 140500000 | E18: =ROADS!I84 -> 226200 | F18: =D18+E18 -> 140726200 | G18: =ROADS!K84 -> 159100000 | H18: =ROADS!L84 -> -25971536 | I18: =SUM(G18:H18) -> 133128464 | J18: =ROADS!N84 -> 7400000 | K18: =SUM(I18:J18) -> 140528464 | L18: =SUM(ROADS!P84) -> 126722810
A19: 17 | B19: PUBLIC WORKS | C19: ='PUBLIC WORKS'!C85 -> 35250000 | D19: ='PUBLIC WORKS'!H85 -> 70300000 | E19: ='PUBLIC WORKS'!I85 -> 0 | F19: =D19+E19 -> 70300000 | G19: ='PUBLIC WORKS'!K85 -> 95172750 | H19: ='PUBLIC WORKS'!L85 -> -14000000 | I19: =SUM(G19:H19) -> 81172750 | J19: ='PUBLIC WORKS'!N85 -> -2000000 | K19: =SUM(I19:J19) -> 79172750 | L19: =SUM('PUBLIC WORKS'!P85) -> 73600000
A20: 18 | B20: TRADE,TOURISM, INDUSTRY AND MARKETING | C20: =TRADE!C260 -> 153012240 | D20: =TRADE!H260 -> 80508618 | E20: =TRADE!I260 -> 75344194 | F20: =D20+E20 -> 155852812 | G20: =TRADE!K260 -> 77873042 | H20: =TRADE!L260 -> -2000000 | I20: =SUM(G20:H20) -> 75873042 | J20: =TRADE!N260 -> 3390000 | K20: =SUM(I20:J20) -> 79263042 | L20: =TRADE!P260 -> 80644432
A21: 19 | B21: YOUTH ,SPORTS, CULTURE, ARTS AND SOCIAL SERVICES | C21: =CULTURE!C174 -> #REF! | D21: =CULTURE!H174 -> #REF! | E21: =CULTURE!I174 -> #REF! | F21: =CULTURE!J174 -> 141712345 | G21: =CULTURE!K174 -> 167552345 | H21: =CULTURE!L174 -> 16868000 | I21: =SUM(G21:H21) -> 184420345 | J21: =CULTURE!N174 -> -2790000 | K21: =SUM(I21:J21) -> 181630345 | L21: =SUM(CULTURE!P174) -> 94420345
A22: 20 | B22: KISII MUNICIPALITY | C22: ='KISII MUNICIPALITY'!C102 -> 115000000 | D22: ='KISII MUNICIPALITY'!H102 -> 142957337 | E22: ='KISII MUNICIPALITY'!I102 -> 0 | F22: =D22+E22 -> 142957337 | G22: ='KISII MUNICIPALITY'!K102 -> 104559821 | H22: ='KISII MUNICIPALITY'!L102 -> 12080000 | I22: =SUM(G22:H22) -> 116639821 | J22: ='KISII MUNICIPALITY'!N102 -> 22400000 | K22: =SUM(I22:J22) -> 139039821 | L22: =SUM('KISII MUNICIPALITY'!P102) -> 117035072
A23: 21 | B23: OGEMBO MUNICIPALITY | C23: ='OGEMBO MUNICIPALITY '!C135 -> 14000000 | D23: ='OGEMBO MUNICIPALITY '!H135 -> 14485175 | E23: ='OGEMBO MUNICIPALITY '!I135 -> 13985175 | F23: =D23+E23 -> 28470350 | G23: ='OGEMBO MUNICIPALITY '!K135 -> 14985175 | H23: ='OGEMBO MUNICIPALITY '!L135 -> -3000000 | I23: =SUM(G23:H23) -> 11985175 | J23: ='OGEMBO MUNICIPALITY '!N135 -> 800000 | K23: =SUM(I23:J23) -> 12785175 | L23: =SUM('OGEMBO MUNICIPALITY '!P135) -> 17188582
A24: 22 | B24: COUNTY ASSEMBLY | C24: 1232890743 | D24: =ASSEMBLY!E210 -> 1124637995 | E24: =ASSEMBLY!F210 -> -42768450 | F24: =D24+E24 -> 1081869545 | G24: =ASSEMBLY!H210 -> 1051143180 | H24: =ASSEMBLY!I210 -> 0 | I24: =SUM(G24:H24) -> 1051143180 | J24: =ASSEMBLY!K210 -> 0 | K24: =SUM(I24:J24) -> 1051143180 | L24: =SUM(ASSEMBLY!M223) -> 1051143180
B25: TOTAL | C25: =SUM(C3:C24) -> #REF! | D25: =SUM(D3:D24) -> #REF! | E25: =SUM(E3:E24) -> #REF! | F25: =SUM(F3:F24) -> #REF! | G25: =SUM(G3:G24) -> #REF! | H25: =SUM(H3:H24) -> #REF! | I25: =SUM(I3:I24) -> #REF! | J25: =SUM(J3:J24) -> #REF! | ... L25: =SUM(L3:L24) -> 11607194814
G27: =G25-'GRAND SUMMARY'!E23 -> #REF! | K27: ='GRAND SUMMARY'!K23 -> 20158799844 | L27: ='GRAND SUMMARY'!L23 -> 17098096082
K28: =Revenue!L25 -> 20160899844 | L28: =Revenue!M25 -> 17098096082
K29: =K27-K28 -> -2100000 | L29: =L27-L28 -> 0
K30: =K25+'SUMMARY DEVELOP.'!K25 -> 20160899844 | L30: =L25+'SUMMARY DEVELOP.'!L25 -> 17098096082
K31: =K30-K28 -> 0 | L31: =L30-L28 -> 0

Sheet PEMOLUMENTS SUMMARY
A1: SUMMARY OF PERSONNEL EMOLUMENTS FY2026/27 PROPOSED BUDGET
B2: DEPARTMENT | C2: APPROVED REVISED BUDGET 2023/24 | D2: APPROVED 1ST REVISED BUDGET 2024/2025 | E2: ADJUSTMENTS | F2: APPROVED 2ND REVISED BUDGET 2024/2025 | G2: APPROVED BUDGET FY 2025/26 | H2: ADJUSTMENT | I2: APPROVED REVISED BUDGET FY 2025/26 | J2: ADJUSTMENT | K2: APPROVED 2ND REVISED BUDGET FY 2025/26 | L2: PROPOSED BUDGET FY 2026/27
A3: 1 | B3: EXECUTIVE OFFICE OF THE GOVERNOR | C3: =EXECUTIVE!C181 -> 385526720 | D3: =EXECUTIVE!H181 -> 3.473504e+08 | E3: =EXECUTIVE!I181 -> 6000000 | F3: =D3+E3 -> 3.533504e+08 | G3: ='GRAND SUMMARY'!C4 -> 170000000 | H3: =EXECUTIVE!L16 -> -50000000 | I3: =EXECUTIVE!M16 -> 170000000 | J3: =EXECUTIVE!N16 -> 0 | K3: =I3+J3 -> 170000000 | L3: =EXECUTIVE!P16 -> 170000000
A4: 2 | B4: PUBLIC SERVICE BOARD | C4: =CPSB!C67 -> 7460000 | D4: =CPSB!H67 -> 7929917 | E4: =CPSB!I67 -> 0 | F4: =D4+E4 -> 7929917 | G4: ='GRAND SUMMARY'!C5 -> 0 | H4: 0 | I4: =SUM(G4:H4) -> 0 | J4: 0 | K4: =I4+J4 -> 0 | L4: 0
A5: 3 | B5: OFFICE OF THE COUNTY ATTORNEY | D5: 0 | G5: ='GRAND SUMMARY'!C6 -> 30000000 | H5: ='OFFICE OF THE COUNTY ATTORNEY'!M16 -> 0 | I5: =SUM(G5:H5) -> 30000000 | J5: ='OFFICE OF THE COUNTY ATTORNEY'!O16 -> 0 | K5: =I5+J5 -> 30000000 | L5: =SUM('OFFICE OF THE COUNTY ATTORNEY'!Q16) -> 30000000
A6: 4 | B6: PUBLIC SERVICE AND COUNTY ADMINISTRATION | C6: =ADMINISTRATION!C135 -> 479773964 | D6: =ADMINISTRATION!H135 -> 522122232 | E6: =ADMINISTRATION!I135 -> 0 | F6: =D6+E6 -> 522122232 | G6: ='GRAND SUMMARY'!C7 -> 403820424 | H6: =ADMINISTRATION!L15 -> -100000000 | I6: =ADMINISTRATION!M15 -> 403820424 | J6: =ADMINISTRATION!N15 -> 0 | K6: =I6+J6 -> 403820424 | L6: =SUM(ADMINISTRATION!P15) -> 403820424
A7: 5 | B7: PUBLIC PARTICIPATION, DISASTER SERVICES AND SPECIAL PROGRAMMES | C7: =STAKEHOLDER!C91 -> 110353018 | D7: =STAKEHOLDER!H93 -> 83321480 | E7: =STAKEHOLDER!I93 -> 0 | F7: =D7+E7 -> 83321480 | G7: ='GRAND SUMMARY'!C8 -> 46179576 | H7: =STAKEHOLDER!L13 -> 0 | I7: =STAKEHOLDER!M13 -> 46179576 | J7: =STAKEHOLDER!N13 -> 0 | K7: =I7+J7 -> 46179576 | L7: =SUM(STAKEHOLDER!P13) -> 46179576
A8: 6 | B8: FINANCE AND ACCOUNTING SERVICES | C8: =FINANCE!C225 -> 962189170 | D8: =FINANCE!H225 -> 900249288 | E8: =FINANCE!I225 -> 120219135 | F8: =D8+E8 -> 1020468423 | G8: ='GRAND SUMMARY'!C9 -> 480136160 | H8: =FINANCE!L17 -> -97000000 | I8: =FINANCE!M17 -> 480136160 | J8: =FINANCE!N17 -> 0 | K8: =I8+J8 -> 480136160 | L8: =SUM(FINANCE!P17) -> 457136160
A9: 7 | B9: ECONOMIC PLANNING | C9: =PLANNING!C177 -> #REF! | D9: =PLANNING!H177 -> #REF! | E9: =PLANNING!I177 -> #REF! | F9: =D9+E9 -> #REF! | G9: ='GRAND SUMMARY'!C10 -> 72863840 | H9: =PLANNING!L14 -> 0 | I9: =PLANNING!M14 -> 72863840 | J9: =PLANNING!N14 -> 0 | K9: =I9+J9 -> 72863840 | L9: =SUM(PLANNING!P14) -> 72863840
A10: 8 | B10: AGRICULTURE AND CO-OPERATIVE DEVELOPMENT | C10: ='AGRIC & COOP'!C206 -> 202025432 | D10: ='AGRIC & COOP'!F206 -> 177851929 | E10: ='AGRIC & COOP'!G206 -> 989400 | F10: =D10+E10 -> 178841329 | G10: ='GRAND SUMMARY'!C11 -> 168975432 | H10: ='AGRIC & COOP'!J16 -> 0 | I10: ='AGRIC & COOP'!K16 -> 168975432 | J10: ='AGRIC & COOP'!L16 -> 0 | K10: =I10+J10 -> 168975432 | L10: =SUM('AGRIC & COOP'!N16) -> 168975432
A11: 9 | B11: FISHERIES, LIVESTOCK AND VETERINARY SERVICES | C11: ='LIVESTOCK & VET'!C144 -> 0 | D11: ='LIVESTOCK & VET'!H144 -> 0 | E11: ='LIVESTOCK & VET'!I144 -> 0 | F11: =D11+E11 -> 0 | G11: ='LIVESTOCK & VET'!K15 -> 101024568 | H11: ='LIVESTOCK & VET'!L15 -> 0 | I11: ='LIVESTOCK & VET'!M15 -> 101024568 | J11: ='LIVESTOCK & VET'!N15 -> 0 | K11: =I11+J11 -> 101024568 | L11: ='LIVESTOCK & VET'!P15 -> 101024568
A12: 10 | B12: WATER AND SANITATION SERVICES | C12: ='WATER, ENERGY, ENVIRONMENT AND '!C109 -> 127295000 | D12: ='WATER, ENERGY, ENVIRONMENT AND '!H109 -> 125282022 | E12: ='WATER, ENERGY, ENVIRONMENT AND '!I109 -> 920200 | F12: =D12+E12 -> 126202222 | G12: ='GRAND SUMMARY'!C13 -> 70000000 | H12: ='WATER, ENERGY, ENVIRONMENT AND '!L13 -> 0 | I12: ='WATER, ENERGY, ENVIRONMENT AND '!M13 -> 70000000 | J12: ='WATER, ENERGY, ENVIRONMENT AND '!N13 -> 0 | K12: =I12+J12 -> 70000000 | L12: =SUM('WATER, ENERGY, ENVIRONMENT AND '!P13) -> 70000000
A13: 11 | B13: ENERGY, ENVIRONMENT AND NATURAL RESOURCES | C13: ='ENVIRONMENT '!C9 -> 22000000 | D13: ='ENVIRONMENT '!D9 -> 0 | E13: ='ENVIRONMENT '!E9 -> 0 | F13: ='ENVIRONMENT '!F9 -> 0 | G13: ='ENVIRONMENT '!G9 -> 0 | H13: 0 | I13: =SUM(G13:H13) -> 0 | J13: 0 | K13: =I13+J13 -> 0 | L13: 0
A14: 12 | B14: EDUCATION,TECHNICAL TRAINING & INNOVATION | C14: =EDUCATION!C97 -> 1035000000 | D14: =EDUCATION!H97 -> 985409200 | E14: =EDUCATION!I97 -> 0 | F14: =D14+E14 -> 985409200 | G14: ='GRAND SUMMARY'!C14 -> 450000000 | H14: =EDUCATION!L13 -> -350000000 | I14: =EDUCATION!M13 -> 410000000 | J14: =EDUCATION!N13 -> 40000000 | K14: =I14+J14 -> 450000000 | L14: =SUM(EDUCATION!P13) -> 418000000
A15: 13 | B15: MEDICAL SERVICES | C15: =MEDICAL!C307 -> 2981137498 | D15: =MEDICAL!H307 -> 3373110794 | E15: =MEDICAL!I307 -> 950000 | F15: =D15+E15 -> 3374060794 | G15: ='GRAND SUMMARY'!C15 -> 3341358145 | H15: =MEDICAL!L20 -> -130000000 | I15: =MEDICAL!M20 -> 3293358145 | J15: =MEDICAL!N20 -> 48000000 | K15: =I15+J15 -> 3341358145 | L15: =SUM(MEDICAL!P20) -> 3293358145
A16: 14 | B16: PUBLIC HEALTH & SANITATION | C16: ='PUBLIC HEALTH'!C95 -> 24530000 | D16: ='PUBLIC HEALTH'!H95 -> 240750000 | E16: ='PUBLIC HEALTH'!I95 -> 195200 | F16: =D16+E16 -> 240945200 | G16: 0 | H16: 0 | I16: =SUM(G16:H16) -> 0 | J16: 0 | K16: =I16+J16 -> 0 | L16: 0
A17: 15 | B17: LANDS AND PHYSICAL PLANNING | C17: =LANDS!C125 -> 145700000 | D17: =LANDS!H125 -> 262100000 | E17: =LANDS!I125 -> -32000000 | F17: =D17+E17 -> 230100000 | G17: ='GRAND SUMMARY'!C16 -> 75700000 | H17: =LANDS!L13 -> -10000000 | I17: =LANDS!M13 -> 75700000 | J17: =LANDS!N13 -> 0 | K17: =I17+J17 -> 75700000 | L17: =SUM(LANDS!P13) -> 75700000
A18: 16 | B18: ROADS & INFRASTRUCTURE | C18: =ROADS!C84 -> 153750000 | D18: =ROADS!H84 -> 140500000 | E18: =ROADS!I84 -> 226200 | F18: =D18+E18 -> 140726200 | G18: ='GRAND SUMMARY'!C17 -> 91900000 | H18: =ROADS!L13 -> -50000000 | I18: =ROADS!M13 -> 91900000 | J18: =ROADS!N13 -> 0 | K18: =I18+J18 -> 91900000 | L18: =SUM(ROADS!P13) -> 91900000
A19: 17 | B19: PUBLIC WORKS | C19: ='PUBLIC WORKS'!C85 -> 35250000 | D19: ='PUBLIC WORKS'!H85 -> 70300000 | E19: ='PUBLIC WORKS'!I85 -> 0 | F19: =D19+E19 -> 70300000 | G19: ='GRAND SUMMARY'!C18 -> 58100000 | H19: ='PUBLIC WORKS'!L13 -> -20000000 | I19: ='PUBLIC WORKS'!M13 -> 58100000 | J19: ='PUBLIC WORKS'!N13 -> 0 | K19: =I19+J19 -> 58100000 | L19: =SUM('PUBLIC WORKS'!P13) -> 58100000
A20: 18 | B20: TRADE,TOURISM, INDUSTRY AND MARKETING | C20: =TRADE!C260 -> 153012240 | D20: =TRADE!H260 -> 80508618 | E20: =TRADE!I260 -> 75344194 | F20: =D20+E20 -> 155852812 | G20: ='GRAND SUMMARY'!C19 -> 65000000 | H20: =TRADE!L13 -> 0 | I20: =TRADE!M13 -> 65000000 | J20: =TRADE!N13 -> 0 | K20: =I20+J20 -> 65000000 | L20: =SUM(TRADE!P13) -> 65000000
A21: 19 | B21: YOUTH ,SPORTS, CULTURE, ARTS AND SOCIAL SERVICES | C21: =CULTURE!C174 -> #REF! | D21: =CULTURE!H174 -> #REF! | E21: =CULTURE!I174 -> #REF! | F21: =CULTURE!J174 -> 141712345 | G21: ='GRAND SUMMARY'!C20 -> 70000000 | H21: =CULTURE!L13 -> -10000000 | I21: =CULTURE!M13 -> 70000000 | J21: =CULTURE!N13 -> 0 | K21: =I21+J21 -> 70000000 | L21: =SUM(CULTURE!P13) -> 70000000
A22: 20 | B22: KISII MUNICIPALITY | C22: ='KISII MUNICIPALITY'!C102 -> 115000000 | D22: ='KISII MUNICIPALITY'!H102 -> 142957337 | E22: ='KISII MUNICIPALITY'!I102 -> 0 | F22: =D22+E22 -> 142957337 | G22: ='GRAND SUMMARY'!C21 -> 91602484 | H22: ='KISII MUNICIPALITY'!L13 -> 0 | I22: ='KISII MUNICIPALITY'!M13 -> 91602484 | J22: ='KISII MUNICIPALITY'!N13 -> 0 | K22: =I22+J22 -> 91602484 | L22: =SUM('KISII MUNICIPALITY'!P13) -> 92000000
A23: 21 | B23: OGEMBO MUNICIPALITY | C23: ='OGEMBO MUNICIPALITY '!C135 -> 14000000 | D23: ='OGEMBO MUNICIPALITY '!H135 -> 14485175 | E23: ='OGEMBO MUNICIPALITY '!I135 -> 13985175 | F23: =D23+E23 -> 28470350 | G23: ='GRAND SUMMARY'!C22 -> 4300000 | H23: ='OGEMBO MUNICIPALITY '!L13 -> 0 | I23: ='OGEMBO MUNICIPALITY '!M13 -> 4300000 | J23: ='OGEMBO MUNICIPALITY '!N13 -> 0 | K23: =I23+J23 -> 4300000 | L23: =SUM('OGEMBO MUNICIPALITY '!P13) -> 4300000
A24: 22 | B24: COUNTY ASSEMBLY | C24: 1232890743 | D24: =ASSEMBLY!E210 -> 1124637995 | E24: =ASSEMBLY!F210 -> -42768450 | F24: =D24+E24 -> 1081869545 | G24: ='GRAND SUMMARY'!C3 -> 652341142 | H24: =ASSEMBLY!I103 -> 0 | I24: =ASSEMBLY!J103 -> 652341142 | J24: =ASSEMBLY!K103 -> 0 | K24: =I24+J24 -> 652341142 | L24: =SUM(ASSEMBLY!M103) -> 706064570
B25: TOTAL | C25: =SUM(C3:C24) -> #REF! | D25: =SUM(D3:D24) -> #REF! | E25: =SUM(E3:E24) -> #REF! | F25: =SUM(F3:F24) -> #REF! | G25: =SUM(G3:G24) -> 6443301771 | H25: =SUM(H3:H24) -> -817000000 | I25: =SUM(I3:I24) -> 6355301771 | J25: =SUM(J3:J24) -> 88000000 | ... L25: =SUM(L3:L24) -> 6394422715
B27: PE/Total Revenue | K27: =K25/'GRAND SUMMARY'!L23 -> 0.37684323 | L27: =L25/'GRAND SUMMARY'!L23 -> 0.37398449

Sheet O & M SUMMARY
A1: SUMMARY OF PERSONNEL EMOLUMENTS FY2026/27 PROPOSED BUDGET
B2: DEPARTMENT | C2: APPROVED REVISED BUDGET 2023/24 | D2: APPROVED 1ST REVISED BUDGET 2024/2025 | E2: ADJUSTMENTS | F2: APPROVED 2ND REVISED BUDGET 2024/2025 | G2: APPROVED BUDGET FY 2025/26 | H2: ADJUSTMENT | I2: APPROVED REVISED BUDGET FY 2025/26 | J2: ADJUSTMENT | K2: APPROVED 2ND REVISED BUDGET FY 2025/26 | L2: PROPOSED BUDGET FY 2026/27
A3: 1 | B3: EXECUTIVE OFFICE OF THE GOVERNOR | C3: =EXECUTIVE!C181 -> 385526720 | D3: =EXECUTIVE!H181 -> 3.473504e+08 | E3: =EXECUTIVE!I181 -> 6000000 | F3: =D3+E3 -> 3.533504e+08 | G3: ='GRAND SUMMARY'!C4 -> 170000000 | H3: =EXECUTIVE!L16 -> -50000000 | I3: =EXECUTIVE!M16 -> 170000000 | J3: =EXECUTIVE!N16 -> 0 | K3: =EXECUTIVE!O180 -> 50403696 | L3: =EXECUTIVE!P180 -> 22885050
A4: 2 | B4: PUBLIC SERVICE BOARD | C4: =CPSB!C67 -> 7460000 | D4: =CPSB!H67 -> 7929917 | E4: =CPSB!I67 -> 0 | F4: =D4+E4 -> 7929917 | G4: ='GRAND SUMMARY'!C5 -> 0 | H4: 0 | I4: =SUM(G4:H4) -> 0 | J4: 0 | K4: =CPSB!O67 -> 14370000 | L4: =CPSB!P67 -> 30229900
A5: 3 | B5: OFFICE OF THE COUNTY ATTORNEY | D5: 0 | G5: ='GRAND SUMMARY'!C6 -> 30000000 | H5: ='OFFICE OF THE COUNTY ATTORNEY'!M16 -> 0 | I5: =SUM(G5:H5) -> 30000000 | J5: ='OFFICE OF THE COUNTY ATTORNEY'!O16 -> 0 | K5: ='OFFICE OF THE COUNTY ATTORNEY'!P83 -> 37000000 | L5: ='OFFICE OF THE COUNTY ATTORNEY'!Q83 -> 40000000
A6: 4 | B6: PUBLIC SERVICE AND COUNTY ADMINISTRATION | C6: =ADMINISTRATION!C135 -> 479773964 | D6: =ADMINISTRATION!H135 -> 522122232 | E6: =ADMINISTRATION!I135 -> 0 | F6: =D6+E6 -> 522122232 | G6: ='GRAND SUMMARY'!C7 -> 403820424 | H6: =ADMINISTRATION!L15 -> -100000000 | I6: =ADMINISTRATION!M15 -> 403820424 | J6: =ADMINISTRATION!N15 -> 0 | K6: =ADMINISTRATION!O134 -> 92422139 | L6: =ADMINISTRATION!P134 -> 43418679
A7: 5 | B7: PUBLIC PARTICIPATION, DISASTER SERVICES AND SPECIAL PROGRAMMES | C7: =STAKEHOLDER!C91 -> 110353018 | D7: =STAKEHOLDER!H93 -> 83321480 | E7: =STAKEHOLDER!I93 -> 0 | F7: =D7+E7 -> 83321480 | G7: ='GRAND SUMMARY'!C8 -> 46179576 | H7: =STAKEHOLDER!L13 -> 0 | I7: =STAKEHOLDER!M13 -> 46179576 | J7: =STAKEHOLDER!N13 -> 0 | K7: =STAKEHOLDER!O90 -> 7170000 | L7: =STAKEHOLDER!P90 -> 3970000
A8: 6 | B8: FINANCE AND ACCOUNTING SERVICES | C8: =FINANCE!C225 -> 962189170 | D8: =FINANCE!H225 -> 900249288 | E8: =FINANCE!I225 -> 120219135 | F8: =D8+E8 -> 1020468423 | G8: ='GRAND SUMMARY'!C9 -> 480136160 | H8: =FINANCE!L17 -> -97000000 | I8: =FINANCE!M17 -> 480136160 | J8: =FINANCE!N17 -> 0 | K8: =FINANCE!O224 -> 896780103 | L8: =FINANCE!P224 -> 728704756
A9: 7 | B9: ECONOMIC PLANNING | C9: =PLANNING!C177 -> #REF! | D9: =PLANNING!H177 -> #REF! | E9: =PLANNING!I177 -> #REF! | F9: =D9+E9 -> #REF! | G9: ='GRAND SUMMARY'!C10 -> 72863840 | H9: =PLANNING!L14 -> 0 | I9: =PLANNING!M14 -> 72863840 | J9: =PLANNING!N14 -> 0 | K9: =PLANNING!O176 -> 50855802 | L9: =PLANNING!P176 -> 86055000
A10: 8 | B10: AGRICULTURE AND CO-OPERATIVE DEVELOPMENT | C10: ='AGRIC & COOP'!C206 -> 202025432 | D10: ='AGRIC & COOP'!F206 -> 177851929 | E10: ='AGRIC & COOP'!G206 -> 989400 | F10: =D10+E10 -> 178841329 | G10: ='GRAND SUMMARY'!C11 -> 168975432 | H10: ='AGRIC & COOP'!J16 -> 0 | I10: ='AGRIC & COOP'!K16 -> 168975432 | J10: ='AGRIC & COOP'!L16 -> 0 | K10: ='AGRIC & COOP'!M205 -> 36740000 | L10: ='AGRIC & COOP'!N205 -> 502109735
A11: 9 | B11: FISHERIES, LIVESTOCK AND VETERINARY SERVICES | C11: ='LIVESTOCK & VET'!C144 -> 0 | D11: ='LIVESTOCK & VET'!H144 -> 0 | E11: ='LIVESTOCK & VET'!I144 -> 0 | F11: =D11+E11 -> 0 | G11: ='LIVESTOCK & VET'!K15 -> 101024568 | H11: ='LIVESTOCK & VET'!L15 -> 0 | I11: ='LIVESTOCK & VET'!M15 -> 101024568 | J11: ='LIVESTOCK & VET'!N15 -> 0 | K11: ='LIVESTOCK & VET'!O140 -> 3450000 | L11: ='LIVESTOCK & VET'!P140 -> 35200000
A12: 10 | B12: WATER AND SANITATION SERVICES | C12: ='WATER, ENERGY, ENVIRONMENT AND '!C109 -> 127295000 | D12: ='WATER, ENERGY, ENVIRONMENT AND '!H109 -> 125282022 | E12: ='WATER, ENERGY, ENVIRONMENT AND '!I109 -> 920200 | F12: =D12+E12 -> 126202222 | G12: ='GRAND SUMMARY'!C13 -> 70000000 | H12: ='WATER, ENERGY, ENVIRONMENT AND '!L13 -> 0 | I12: ='WATER, ENERGY, ENVIRONMENT AND '!M13 -> 70000000 | J12: ='WATER, ENERGY, ENVIRONMENT AND '!N13 -> 0 | K12: ='WATER, ENERGY, ENVIRONMENT AND '!O108 -> 562886382 | L12: ='WATER, ENERGY, ENVIRONMENT AND '!P108 -> 57786382
A13: 11 | B13: ENERGY, ENVIRONMENT AND NATURAL RESOURCES | C13: ='ENVIRONMENT '!C9 -> 22000000 | D13: ='ENVIRONMENT '!D9 -> 0 | E13: ='ENVIRONMENT '!E9 -> 0 | F13: ='ENVIRONMENT '!F9 -> 0 | G13: ='ENVIRONMENT '!G9 -> 0 | H13: 0 | I13: =SUM(G13:H13) -> 0 | J13: 0 | K13: =I13+J13 -> 0 | L13: =J13+K13 -> 0
A14: 12 | B14: EDUCATION,TECHNICAL TRAINING & INNOVATION | C14: =EDUCATION!C97 -> 1035000000 | D14: =EDUCATION!H97 -> 985409200 | E14: =EDUCATION!I97 -> 0 | F14: =D14+E14 -> 985409200 | G14: ='GRAND SUMMARY'!C14 -> 450000000 | H14: =EDUCATION!L13 -> -350000000 | I14: =EDUCATION!M13 -> 410000000 | J14: =EDUCATION!N13 -> 40000000 | K14: =EDUCATION!O96 -> 947175000 | L14: =EDUCATION!P96 -> 440535000
A15: 13 | B15: MEDICAL SERVICES | C15: =MEDICAL!C307 -> 2981137498 | D15: =MEDICAL!H307 -> 3373110794 | E15: =MEDICAL!I307 -> 950000 | F15: =D15+E15 -> 3374060794 | G15: ='GRAND SUMMARY'!C15 -> 3341358145 | H15: =MEDICAL!L20 -> -130000000 | I15: =MEDICAL!M20 -> 3293358145 | J15: =MEDICAL!N20 -> 48000000 | K15: =MEDICAL!O109+MEDICAL!O212+MEDICAL!O306 -> 1906983262 | L15: =MEDICAL!P109+MEDICAL!P212+MEDICAL!P306 -> 2384639362
A16: 14 | B16: PUBLIC HEALTH & SANITATION | C16: ='PUBLIC HEALTH'!C95 -> 24530000 | D16: ='PUBLIC HEALTH'!H95 -> 240750000 | E16: ='PUBLIC HEALTH'!I95 -> 195200 | F16: =D16+E16 -> 240945200 | G16: 0 | H16: 0 | I16: =SUM(G16:H16) -> 0 | J16: 0 | K16: ='PUBLIC HEALTH'!O95 -> 380726000 | L16: ='PUBLIC HEALTH'!P95 -> 183270000
A17: 15 | B17: LANDS AND PHYSICAL PLANNING | C17: =LANDS!C125 -> 145700000 | D17: =LANDS!H125 -> 262100000 | E17: =LANDS!I125 -> -32000000 | F17: =D17+E17 -> 230100000 | G17: ='GRAND SUMMARY'!C16 -> 75700000 | H17: =LANDS!L13 -> -10000000 | I17: =LANDS!M13 -> 75700000 | J17: =LANDS!N13 -> 0 | K17: =LANDS!O124 -> 347770006 | L17: =LANDS!P124 -> 180578384
A18: 16 | B18: ROADS & INFRASTRUCTURE | C18: =ROADS!C84 -> 153750000 | D18: =ROADS!H84 -> 140500000 | E18: =ROADS!I84 -> 226200 | F18: =D18+E18 -> 140726200 | G18: ='GRAND SUMMARY'!C17 -> 91900000 | H18: =ROADS!L13 -> -50000000 | I18: =ROADS!M13 -> 91900000 | J18: =ROADS!N13 -> 0 | K18: =ROADS!O83 -> 48628464 | L18: =ROADS!P83 -> 34822810
A19: 17 | B19: PUBLIC WORKS | C19: ='PUBLIC WORKS'!C85 -> 35250000 | D19: ='PUBLIC WORKS'!H85 -> 70300000 | E19: ='PUBLIC WORKS'!I85 -> 0 | F19: =D19+E19 -> 70300000 | G19: ='GRAND SUMMARY'!C18 -> 58100000 | H19: ='PUBLIC WORKS'!L13 -> -20000000 | I19: ='PUBLIC WORKS'!M13 -> 58100000 | J19: ='PUBLIC WORKS'!N13 -> 0 | K19: ='PUBLIC WORKS'!O71 -> 21072750 | L19: ='PUBLIC WORKS'!P71 -> 15500000
A20: 18 | B20: TRADE,TOURISM, INDUSTRY AND MARKETING | C20: =TRADE!C260 -> 153012240 | D20: =TRADE!H260 -> 80508618 | E20: =TRADE!I260 -> 75344194 | F20: =D20+E20 -> 155852812 | G20: ='GRAND SUMMARY'!C19 -> 65000000 | H20: =TRADE!L13 -> 0 | I20: =TRADE!M13 -> 65000000 | J20: =TRADE!N13 -> 0 | K20: =TRADE!O259 -> 14263042 | L20: =TRADE!P259 -> 15644432
A21: 19 | B21: YOUTH ,SPORTS, CULTURE, ARTS AND SOCIAL SERVICES | C21: =CULTURE!C174 -> #REF! | D21: =CULTURE!H174 -> #REF! | E21: =CULTURE!I174 -> #REF! | F21: =CULTURE!J174 -> 141712345 | G21: ='GRAND SUMMARY'!C20 -> 70000000 | H21: =CULTURE!L13 -> -10000000 | I21: =CULTURE!M13 -> 70000000 | J21: =CULTURE!N13 -> 0 | K21: =CULTURE!O173 -> 111630345 | L21: =CULTURE!P173 -> 24420345
A22: 20 | B22: KISII MUNICIPALITY | C22: ='KISII MUNICIPALITY'!C102 -> 115000000 | D22: ='KISII MUNICIPALITY'!H102 -> 142957337 | E22: ='KISII MUNICIPALITY'!I102 -> 0 | F22: =D22+E22 -> 142957337 | G22: ='GRAND SUMMARY'!C21 -> 91602484 | H22: ='KISII MUNICIPALITY'!L13 -> 0 | I22: ='KISII MUNICIPALITY'!M13 -> 91602484 | J22: ='KISII MUNICIPALITY'!N13 -> 0 | K22: ='KISII MUNICIPALITY'!O101 -> 47437337 | L22: ='KISII MUNICIPALITY'!P101 -> 25035072
A23: 21 | B23: OGEMBO MUNICIPALITY | C23: ='OGEMBO MUNICIPALITY '!C135 -> 14000000 | D23: ='OGEMBO MUNICIPALITY '!H135 -> 14485175 | E23: ='OGEMBO MUNICIPALITY '!I135 -> 13985175 | F23: =D23+E23 -> 28470350 | G23: ='GRAND SUMMARY'!C22 -> 4300000 | H23: ='OGEMBO MUNICIPALITY '!L13 -> 0 | I23: ='OGEMBO MUNICIPALITY '!M13 -> 4300000 | J23: ='OGEMBO MUNICIPALITY '!N13 -> 0 | K23: ='OGEMBO MUNICIPALITY '!O134 -> 8485175 | L23: ='OGEMBO MUNICIPALITY '!P134 -> 12888582
A24: 22 | B24: COUNTY ASSEMBLY | C24: 1232890743 | D24: =ASSEMBLY!E210 -> 1124637995 | E24: =ASSEMBLY!F210 -> -42768450 | F24: =D24+E24 -> 1081869545 | G24: ='GRAND SUMMARY'!C3 -> 652341142 | H24: =ASSEMBLY!I103 -> 0 | I24: =ASSEMBLY!J103 -> 652341142 | J24: =ASSEMBLY!K103 -> 0 | K24: =ASSEMBLY!L81+ASSEMBLY!L206 -> 398802038 | L24: =ASSEMBLY!M206+ASSEMBLY!M81 -> 345078610
B25: TOTAL | C25: =SUM(C3:C24) -> #REF! | D25: =SUM(D3:D24) -> #REF! | E25: =SUM(E3:E24) -> #REF! | F25: =SUM(F3:F24) -> #REF! | G25: =SUM(G3:G24) -> 6443301771 | H25: =SUM(H3:H24) -> -817000000 | I25: =SUM(I3:I24) -> 6355301771 | J25: =SUM(J3:J24) -> 88000000 | ... L25: =SUM(L3:L24) -> 5212772099

Sheet PROJECTS DETAILS
B1: KISII COUNTY GOVERNMENT
B2: DEVELOPMENT BUDGET
B3: KISII COUNTY GOVERNMENT | C3: PROJECT LOCATION | D3: APPROVED BUDGET 2023/2024 | E3: ADJUSTMENTS | F3: APPROVED REVISED BUDGET 2023/2024 | G3: APPROVED BUDGET 2024/2025 | H3: ADJUSTMENTS | I3: APPROVED 1ST REVISED BUDGET 2024/2025 | J3: ADJUSTMENTS | K3: APPROVED 2ND REVISED BUDGET 2024/2025 | L3: APPROVED BUDGET FY 2025/26 | M3: ADJUSTMENTS | N3: APPROVED REVISED BUDGET FY 2025/26 | O3: ADJUSTMENTS | P3: APPROVED 2ND REVISED BUDGET FY 2025/26 | Q3: PROPOSED BUDGET FY 2026/27
B4: OFFICE OF THE GOVERNOR AND DEPUTY GOVERNOR
A5: 3110201 | B5: Completion of Governor's Residence | C5: Kisii Town | D5: 20000000 | E5: 10000000 | F5: =SUM(D5:E5) -> 30000000 | G5: 32000000 | H5: 0 | I5: =G5+H5 -> 32000000 | K5: =I5+J5 -> 32000000 | L5: 32000000 | N5: =SUM(L5:M5) -> 32000000 | O5: -32000000 | P5: =SUM(N5,O5) -> 0 | Q5: 32000000
A6: 3110202 | B6: Construction of County Headquarters | C6: Kisii Town | D6: 100000000 | F6: =SUM(D6:E6) -> 100000000 | G6: 168000000 | H6: 82000000 | I6: =G6+H6 -> 250000000 | K6: =I6+J6 -> 250000000 | L6: =190000000-32000000 -> 158000000 | N6: =SUM(L6:M6) -> 158000000 | O6: -80000000 | P6: =SUM(N6,O6) -> 78000000
B7: Construction of car Park and Fence (PSB) | C7: Kisii Town | D7: 10000000 | F7: =SUM(D7:E7) -> 10000000 | G7: 0 | H7: 0 | J7: 0 | K7: =I7+J7 -> 0 | L7: 10000000 | N7: =SUM(L7:M7) -> 10000000 | O7: -10000000 | P7: =SUM(N7,O7) -> 0
B8: Construction & Equipping of Office Block at Public Service Board | C8: Kisii Town | L8: 0 | N8: =SUM(L8:M8) -> 0 | P8: =SUM(N8,O8) -> 0 | Q8: =SUM(O8,P8) -> 0
B9: TOTAL COUNTY EXECUTIVE | D9: =SUM(D5:D7) -> 130000000 | E9: =SUM(E5:E7) -> 10000000 | F9: =SUM(F5:F7) -> 140000000 | G9: =SUM(G5:G7) -> 200000000 | H9: =SUM(H5:H7) -> 82000000 | I9: =SUM(I5:I7) -> 282000000 | J9: =SUM(J5:J7) -> 0 | K9: =SUM(K5:K7) -> 282000000 | L9: =SUM(L5:L8) -> 200000000 | M9: =SUM(M5:M8) -> 0 | N9: =SUM(N5:N8) -> 200000000 | O9: =SUM(O5:O8) -> -122000000 | P9: =SUM(N9,O9) -> 78000000 | Q9: =SUM(Q5:Q8) -> 32000000
B10: PUBLIC SERVICE, COUNTY ADMINISTARTION AND PUBLIC PARTICIPATION | P10: =SUM(N10,O10) -> 0 | Q10: =SUM(O10,P10) -> 0
B11: PUBLIC SERVICE AND PUBLIC ADMINISTRATION | P11: =SUM(N11,O11) -> 0 | Q11: =SUM(O11,P11) -> 0
B12: Kenya Devolution Support Program (KDSP) | P12: =SUM(N12,O12) -> 0 | Q12: =SUM(O12,P12) -> 0
B13: Kenya Devolution Support Program (KDSP) II - Level II Grant | C13: All wards | L13: 0 | M13: 352000000 | N13: =SUM(L13:M13) -> 352000000 | P13: =SUM(N13,O13) -> 352000000 | Q13: 111619120
B14: Kenya Devolution Support Program (KDSP) II - Level II Grant Counterpart Funding | L14: 0 | M14: 10000000 | N14: =SUM(L14:M14) -> 10000000 | O14: 10000000 | P14: =SUM(N14,O14) -> 20000000 | Q14: 20000000
B15: SUB TOTAL | D15: =SUM(D4:D13) -> 260000000 | E15: =SUM(E4:E13) -> 20000000 | F15: =SUM(F4:F13) -> 280000000 | G15: =SUM(G4:G13) -> 400000000 | H15: =SUM(H3:H13) -> 164000000 | I15: 0 | J15: =SUM(J3:J13) -> 0 | K15: 0 | L15: =SUM(L13:L14) -> 0 | M15: =SUM(M13:M14) -> 362000000 | N15: =SUM(N13:N14) -> 362000000 | O15: =SUM(O13:O14) -> 10000000 | P15: =SUM(N15,O15) -> 372000000 | Q15: =SUM(Q13:Q14) -> 131619120
A16: 3110200 | B16: Completion of ward offices | P16: =SUM(N16,O16) -> 0 | Q16: =SUM(O16,P16) -> 0
A17: 3110202 | B17: Completion of ward office (Administration Block)-Bomariba | C17: Bomariba | D17: 1000000 | F17: =SUM(D17:E17) -> 1000000 | G17: 1000000 | I17: =G17+H17 -> 1000000 | K17: =I17+J17 -> 1000000 | L17: 1000000 | N17: =SUM(L17:M17) -> 1000000 | P17: =SUM(N17,O17) -> 1000000
A18: 3110202 | B18: Completion of ward office (Administration Block)-Bosoti Sengera | C18: Bosoti Sengera | D18: 2819120 | F18: =SUM(D18:E18) -> 2819120 | G18: 2819120 | I18: =G18+H18 -> 2819120 | K18: =I18+J18 -> 2819120 | L18: 2819120 | N18: =SUM(L18:M18) -> 2819120 | P18: =SUM(N18,O18) -> 2819120
A19: 3110202 | B19: Completion of ward office (Administration Block)-Chitago Borabu | C19: Chitago Borabu | D19: 800000 | F19: =SUM(D19:E19) -> 800000 | G19: 800000 | I19: =G19+H19 -> 800000 | K19: =I19+J19 -> 800000 | L19: 800000 | N19: =SUM(L19:M19) -> 800000 | P19: =SUM(N19,O19) -> 800000
A20: 3110202 | B20: Completion of ward office (Administration Block)-Ibeno | C20: Ibeno | D20: 3435170 | E20: 3432250 | F20: =SUM(D20:E20) -> 6867420 | G20: 6867420 | I20: =G20+H20 -> 6867420 | K20: =I20+J20 -> 6867420 | L20: 6867420 | N20: =SUM(L20:M20) -> 6867420 | O20: -6867420 | P20: =SUM(N20,O20) -> 0 | Q20: 6867420
A21: 3110202 | B21: Completion of ward office (Administration Block)-Majoge Bassi | C21: Majoge Bassi | D21: 2000000 | F21: =SUM(D21:E21) -> 2000000 | G21: 2000000 | I21: =G21+H21 -> 2000000 | K21: =I21+J21 -> 2000000 | L21: 2000000 | N21: =SUM(L21:M21) -> 2000000 | P21: =SUM(N21,O21) -> 2000000
A22: 3110202 | B22: Completion of ward office-Masige West | C22: Masige West | D22: 3059270 | F22: =SUM(D22:E22) -> 3059270 | G22: 3059270 | I22: =G22+H22 -> 3059270 | K22: =I22+J22 -> 3059270 | N22: =SUM(L22:M22) -> 0 | P22: =SUM(N22,O22) -> 0
A23: 3110202 | B23: Completion of ward office-Tabaka | C23: Tabaka | D23: 3059270 | F23: 0 | G23: 2500000 | I23: =G23+H23 -> 2500000 | K23: =I23+J23 -> 2500000 | L23: 2500000 | N23: =SUM(L23:M23) -> 2500000 | P23: =SUM(N23,O23) -> 2500000 | Q23: 2500000
A24: 3110202 | B24: Completion of ward office (Administration Block)-Nyatieko | C24: Nyatieko | D24: 1000000 | F24: =SUM(D24:E24) -> 1000000 | G24: 1000000 | I24: =G24+H24 -> 1000000 | K24: =I24+J24 -> 1000000 | L24: 1000000 | N24: =SUM(L24:M24) -> 1000000 | P24: =SUM(N24,O24) -> 1000000
A25: 3110202 | B25: Completion of ward office (Administration Block)-Riana | C25: Riana | D25: 1005087 | E25: 1005084 | F25: =SUM(D25:E25) -> 2010171 | G25: 2010171 | I25: =G25+H25 -> 2010171 | K25: =I25+J25 -> 2010171 | N25: =SUM(L25:M25) -> 0 | P25: =SUM(N25,O25) -> 0
A26: 3110202 | B26: Completion of ward office at Omogwa | C26: Bogetenga | I26: 0 | L26: 1200000 | N26: =SUM(L26:M26) -> 1200000 | P26: =SUM(N26,O26) -> 1200000 | Q26: 1200000
A27: 3110599 | B27: Fencing of ward office-Kisii Central Ward Office | C27: Kisii Central | G27: 800000 | I27: =G27+H27 -> 800000 | L27: 1000000 | N27: =SUM(L27:M27) -> 1000000 | P27: =SUM(N27,O27) -> 1000000
A28: 3110599 | B28: Completion of Irongo Ward Office & perimeter wall | C28: Bassi Chache | L28: 7000000 | N28: =SUM(L28:M28) -> 7000000 | O28: -7000000 | P28: =SUM(N28,O28) -> 0 | Q28: 7000000
A29: 3110599 | B29: Construction of ward office Boikanga | C29: Boikanga | L29: 3000000 | N29: =SUM(L29:M29) -> 3000000 | P29: =SUM(N29,O29) -> 3000000
A30: 3110599 | B30: Construction of ward office, Toilet and Equipment | C30: Marani | L30: 6000000 | N30: =SUM(L30:M30) -> 6000000 | P30: =SUM(N30,O30) -> 6000000 | Q30: 6000000
B31: SUB TOTAL | D31: =SUM(D17:D25) -> 18177917 | E31: =SUM(E17:E25) -> 4437334 | F31: =SUM(F17:F25) -> 19555981 | G31: =SUM(G17:G25) -> 22055981 | H31: =SUM(H16:H25) -> 0 | I31: =SUM(I16:I25) -> 22055981 | J31: =SUM(J16:J25) -> 0 | K31: =SUM(K16:K25) -> 22055981 | L31: =SUM(L17:L30) -> 35186540 | M31: =SUM(M17:M30) -> 0 | N31: =SUM(N17:N30) -> 35186540 | O31: =SUM(O17:O30) -> -13867420 | P31: =SUM(N31,O31) -> 21319120 | Q31: =SUM(Q17:Q30) -> 23567420
A32: 3110202 | B32: Extension of Marani Sub-County office -Phase II | C32: Kitutu Chache North | D32: 9500000 | F32: =SUM(D32:E32) -> 9500000 | L32: 0 | N32: =SUM(L32:M32) -> 0 | O32: =SUM(M32:N32) -> 0 | P32: =SUM(N32,O32) -> 0
A33: 3110202 | B33: Construction of County Court | C33: Kisii Central | D33: 3000000 | F33: =SUM(D33:E33) -> 3000000 | G33: 2921978 | H33: -2921978 | I33: =G33+H33 -> 0 | K33: =I33+J33 -> 0 | L33: 0 | N33: =SUM(L33:M33) -> 0 | O33: =SUM(M33:N33) -> 0 | P33: =SUM(N33,O33) -> 0 | Q33: 3000000
A34: 3110599 | B34: Fencing of treasury | C34: County Treasury | D34: 3601466 | F34: =SUM(D34:E34) -> 3601466 | G34: 3601466 | I34: =G34+H34 -> 3601466 | K34: =I34+J34 -> 3601466 | L34: 0 | N34: =SUM(L34:M34) -> 0 | O34: =SUM(M34:N34) -> 0 | P34: =SUM(N34,O34) -> 0
A35: 3110599 | B35: Construction of Enforcement unit at Daraja mbili | C35: Kitutu Central | E35: 520575 | F35: =SUM(D35:E35) -> 520575 | G35: 520575 | H35: -520575 | I35: =G35+H35 -> 0 | K35: =I35+J35 -> 0 | L35: 0 | N35: =SUM(L35:M35) -> 0 | O35: =SUM(M35:N35) -> 0 | P35: =SUM(N35,O35) -> 0 | Q35: 1000000
A36: 3110599 | B36: Installation of split air conditional in computer server room | C36: Headquarters | E36: 1468050 | F36: =SUM(D36:E36) -> 1468050 | I36: =G36+H36 -> 0 | K36: =I36+J36 -> 0 | L36: 0 | N36: =SUM(L36:M36) -> 0 | O36: =SUM(M36:N36) -> 0 | P36: =SUM(N36,O36) -> 0
A37: 3110599 | B37: Erection of stone wall fence at Treasury Phase II | C37: County Treasury | Q37: 15000000
A38: 3110599 | B38: Rehabilitation of Treasury compound buildings | C38: County Treasury | Q38: 15000000
A39: 3110599 | B39: Completion of Toilets at Treasury Compond | C39: County Treasury | Q39: 2000000
A40: 3110599 | B40: Rehabilitation of Incinerator | C40: County Treasury | Q40: 1000000
B41: SUB TOTAL | D41: =SUM(D32:D36) -> 16101466 | E41: =SUM(E32:E36) -> 1988625 | F41: =SUM(F32:F36) -> 18090091 | G41: =SUM(G32:G36) -> 7044019 | H41: =SUM(H32:H36) -> -3442553 | I41: =SUM(I33:I36) -> 3601466 | J41: =SUM(J32:J36) -> 0 | K41: =SUM(K33:K36) -> 3601466 | L41: =SUM(L33:L36) -> 0 | M41: =SUM(M33:M36) -> 0 | N41: =SUM(N33:N36) -> 0 | O41: =SUM(O33:O36) -> 0 | P41: =SUM(N41,O41) -> 0 | Q41: =SUM(Q32:Q40) -> 37000000
B42: Construction of Pit latrines at Ward Offices | L42: 0 | N42: =SUM(L42:M42) -> 0 | O42: =SUM(M42:N42) -> 0 | P42: =SUM(N42,O42) -> 0 | Q42: =SUM(O42,P42) -> 0
A43: 3110299 | B43: Construction of Pit Latrine at Bomariba Ward Office | C43: Bomariba | D43: 800000 | F43: =SUM(D43:E43) -> 800000 | G43: 800000 | I43: =G43+H43 -> 800000 | K43: =I43+J43 -> 800000 | L43: 0 | N43: =SUM(L43:M43) -> 0 | O43: =SUM(M43:N43) -> 0 | P43: =SUM(N43,O43) -> 0
A44: 3110299 | B44: Construction of Toilet Block at County Treasury | C44: Headquarters | D44: 1000000 | F44: =SUM(D44:E44) -> 1000000 | G44: 1000000 | I44: =G44+H44 -> 1000000 | K44: =I44+J44 -> 1000000 | L44: 0 | N44: =SUM(L44:M44) -> 0 | O44: =SUM(M44:N44) -> 0 | P44: =SUM(N44,O44) -> 0
A45: 3110299 | B45: Construction of Pit Latrine | C45: Masimba | D45: 800000 | E45: -800000 | F45: =SUM(D45:E45) -> 0 | G45: 1000000 | H45: -1000000 | I45: =G45+H45 -> 0 | K45: =I45+J45 -> 0 | L45: 0 | N45: =SUM(L45:M45) -> 0 | O45: =SUM(M45:N45) -> 0 | P45: =SUM(N45,O45) -> 0
A46: 3110299 | B46: Construction of Pit Latrine at Kitutu Chache South Sub County Office | C46: Mosocho | D46: 800000 | F46: =SUM(D46:E46) -> 800000 | G46: 800000 | I46: =G46+H46 -> 800000 | K46: =I46+J46 -> 800000 | L46: 0 | N46: =SUM(L46:M46) -> 0 | O46: =SUM(M46:N46) -> 0 | P46: =SUM(N46,O46) -> 0
A47: 3110299 | B47: Construction of Pit Latrine at Nyatieko Ward Office | C47: Nyatieko | D47: 600000 | F47: =SUM(D47:E47) -> 600000 | G47: 600000 | H47: -600000 | I47: =G47+H47 -> 0 | K47: =I47+J47 -> 0 | L47: 0 | N47: =SUM(L47:M47) -> 0 | O47: =SUM(M47:N47) -> 0 | P47: =SUM(N47,O47) -> 0
B48: SUB TOTAL | D48: =SUM(D43:D47) -> 4000000 | E48: =SUM(E43:E47) -> -800000 | F48: =SUM(F43:F47) -> 3200000 | G48: =SUM(G43:G47) -> 4200000 | H48: =SUM(H43:H47) -> -1600000 | I48: =SUM(I43:I47) -> 2600000 | J48: =SUM(J43:J47) -> 0 | K48: =SUM(K43:K47) -> 2600000 | ... O48: =SUM(O43:O47) -> 0 | P48: =SUM(N48,O48) -> 0 | Q48: =SUM(Q43:Q47) -> 0
B49: TOTAL PUBLIC SERVICE AND COUNTY ADMINISTRATION | D49: =SUM(#REF!,D48,D41,D31) -> #REF! | E49: =SUM(#REF!,E48,E41,E31) -> #REF! | F49: =SUM( ,F48,F41,F31) -> 40846072 | G49: =SUM( ,G48,G41,G31) -> 33300000 | H49: =SUM( ,H48,H41,H31) -> -5042553 | I49: =SUM( ,I48,I41,I31) -> 28257447 | J49: =SUM( ,J48,J41,J31) -> 0 | K49: =SUM( ,K48,K41,K31) -> 28257447 | L49: =SUM(L15,L31,L41,L48) -> 35186540 | M49: =SUM(M15,M31,M41,M48) -> 362000000 | N49: =SUM(N15,N31,N41,N48) -> 397186540 | O49: =SUM(O15,O31,O41,O48) -> -3867420 | P49: =SUM(N49,O49) -> 393319120 | Q49: =SUM(Q48,Q41,Q31,Q15) -> 192186540
B50: PUBLIC PARTICIPATION, DISASTER SERVICES AND SPECIAL PROGRAMMES | P50: =SUM(N50,O50) -> 0 | Q50: =SUM(O50,P50) -> 0
A51: 3110902 | B51: Purchase of Household and Institution appliances ( Thunder Arrestors) | C51: Headquarters | D51: 4000000 | F51: =SUM(D51:E51) -> 4000000 | G51: 4000000 | I51: =G51+H51 -> 4000000 | K51: =I51+J51 -> 4000000 | P51: =SUM(N51,O51) -> 0 | Q51: 5000000
A52: 3111106 | B52: Purchase of Fire fighting Vehicles and Equipment (Pending Payment) | C52: Headquarters | D52: 16600000 | F52: =SUM(D52:E52) -> 16600000 | G52: 0 | I52: =G52+H52 -> 0 | K52: =I52+J52 -> 0 | P52: =SUM(N52,O52) -> 0
B53: Fire hydrants civil works | C53: Headquarters | D53: 1500000 | F53: =SUM(D53:E53) -> 1500000 | G53: 1500000 | H53: -100000 | I53: =G53+H53 -> 1400000 | K53: =I53+J53 -> 1400000 | P53: =SUM(N53,O53) -> 0
B54: Purchase of 2 No. Fire Engine | C54: Headquarters | L54: 0 | M54: 50000000 | N54: =SUM(L54:M54) -> 50000000 | O54: -50000000 | P54: =SUM(N54,O54) -> 0
A55: 3111120 | B55: Purchase of Rescue Machinery | C55: Headquarters | D55: 3900000 | F55: =SUM(D55:E55) -> 3900000 | G55: 3900000 | H55: -3900000 | I55: =G55+H55 -> 0 | K55: =I55+J55 -> 0 | N55: =SUM(L55:M55) -> 0 | P55: =SUM(N55,O55) -> 0
B56: SUB TOTAL | D56: =SUM(D51:D55) -> 26000000 | E56: =SUM(E51:E55) -> 0 | F56: =SUM(F51:F55) -> 26000000 | G56: =SUM(G51:G55) -> 9400000 | H56: =SUM(H51:H55) -> -4000000 | I56: =SUM(I51:I55) -> 5400000 | J56: =SUM(J51:J55) -> 0 | K56: =SUM(K51:K55) -> 5400000 | ... O56: =SUM(O51:O55) -> -50000000 | P56: =SUM(N56,O56) -> 0 | Q56: =SUM(Q51:Q55) -> 5000000
B57: Special programmes | P57: =SUM(N57,O57) -> 0
A58: 3110599 | B58: Kisii Central Ward Office (Ward based project) | G58: 800000 | I58: =G58+H58 -> 800000 | K58: =I58+J58 -> 800000 | L58: 0 | N58: 0 | P58: =SUM(N58,O58) -> 0
B59: SUB TOTAL | D59: =SUM(#REF!) -> #REF! | E59: =SUM(#REF!) -> #REF! | F59: =SUM(F58) -> 0 | G59: =SUM(G58) -> 800000 | H59: =SUM(H58) -> 0 | I59: =SUM(I58) -> 800000 | J59: =SUM(J58) -> 0 | K59: =SUM(K58) -> 800000 | L59: =SUM(L58) -> 0 | M59: =SUM(M58) -> 0 | N59: =SUM(N58) -> 0 | P59: =SUM(N59,O59) -> 0 | Q59: =SUM(Q57:Q58) -> 0
B60: TOTAL PUBLIC PARTICIPATION, DISASTER SERVICES AND SPECIAL PROGRAMMES | D60: =SUM(D59,D56) -> #REF! | E60: =SUM(E59,E56) -> #REF! | F60: =SUM(F59,F56) -> 26000000 | G60: =SUM(G59,G56) -> 10200000 | H60: =SUM(H59,H56) -> -4000000 | I60: =SUM(I59,I56) -> 6200000 | J60: =SUM(J59,J56) -> 0 | K60: =SUM(K59,K56) -> 6200000 | L60: =SUM(L56,L59) -> 0 | M60: =SUM(M56,M59) -> 50000000 | N60: =SUM(N56,N59) -> 50000000 | O60: =SUM(O56,O59) -> -50000000 | P60: =SUM(N60,O60) -> 0 | Q60: =SUM(Q59,Q56) -> 5000000
B61: TOTAL PUBLIC SERVICE, COUNTY ADMINISTRATION AND PARTICIPATORY DEVELOPMENT | D61: =SUM(D60,D49) -> #REF! | E61: =SUM(E60,E49) -> #REF! | F61: =SUM(F60,F49) -> 66846072 | G61: =SUM(G60,G49) -> 43500000 | H61: =SUM(H60,H49) -> -9042553 | I61: =SUM(I60,I49) -> 34457447 | J61: =SUM(J60,J49) -> 0 | K61: =SUM(K60,K49) -> 34457447 | L61: =SUM(L60,L49,L15) -> 35186540 | M61: =M60+M49 -> 412000000 | N61: =SUM(N60,N49) -> 447186540 | O61: =SUM(O60,O49) -> -53867420 | P61: =SUM(N61,O61) -> 393319120 | Q61: =SUM(Q60,Q49) -> 197186540
A62: FINANCE, ECONOMIC PLANNING AND ICT | P62: =SUM(N62,O62) -> 0 | Q62: =SUM(O62,P62) -> 0
A63: ECONOMIC PLANNING AND ICT SERVICES | P63: =SUM(N63,O63) -> 0 | Q63: =SUM(O63,P63) -> 0
A64: 3111112 | B64: Supply and Installation of video conference solution | C64: Headquarters | F64: =SUM(D64:E64) -> 0 | N64: =SUM(L64:M64) -> 0 | P64: =SUM(N64,O64) -> 0
A65: 3111111 | B65: Enterprise Computer Operating Platform for all departments - Phase 1 | C65: Headquarters | F65: =SUM(D65:E65) -> 0 | N65: =SUM(L65:M65) -> 0 | P65: =SUM(N65,O65) -> 0
A66: 3111111 | B66: Installation and Extension of CCTV to key service points | C66: KTRH | D66: 20000000 | E66: -5000000 | F66: =SUM(D66:E66) -> 15000000 | G66: 10000000 | H66: 15000000 | I66: =G66+H66 -> 25000000 | J66: -25000000 | K66: =I66+J66 -> 0 | N66: =SUM(L66:M66) -> 0 | P66: =SUM(N66,O66) -> 0
B67: Purchase of Software | J67: 9960828 | K67: =I67+J67 -> 9960828 | N67: =SUM(L67:M67) -> 0 | P67: =SUM(N67,O67) -> 0
A68: 3111299 | B68: Upgrade of Data center, recovery Site and virtualization of Servers for hosting of county applications and data | C68: Headquarters | D68: 30000000 | E68: -22500000 | F68: =SUM(D68:E68) -> 7500000 | G68: 17307271 | I68: =G68+H68 -> 17307271 | K68: =I68+J68 -> 17307271 | N68: =SUM(L68:M68) -> 0 | P68: =SUM(N68,O68) -> 0
A69: 3111120 | B69: Customization and Implementation of Revenue collection and management system (Equipment for Revenue management system) | C69: Headquarters | D69: 25000000 | E69: 6000000 | F69: =SUM(D69:E69) -> 31000000 | G69: 25000000 | H69: -8000000 | I69: =G69+H69 -> 17000000 | K69: =I69+J69 -> 17000000 | N69: =SUM(L69:M69) -> 0 | P69: =SUM(N69,O69) -> 0
A70: 3111120 | B70: ICT equipment | C70: Headquarters | D70: 20000000 | E70: -5000000 | F70: =SUM(D70:E70) -> 15000000 | I70: =G70+H70 -> 0 | K70: =I70+J70 -> 0 | N70: =SUM(L70:M70) -> 0 | P70: =SUM(N70,O70) -> 0
B71: Machinery Monitoring System | E71: 25000000 | F71: =SUM(D71:E71) -> 25000000 | G71: 25000000 | H71: 30000000 | I71: =G71+H71 -> 55000000 | J71: -55000000 | K71: =I71+J71 -> 0 | L71: 0 | N71: =SUM(L71:M71) -> 0 | P71: =SUM(N71,O71) -> 0
B72: Installation and deployment of Enterprise Endpoint Security Solution for County ICT Systems | C72: Headquarters | I72: 0 | K72: =I72+J72 -> 0 | N72: =SUM(L72:M72) -> 0 | P72: =SUM(N72,O72) -> 0
B73: Enterprise mail upgrade, licensing and high availability implementation | C73: Headquarters | I73: 0 | K73: =I73+J73 -> 0 | N73: =SUM(L73:M73) -> 0 | P73: =SUM(N73,O73) -> 0
B74: Installation of solar based Power backup at the Headquater and Subcounties to support implementation of systems | C74: Headquarters | I74: 0 | K74: =I74+J74 -> 0 | N74: =SUM(L74:M74) -> 0 | P74: =SUM(N74,O74) -> 0
B75: SDWAN Micro Edge Security For Sub-County connections | C75: Headquarters | L75: 0 | M75: 3000000 | N75: =SUM(L75:M75) -> 3000000 | P75: =SUM(N75,O75) -> 3000000
B76: End Point Security | C76: Headquarters | L76: 0 | M76: 4000000 | N76: =SUM(L76:M76) -> 4000000 | P76: =SUM(N76,O76) -> 4000000
B77: Outdoor Advertising Screens | C77: Headquarters | L77: 0 | M77: 27146422 | N77: =SUM(L77:M77) -> 27146422 | O77: -27146422 | P77: =SUM(N77,O77) -> 0
B78: Installation of solar based Power backup at the County Treasury to support service uptime | C78: Headquarters | L78: 3000000 | N78: =SUM(L78:M78) -> 3000000 | P78: =SUM(N78,O78) -> 3000000
B79: Online Recruitment System | C79: Headquarters | I79: 0 | K79: =I79+J79 -> 0 | N79: =SUM(L79:M79) -> 0 | P79: =SUM(N79,O79) -> 0
B80: Upgrade of Core LAN/WAN/SDWAN network and monitoring infrastructure (firewall, power, routing and switching) | C80: Headquarters | I80: 0 | K80: =I80+J80 -> 0 | N80: =SUM(L80:M80) -> 0 | P80: =SUM(N80,O80) -> 0
B81: Upgrade of core network infrastructure to enhance connectivity ,reliabilty across the departments and sub counties to support critical systems including IFMIS ,Revenue Management Systems and the HMIS for improved service delivery | C81: Headquarters | Q81: 6000000
B82: Vulnerability Assessment and penetration Testing(VAPT) with remediation for all applications systems ,networks ,end user devices | C82: Headquarters | Q82: 4000000
B83: TOTAL FINANCE, ECONOMIC PLANNING AND ICT | D83: =SUM(D66:D71) -> 95000000 | E83: =SUM(E66:E71) -> -1500000 | F83: =SUM(F66:F71) -> 93500000 | G83: =SUM(G66:G71) -> 77307271 | H83: =SUM(H66:H71) -> 37000000 | I83: =SUM(I66:I71) -> 114307271 | J83: =SUM(J66:J71) -> -70039172 | K83: =SUM(K66:K71) -> 44268099 | L83: =SUM(L66:L80) -> 3000000 | M83: =SUM(M66:M80) -> 34146422 | N83: =SUM(N66:N80) -> 37146422 | O83: =SUM(O66:O80) -> -27146422 | P83: =SUM(N83,O83) -> 10000000 | Q83: =SUM(Q75:Q82) -> 10000000
A84: AGRICULTURE, LIVESTOCK, FISHERIES AND CO-OPERATIVE DEVELOPMENT | P84: =SUM(N84,O84) -> 0 | Q84: =SUM(O84,P84) -> 0
A85: AGRICULTURE AND CO-OPERATIVES DEVELOPMENT | P85: =SUM(N85,O85) -> 0 | Q85: =SUM(O85,P85) -> 0
A86: 2640503 | B86: Kenya Agricultural Development Project SIDA contribution | C86: Headquarters | D86: 3168601 | F86: =SUM(D86:E86) -> 3168601 | G86: 11918919 | I86: =G86+H86 -> 11918919 | K86: =I86+J86 -> 11918919 | N86: =SUM(L86:M86) -> 0 | P86: =SUM(N86,O86) -> 0
A87: 2640503 | B87: Kenya Agricultural Development Project County contribution | G87: 5000000 | I87: =G87+H87 -> 5000000 | K87: =I87+J87 -> 5000000 | N87: =SUM(L87:M87) -> 0 | P87: =SUM(N87,O87) -> 0 | Q87: =SUM(O87,P87) -> 0
B88: SUB-TOTAL | D88: =SUM(D86) -> 3168601 | E88: =SUM(E86) -> 0 | F88: =SUM(F86) -> 3168601 | G88: =SUM(G86:G87) -> 16918919 | H88: =SUM(H86:H87) -> 0 | I88: =SUM(I86:I87) -> 16918919 | J88: =SUM(J86:J87) -> 0 | K88: =SUM(K86:K87) -> 16918919 | L88: =SUM(L86:L87) -> 0 | M88: =SUM(M86:M87) -> 0 | N88: =SUM(N86:N87) -> 0 | P88: =SUM(N88,O88) -> 0 | Q88: =SUM(Q86:Q87) -> 0
A89: AGRICULTURE BUSINESS DEVELOPMENT PROGRAMME | P89: =SUM(N89,O89) -> 0 | Q89: =SUM(O89,P89) -> 0
B90: Agriculture Business Development Programme | G90: 0 | H90: 10918919 | I90: =G90+H90 -> 10918919 | K90: =I90+J90 -> 10918919 | L90: 10918919 | N90: =SUM(L90:M90) -> 10918919 | P90: =SUM(N90,O90) -> 10918919
B91: Agriculture Business Development Programme-Unspent | G91: 0 | H91: 10918919 | I91: =G91+H91 -> 10918919 | L91: 10918919 | N91: =SUM(L91:M91) -> 10918919 | P91: =SUM(N91,O91) -> 10918919
B92: SUB-TOTAL | D92: =SUM(D90) -> 0 | E92: =SUM(E90) -> 0 | F92: =SUM(F90) -> 0 | G92: =SUM(G90:G90) -> 0 | H92: =SUM(H90:H90) -> 10918919 | I92: =SUM(I90:I90) -> 10918919 | J92: =SUM(J90:J90) -> 0 | K92: =SUM(K90:K90) -> 10918919 | L92: =SUM(L90:L91) -> 21837838 | M92: =SUM(M90:M91) -> 0 | N92: =SUM(N90:N91) -> 21837838 | O92: =SUM(O90:O91) -> 0 | P92: =SUM(N92,O92) -> 21837838 | Q92: =SUM(Q90:Q91) -> 0
B93: NATIONAL AGRICULTURAL AND RURAL INCLUSIVE GROWTH PROJECT (NARIGP) | I93: =G93+H93 -> 0 | K93: =I93+J93 -> 0 | P93: =SUM(N93,O93) -> 0
A94: 2630203 | B94: National Agricultural and Rural inclusive growth project(WB) | C94: 21 wards | D94: 150000000 | E94: -145000000 | F94: =SUM(D94:E94) -> 5000000 | I94: =G94+H94 -> 0 | K94: =I94+J94 -> 0 | P94: =SUM(N94,O94) -> 0
B95: SUB TOTAL | D95: =SUM(D94:D94) -> 150000000 | E95: =SUM(E94:E94) -> -145000000 | F95: =SUM(F94:F94) -> 5000000 | G95: =SUM(G94:G94) -> 0 | H95: =SUM(H94:H94) -> 0 | I95: =G95+H95 -> 0 | J95: =SUM(J93:J94) -> 0 | K95: =SUM(K93:K94) -> 0 | L95: =SUM(L93:L94) -> 0 | N95: =SUM(N93:N94) -> 0 | P95: =SUM(N95,O95) -> 0 | Q95: =SUM(Q93:Q94) -> 0
B96: National Agricultural Value Chain Development Project(NAVCDP) | I96: =G96+H96 -> 0 | P96: =SUM(N96,O96) -> 0 | Q96: =SUM(O96,P96) -> 0
A97: 2640503 | B97: National Agricultural Value Chain Development Project (WB Contribution) | C97: 45Wards | D97: 250000000 | E97: 67192656 | F97: =SUM(D97:E97) -> 317192656 | G97: 251515512 | H97: -100000000 | I97: =G97+H97 -> 151515512 | K97: =I97+J97 -> 151515512 | L97: =231250000 -> 231250000 | M97: 0 | N97: =SUM(L97:M97) -> 231250000 | P97: =SUM(N97,O97) -> 231250000 | Q97: 105000000
A98: 2630203 | B98: National Agricultural Value Chain Development Project (KCG Contribution) | C98: 45Wards | D98: 5000000 | E98: 5000000 | F98: =SUM(D98:E98) -> 10000000 | G98: 10000000 | I98: =G98+H98 -> 10000000 | K98: =I98+J98 -> 10000000 | L98: 5000000 | M98: 0 | N98: =SUM(L98:M98) -> 5000000 | P98: =SUM(N98,O98) -> 5000000
B99: SUB TOTAL | D99: =SUM(D97:D98) -> 255000000 | E99: =SUM(E97:E98) -> 72192656 | F99: =SUM(F97:F98) -> 327192656 | G99: =SUM(G97:G98) -> 261515512 | H99: =SUM(H97:H98) -> -100000000 | I99: =SUM(I97:I98) -> 161515512 | J99: =SUM(J97:J98) -> 0 | K99: =SUM(K97:K98) -> 161515512 | ... O99: =SUM(O97:O98) -> 0 | P99: =SUM(N99,O99) -> 236250000 | Q99: =SUM(Q97:Q98) -> 105000000
B100: AGROPROCESSING | I100: =G100+H100 -> 0 | K100: =I100+J100 -> 0 | N100: =SUM(L100:M100) -> 0 | P100: =SUM(N100,O100) -> 0 | Q100: =SUM(O100,P100) -> 0
...

Sheet Salo & OM
B1: DEPARTMENT | C1: PE | D1: O& M | E1: TOTALS
A2: 1 | B2: EXECUTIVE OFFICE OF THE GOVERNOR | C2: =EXECUTIVE!K16 -> 220000000 | D2: =EXECUTIVE!K180 -> 328744950 | E2: =SUM(C2:D2) -> 548744950 | F2: 548744950 | G2: =F2-E2 -> 0
A3: 2 | B3: PUBLIC SERVICE BOARD | C3: 0 | D3: =CPSB!K67 -> 14870000 | E3: =SUM(C3:D3) -> 14870000 | F3: 14870000 | G3: =F3-E3 -> 0
A4: 3 | B4: OFFICE OF THE COUNTY ATTORNEY | C4: ='OFFICE OF THE COUNTY ATTORNEY'!K16 -> 30000000 | D4: ='OFFICE OF THE COUNTY ATTORNEY'!K83 -> 30000000 | E4: =SUM(C4:D4) -> 60000000 | F4: 60000000 | G4: =F4-E4 -> 0
A5: 4 | B5: ADMINISTRATION | C5: =ADMINISTRATION!K15 -> 503820424 | D5: =ADMINISTRATION!K134 -> 116907139 | E5: =SUM(C5:D5) -> 620727563 | F5: 620727563 | G5: =F5-E5 -> 0
A6: 5 | B6: STAKEHOLDER MANAGEMENT | C6: =STAKEHOLDER!K13 -> 46179576 | D6: =STAKEHOLDER!K90+1900000 -> 9070000 | E6: =SUM(C6:D6) -> 55249576 | F6: 53349576 | G6: =F6-E6 -> -1900000
A7: 6 | B7: FINANCE AND ACCOUNTING SERVICES | C7: =FINANCE!K17 -> 577136160 | D7: =FINANCE!K224 -> 631050000 | E7: =SUM(C7:D7) -> 1208186160 | F7: 1208186160 | G7: =F7-E7 -> 0
A8: 7 | B8: ECONOMIC PLANNING | C8: =PLANNING!K14 -> 72863840 | D8: =PLANNING!K176 -> #REF! | E8: =SUM(C8:D8) -> #REF! | F8: 100019642 | G8: =F8-E8 -> #REF!
A9: 8 | B9: FISHERIES, LIVESTOCK AND VETERINARY SERVICES | C9: ='LIVESTOCK & VET'!K15 -> 101024568 | D9: ='LIVESTOCK & VET'!K140 -> 10553249 | E9: =SUM(C9:D9) -> 111577817 | F9: 111577817 | G9: =F9-E9 -> 0
A10: 9 | B10: AGRICULTURE AND CO-OPERATIVE DEVELOPMENT | C10: ='AGRIC & COOP'!I16 -> 168975432 | D10: ='AGRIC & COOP'!I205 -> 8740000 | E10: =SUM(C10:D10) -> 177715432 | F10: 177715432 | G10: =F10-E10 -> 0
A11: 10 | B11: WATER AND SANITATION SERVICES | C11: ='WATER, ENERGY, ENVIRONMENT AND '!K13 -> 70000000 | D11: ='WATER, ENERGY, ENVIRONMENT AND '!K108 -> 38686382 | E11: =SUM(C11:D11) -> 108686382 | F11: 108686382 | G11: =F11-E11 -> 0
A12: 11 | B12: ENERGY, ENVIRONMENT AND NATURAL RESOURCES | C12: 0 | D12: 0 | E12: =SUM(C12:D12) -> 0 | F12: 0 | G12: =F12-E12 -> 0
A13: 12 | B13: EDUCATION | C13: =EDUCATION!K13 -> 760000000 | D13: =EDUCATION!K96 -> 126715305 | E13: =SUM(C13:D13) -> 886715305 | F13: 8.867153e+08 | G13: =F13-E13 -> -0.25
A14: 13 | B14: MEDICAL SERVICES | C14: =MEDICAL!K20 -> 3423358145 | D14: =MEDICAL!K306+MEDICAL!K212+MEDICAL!K109 -> 1886183262 | E14: =SUM(C14:D14) -> 5309541407 | F14: 5309541407 | G14: =F14-E14 -> 0
A15: 14 | B15: PUBLIC HEALTH & SANITATION | C15: 0 | D15: ='PUBLIC HEALTH'!K95 -> 267180000 | E15: =SUM(C15:D15) -> 267180000 | F15: 267180000 | G15: =F15-E15 -> 0
A16: 15 | B16: LANDS AND PHYSICAL PLANNING | C16: =LANDS!K13 -> 85700000 | D16: =LANDS!K124 -> 164782384 | E16: =SUM(C16:D16) -> 250482384 | F16: 250482384 | G16: =F16-E16 -> 0
A17: 16 | B17: ROADS & INFRASTRUCTURE | C17: =ROADS!K13 -> 141900000 | D17: =ROADS!K83 -> 17200000 | E17: =SUM(C17:D17) -> 159100000 | F17: 159100000 | G17: =F17-E17 -> 0
A18: 17 | B18: PUBLIC WORKS | C18: ='PUBLIC WORKS'!K13 -> 78100000 | D18: ='PUBLIC WORKS'!K71 -> 17072750 | E18: =SUM(C18:D18) -> 95172750 | F18: 95172750 | G18: =F18-E18 -> 0
A19: 18 | B19: TRADE,TOURISM, INDUSTRY AND MARKETING | C19: =TRADE!K13 -> 65000000 | D19: =TRADE!K259 -> 12873042 | E19: =SUM(C19:D19) -> 77873042 | F19: 77873042 | G19: =F19-E19 -> 0
A20: 19 | B20: CULTURE | C20: =CULTURE!K13 -> 80000000 | D20: =CULTURE!K173 -> 87552345 | E20: =SUM(C20:D20) -> 167552345 | F20: 167552345 | G20: =F20-E20 -> 0
A21: 20 | B21: KISII MUNICIPALITY | C21: ='KISII MUNICIPALITY'!K13 -> 91602484 | D21: ='KISII MUNICIPALITY'!K101 -> 12957337 | E21: =SUM(C21:D21) -> 104559821 | F21: 104559821 | G21: =F21-E21 -> 0
A22: 21 | B22: OGEMBO MUNICIPALITY | C22: ='OGEMBO MUNICIPALITY '!K13 -> 4300000 | D22: ='OGEMBO MUNICIPALITY '!K134 -> 10685175 | E22: =SUM(C22:D22) -> 14985175 | F22: 14985175 | G22: =F22-E22 -> 0
A23: 22 | B23: COUNTY ASSEMBLY | C23: =ASSEMBLY!H103 -> 652341142 | D23: 398802038 | E23: =SUM(C23:D23) -> 1051143180 | F23: 1051143180 | G23: =F23-E23 -> 0
B24: TOTAL | C24: =SUM(C2:C23) -> 7172301771 | D24: =SUM(D2:D23) -> #REF! | E24: =SUM(C24:D24) -> #REF!

Sheet EXECUTIVE
A1: OFFICE OF THE GOVERNOR AND DEPUTY GOVERNOR
A2: CHART OF ACCOUNTS -RECURRENT | C2: APPROVED BUDGET 2023/2024 | D2: Adjustments | E2: APPROVED REVISED BUDGET 2023/2024 | F2: APPROVED BUDGET 2024/2025 | G2: ADJUSTMENTS | H2: APPROVED REVISED BUDGET 2024/2025 | I2: ADJUSTMENTS | J2: APPROVED 2ND REVISED BUDGET 2024/2025 | K2: APPROVED BUDGET FY 2025/26 | L2: ADJUSTMENT | M2: APPROVED REVISED BUDGET FY 2025/26 | N2: ADJUSTMENT | O2: APPROVED 2ND REVISED BUDGET FY 2025/26 | P2: PROPOSED BUDGET FY 2026/27
A3: 10201 | B3: General Administration, Planning and Support Services
A4: 2100000 | B4: Compensation of Employees | O4: =SUM(M4:N4) -> 0
B5: Basic Salaries - Permanent Employees | O5: =SUM(M5:N5) -> 0
A6: 2110101 | B6: Basic Salaries | C6: 171102468 | E6: =SUM(C6:D6) -> 171102468 | F6: =SUM(D6:E6) -> 171102468 | H6: =F6+G6 -> 171102468 | J6: =H6+I6 -> 171102468 | K6: 151102468 | L6: -50000000 | M6: =SUM(K6:L6) -> 101102468 | O6: =SUM(M6:N6) -> 101102468 | P6: =SUM(N6:O6) -> 101102468
A7: Sub Total | C7: =SUM(C6) -> 171102468 | D7: =SUM(D6) -> 0 | E7: =SUM(E6) -> 171102468 | F7: =SUM(F6) -> 171102468 | G7: =SUM(G6) -> 0 | H7: =F7+G7 -> 171102468 | I7: =SUM(I6) -> 0 | J7: =H7+I7 -> 171102468 | K7: =SUM(K6) -> 151102468 | L7: =SUM(L6) -> -50000000 | M7: =SUM(M6) -> 101102468 | N7: =SUM(N6) -> 0 | O7: =SUM(O6) -> 101102468 | P7: =SUM(P6) -> 101102468
B8: Personal Allowance Paid as Part of Salary
A9: 2110301 | B9: House Allowance | C9: 27731233 | E9: =SUM(C9:D9) -> 27731233 | F9: =SUM(D9:E9) -> 27731233 | H9: =F9+G9 -> 27731233 | J9: =H9+I9 -> 27731233 | K9: 27731233 | M9: =SUM(K9:L9) -> 27731233 | O9: =SUM(M9:N9) -> 27731233 | P9: =SUM(N9:O9) -> 27731233
A10: 2110314 | B10: Transport Allowance | C10: 12494305 | E10: =SUM(C10:D10) -> 12494305 | F10: =SUM(D10:E10) -> 12494305 | H10: =F10+G10 -> 12494305 | J10: =H10+I10 -> 12494305 | K10: 12494305 | M10: =SUM(K10:L10) -> 12494305 | O10: =SUM(M10:N10) -> 12494305 | P10: =SUM(N10:O10) -> 12494305
A11: 2110320 | B11: Leave Allowance | C11: 1181240 | E11: =SUM(C11:D11) -> 1181240 | F11: =SUM(D11:E11) -> 1181240 | H11: =F11+G11 -> 1181240 | J11: =H11+I11 -> 1181240 | K11: 1181240 | M11: =SUM(K11:L11) -> 1181240 | O11: =SUM(M11:N11) -> 1181240 | P11: =SUM(N11:O11) -> 1181240
A12: 2110405 | B12: Telephone Allowance | C12: 408113 | E12: =SUM(C12:D12) -> 408113 | F12: =SUM(D12:E12) -> 408113 | H12: =F12+G12 -> 408113 | J12: =H12+I12 -> 408113 | K12: 408113 | M12: =SUM(K12:L12) -> 408113 | O12: =SUM(M12:N12) -> 408113 | P12: =SUM(N12:O12) -> 408113
A13: 2110502 | B13: Other Allowances | C13: 1960000 | E13: =SUM(C13:D13) -> 1960000 | F13: =SUM(D13:E13) -> 1960000 | H13: =F13+G13 -> 1960000 | J13: =H13+I13 -> 1960000 | K13: 1960000 | M13: =SUM(K13:L13) -> 1960000 | O13: =SUM(M13:N13) -> 1960000 | P13: =SUM(N13:O13) -> 1960000
A14: 2120103 | B14: Employer Contribution to Staff Pensions Scheme (Gratuity) | C14: 35122641 | E14: =SUM(C14:D14) -> 35122641 | F14: =SUM(D14:E14) -> 35122641 | H14: =F14+G14 -> 35122641 | J14: =H14+I14 -> 35122641 | K14: 25122641 | M14: =SUM(K14:L14) -> 25122641 | O14: =SUM(M14:N14) -> 25122641 | P14: =SUM(N14:O14) -> 25122641
A15: Sub Total | C15: =SUM(C9:C14) -> 78897532 | D15: =SUM(D9:D14) -> 0 | E15: =SUM(E9:E14) -> 78897532 | F15: =SUM(F9:F14) -> 78897532 | G15: =SUM(G9:G14) -> 0 | H15: =F15+G15 -> 78897532 | I15: =SUM(I9:I14) -> 0 | J15: =H15+I15 -> 78897532 | K15: =SUM(K8:K14) -> 68897532 | L15: =SUM(L8:L14) -> 0 | M15: =SUM(M8:M14) -> 68897532 | N15: =SUM(N9:N14) -> 0 | O15: =SUM(M15:N15) -> 68897532 | P15: =SUM(P8:P14) -> 68897532
A16: Total Salaries and Wages | C16: =C7+C15 -> 250000000 | D16: =D7+D15 -> 0 | E16: =E7+E15 -> 250000000 | F16: =F7+F15 -> 250000000 | G16: =G7+G15 -> 0 | H16: =F16+G16 -> 250000000 | I16: =I7+I15 -> 0 | J16: =H16+I16 -> 250000000 | K16: =K15+K7 -> 220000000 | L16: =L15+L7 -> -50000000 | M16: =M15+M7 -> 170000000 | N16: =N15+N7 -> 0 | O16: =SUM(M16:N16) -> 170000000 | P16: =P15+P7 -> 170000000
A17: 2200000 | B17: Use of Goods and Services | O17: =SUM(M17:N17) -> 0
B18: Utilities Supplies and Services | O18: =SUM(M18:N18) -> 0
A19: 2210101 | B19: Electricity | C19: 6000000 | D19: 1500000 | E19: =SUM(C19:D19) -> 7500000 | F19: 6000000 | H19: =F19+G19 -> 6000000 | J19: =H19+I19 -> 6000000 | K19: 6000000 | M19: =SUM(K19:L19) -> 6000000 | O19: =SUM(M19:N19) -> 6000000 | P19: 2000000
A20: 2210102 | B20: Water and sewerage charges | C20: 2000000 | E20: =SUM(C20:D20) -> 2000000 | F20: 2000000 | H20: =F20+G20 -> 2000000 | J20: =H20+I20 -> 2000000 | K20: 2000000 | M20: =SUM(K20:L20) -> 2000000 | O20: =SUM(M20:N20) -> 2000000 | P20: 2000000
A21: Sub Total | C21: =SUM(C19:C20) -> 8000000 | D21: =SUM(D19:D20) -> 1500000 | E21: =SUM(E19:E20) -> 9500000 | F21: =SUM(F19:F20) -> 8000000 | G21: =SUM(G19:G20) -> 0 | H21: =F21+G21 -> 8000000 | I21: =SUM(I19:I20) -> 0 | J21: =H21+I21 -> 8000000 | K21: =SUM(K19:K20) -> 8000000 | L21: =SUM(L19:L20) -> 0 | M21: =SUM(M19:M20) -> 8000000 | N21: =SUM(N19:N20) -> 0 | O21: =SUM(M21:N21) -> 8000000 | P21: =SUM(P19:P20) -> 4000000
B22: Communication, Supplies and Services | O22: =SUM(M22:N22) -> 0
A23: 2210201 | B23: Telephone, Telex, Facsmile and Mobile Phone Services | C23: 50000 | E23: =SUM(C23:D23) -> 50000 | F23: 50000 | H23: =F23+G23 -> 50000 | J23: =H23+I23 -> 50000 | K23: 50000 | M23: =SUM(K23:L23) -> 50000 | O23: =SUM(M23:N23) -> 50000 | P23: 50000
A24: 2210203 | B24: Courier and Postal Services | C24: 200000 | E24: =SUM(C24:D24) -> 200000 | F24: 200000 | H24: =F24+G24 -> 200000 | J24: =H24+I24 -> 200000 | K24: 50000 | M24: =SUM(K24:L24) -> 50000 | O24: =SUM(M24:N24) -> 50000 | P24: 50000
A25: Sub Total | C25: =SUM(C23:C24) -> 250000 | D25: =SUM(D23:D24) -> 0 | E25: =SUM(E23:E24) -> 250000 | F25: =SUM(F23:F24) -> 250000 | G25: =SUM(G23:G24) -> 0 | H25: =F25+G25 -> 250000 | I25: =SUM(I23:I24) -> 0 | J25: =H25+I25 -> 250000 | K25: =SUM(K22:K24) -> 100000 | L25: =SUM(L22:L24) -> 0 | M25: =SUM(K25:L25) -> 100000 | N25: =SUM(N23:N24) -> 0 | O25: =SUM(M25:N25) -> 100000 | P25: =SUM(P23:P24) -> 100000
B26: Domestic Travel and Subsistence, and Other Transportation Costs | M26: =SUM(K26:L26) -> 0 | O26: =SUM(M26:N26) -> 0 | P26: =SUM(N26:O26) -> 0
A27: 2210301 | B27: Travel Costs (airlines, bus, railway, mileage allowances, etc.) | C27: 500000 | E27: =SUM(C27:D27) -> 500000 | F27: 200000 | G27: -180000 | H27: =F27+G27 -> 20000 | J27: =H27+I27 -> 20000 | K27: 200000 | M27: =SUM(K27:L27) -> 200000 | O27: =SUM(M27:N27) -> 200000 | P27: 200000
A28: 2210302 | B28: Accommodation - Domestic Travel | C28: 4100000 | E28: =SUM(C28:D28) -> 4100000 | F28: 5000000 | H28: =F28+G28 -> 5000000 | J28: =H28+I28 -> 5000000 | K28: 6000000 | M28: =SUM(K28:L28) -> 6000000 | O28: =SUM(M28:N28) -> 6000000 | P28: 2000000
A29: 2210303 | B29: Daily Subsistence Allowance | C29: 11000000 | E29: =SUM(C29:D29) -> 11000000 | F29: 6000000 | H29: =F29+G29 -> 6000000 | J29: =H29+I29 -> 6000000 | K29: 6000000 | M29: =SUM(K29:L29) -> 6000000 | O29: =SUM(M29:N29) -> 6000000 | P29: 2000000
A30: 2210304 | B30: Sundry Items (e.g. airport tax, taxis, etc…) | C30: 100000 | E30: =SUM(C30:D30) -> 100000 | F30: 50000 | H30: =F30+G30 -> 50000 | J30: =H30+I30 -> 50000 | M30: =SUM(K30:L30) -> 0 | O30: =SUM(M30:N30) -> 0 | P30: 200000
A31: Sub Total | C31: =SUM(C27:C30) -> 15700000 | D31: =SUM(D27:D30) -> 0 | E31: =SUM(E27:E30) -> 15700000 | F31: =SUM(F27:F30) -> 11250000 | G31: =SUM(G27:G30) -> -180000 | H31: =SUM(H27:H30) -> 11070000 | I31: =SUM(I27:I30) -> 0 | J31: =SUM(J27:J30) -> 11070000 | ... L31: =SUM(L27:L30) -> 0 | M31: =SUM(K31:L31) -> 12200000 | N31: =SUM(N27:N30) -> 0 | O31: =SUM(M31:N31) -> 12200000 | P31: =SUM(P27:P30) -> 4400000
B32: Foreign Travel and Subsistence, and other transportation costs | M32: =SUM(K32:L32) -> 0 | O32: =SUM(M32:N32) -> 0
A33: 2210401 | B33: Travel Costs (airlines, bus, railway, etc.) | C33: 3000000 | D33: -2000000 | E33: =SUM(C33:D33) -> 1000000 | F33: 2000000 | G33: -2000000 | H33: =F33+G33 -> 0 | M33: =SUM(K33:L33) -> 0 | O33: =SUM(M33:N33) -> 0
A34: 2210402 | B34: Accommodation | C34: 1300000 | D34: -1300000 | E34: =SUM(C34:D34) -> 0 | F34: 2000000 | G34: -2000000 | H34: =F34+G34 -> 0 | J34: =H34+I34 -> 0 | M34: =SUM(K34:L34) -> 0 | O34: =SUM(M34:N34) -> 0
A35: 2210403 | B35: Daily Subsistence Allowance | C35: 6000000 | D35: -5000000 | E35: =SUM(C35:D35) -> 1000000 | F35: 1000000 | G35: -1000000 | H35: =F35+G35 -> 0 | M35: =SUM(K35:L35) -> 0 | O35: =SUM(M35:N35) -> 0
A36: 2210404 | B36: Sundry Items (airport tax, taxis, etc…) | C36: 100000 | E36: =SUM(C36:D36) -> 100000 | F36: 100000 | G36: -100000 | H36: =F36+G36 -> 0 | J36: =H36+I36 -> 0 | M36: =SUM(K36:L36) -> 0 | O36: =SUM(M36:N36) -> 0
A37: Sub Total | C37: =SUM(C33:C36) -> 10400000 | D37: =SUM(D33:D36) -> -8300000 | E37: =SUM(E33:E36) -> 2100000 | F37: =SUM(F33:F36) -> 5100000 | G37: =SUM(G33:G36) -> -5100000 | H37: =F37+G37 -> 0 | I37: =SUM(I33:I36) -> 0 | J37: =H37+I37 -> 0 | K37: =SUM(K33:K36) -> 0 | L37: =SUM(L33:L36) -> 0 | M37: =SUM(K37:L37) -> 0 | N37: =SUM(L37:M37) -> 0 | O37: =SUM(M37:N37) -> 0 | P37: =SUM(P32:P36) -> 0
B38: Printing , Advertising and Information Supplies and Services | M38: =SUM(K38:L38) -> 0 | O38: =SUM(M38:N38) -> 0 | P38: =SUM(N38:O38) -> 0
A39: 2210502 | B39: Publishing and Printing Services | C39: 2800000 | E39: =SUM(C39:D39) -> 2800000 | F39: 1000000 | G39: -400000 | H39: =F39+G39 -> 600000 | J39: =H39+I39 -> 600000 | K39: 100000 | M39: =SUM(K39:L39) -> 100000 | O39: =SUM(M39:N39) -> 100000 | P39: 100000
A40: 2210503 | B40: Subscriptions to Newspapers, Magazines and Periodicals | C40: 300000 | E40: =SUM(C40:D40) -> 300000 | F40: 100000 | H40: =F40+G40 -> 100000 | J40: =H40+I40 -> 100000 | K40: 100000 | M40: =SUM(K40:L40) -> 100000 | O40: =SUM(M40:N40) -> 100000 | P40: 275050
A41: 2210504 | B41: Advertising, Awareness and Publicity Campaigns | C41: 2000000 | E41: =SUM(C41:D41) -> 2000000 | F41: 2000000 | G41: -1100000 | H41: =F41+G41 -> 900000 | J41: =H41+I41 -> 900000 | K41: 10000000 | L41: -10000000 | M41: =SUM(K41:L41) -> 0 | O41: =SUM(M41:N41) -> 0 | P41: 0
A42: Sub Total | C42: =SUM(C39:C41) -> 5100000 | D42: =SUM(D39:D41) -> 0 | E42: =SUM(E39:E41) -> 5100000 | F42: =SUM(F39:F41) -> 3100000 | G42: =SUM(G39:G41) -> -1500000 | H42: =SUM(H39:H41) -> 1600000 | I42: =SUM(I39:I41) -> 0 | J42: =SUM(J39:J41) -> 1600000 | ... L42: =SUM(L39:L41) -> -10000000 | M42: =SUM(K42:L42) -> 200000 | N42: =SUM(N39:N41) -> 0 | O42: =SUM(M42:N42) -> 200000 | P42: =SUM(P39:P41) -> 375050
B43: Rentals of Produced Assets | H43: =F43+G43 -> 0 | J43: =H43+I43 -> 0 | K43: =I43+J43 -> 0 | M43: =SUM(K43:L43) -> 0 | O43: =SUM(M43:N43) -> 0
A44: 2210603 | B44: Payment of Rents and Rates - Non-Residential | C44: 2000000 | E44: =SUM(C44:D44) -> 2000000 | F44: 4000000 | G44: -3600000 | H44: =F44+G44 -> 400000 | J44: =H44+I44 -> 400000 | K44: 6000000 | M44: =SUM(K44:L44) -> 6000000 | N44: -6000000 | O44: =SUM(M44:N44) -> 0 | P44: 1000000
A45: Sub Total | C45: =SUM(C44) -> 2000000 | D45: =SUM(D44) -> 0 | E45: =SUM(E44) -> 2000000 | F45: =SUM(F44) -> 4000000 | G45: =SUM(G44) -> -3600000 | H45: =SUM(H44) -> 400000 | I45: =SUM(I44) -> 0 | J45: =SUM(J44) -> 400000 | ... L45: =SUM(L44) -> 0 | M45: =SUM(K45:L45) -> 6000000 | N45: =SUM(N44) -> -6000000 | O45: =SUM(M45:N45) -> 0 | P45: =SUM(P43:P44) -> 1000000
B46: Training Expense (including capacity building) | M46: =SUM(K46:L46) -> 0 | O46: =SUM(M46:N46) -> 0
A47: 2210701 | B47: Travel Allowance | C47: 150000 | E47: =SUM(C47:D47) -> 150000 | F47: 100000 | G47: -90000 | H47: =F47+G47 -> 10000 | J47: =H47+I47 -> 10000 | K47: 10000 | M47: =SUM(K47:L47) -> 10000 | O47: =SUM(M47:N47) -> 10000 | P47: 100000
A48: 2210710 | B48: Accommodation Allowance | C48: 500000 | E48: =SUM(C48:D48) -> 500000 | F48: 300000 | G48: -220000 | H48: =F48+G48 -> 80000 | J48: =H48+I48 -> 80000 | K48: 80000 | M48: =SUM(K48:L48) -> 80000 | O48: =SUM(M48:N48) -> 80000 | P48: 500000
A49: 2210711 | B49: Tuition Fees Allowance | C49: 1500000 | E49: =SUM(C49:D49) -> 1500000 | F49: 300000 | G49: -240000 | H49: =F49+G49 -> 60000 | J49: =H49+I49 -> 60000 | K49: 60000 | M49: =SUM(K49:L49) -> 60000 | O49: =SUM(M49:N49) -> 60000 | P49: 500000
A50: 2210715 | B50: Kenya School of Government (Pending bills) | C50: 1596720 | E50: =SUM(C50:D50) -> 1596720 | F50: 0 | H50: =F50+G50 -> 0 | J50: =H50+I50 -> 0 | K50: 1500000 | M50: =SUM(K50:L50) -> 1500000 | O50: =SUM(M50:N50) -> 1500000 | P50: 1500000
A51: Sub Total | C51: =SUM(C47:C50) -> 3746720 | D51: =SUM(D47:D50) -> 0 | E51: =SUM(E47:E50) -> 3746720 | F51: =SUM(F47:F50) -> 700000 | G51: =SUM(G47:G50) -> -550000 | H51: =F51+G51 -> 150000 | I51: =SUM(I47:I50) -> 0 | J51: =H51+I51 -> 150000 | K51: =SUM(K47:K50) -> 1650000 | L51: =SUM(L47:L50) -> 0 | M51: =SUM(K51:L51) -> 1650000 | N51: =SUM(N47:N50) -> 0 | O51: =SUM(M51:N51) -> 1650000 | P51: =SUM(P47:P50) -> 2600000
B52: Hospitality Supplies and Services | M52: =SUM(K52:L52) -> 0 | O52: =SUM(M52:N52) -> 0
A53: 2210802 | B53: Boards, Committees, Conferences and Seminars | C53: 2000000 | D53: -1000000 | E53: =SUM(C53:D53) -> 1000000 | F53: 2000000 | G53: 1740399.6 | H53: =F53+G53 -> 3740399.6 | J53: =H53+I53 -> 3740399.6 | K53: 1000000 | M53: =SUM(K53:L53) -> 1000000 | N53: 4158746 | O53: =SUM(M53:N53) -> 5158746 | P53: 1500000
A54: Sub Total | C54: =SUM(C53:C53) -> 2000000 | D54: =SUM(D53:D53) -> -1000000 | E54: =SUM(E53:E53) -> 1000000 | F54: =SUM(F53:F53) -> 2000000 | G54: =SUM(G53:G53) -> 1740399.6 | H54: =SUM(H53:H53) -> 3740399.6 | I54: =SUM(I53:I53) -> 0 | J54: =SUM(J53:J53) -> 3740399.6 | ... L54: =SUM(L53:L53) -> 0 | M54: =SUM(K54:L54) -> 1000000 | N54: =SUM(N52:N53) -> 4158746 | O54: =SUM(M54:N54) -> 5158746 | P54: =SUM(P53) -> 1500000
B55: Office and General Supplies and Services | O55: =SUM(M55:N55) -> 0
A56: 2211101 | B56: General Office Supplies (papers, pencils, forms, small office equipment etc) | C56: 2000000 | D56: -500000 | E56: =SUM(C56:D56) -> 1500000 | F56: 1500000 | G56: -500000 | H56: =F56+G56 -> 1000000 | J56: =H56+I56 -> 1000000 | K56: 1500000 | M56: =SUM(K56:L56) -> 1500000 | O56: =SUM(M56:N56) -> 1500000 | P56: 500000
A57: 2211102 | B57: Supplies and Accessories for Computers and Printers | C57: 400000 | E57: =SUM(C57:D57) -> 400000 | F57: 500000 | H57: =F57+G57 -> 500000 | J57: =H57+I57 -> 500000 | K57: 1000000 | M57: =SUM(K57:L57) -> 1000000 | O57: =SUM(M57:N57) -> 1000000 | P57: 500000
A58: 2211103 | B58: Sanitary and Cleaning Materials, Supplies and Services | C58: 1600000 | E58: =SUM(C58:D58) -> 1600000 | F58: 600000 | H58: =F58+G58 -> 600000 | J58: =H58+I58 -> 600000 | K58: 1200000 | M58: =SUM(K58:L58) -> 1200000 | O58: =SUM(M58:N58) -> 1200000 | P58: 500000
A59: Sub Total | C59: =SUM(C56:C58) -> 4000000 | D59: =SUM(D56:D58) -> -500000 | E59: =SUM(E56:E58) -> 3500000 | F59: =SUM(F56:F58) -> 2600000 | G59: =SUM(G56:G58) -> -500000 | H59: =SUM(H56:H58) -> 2100000 | I59: =SUM(I56:I58) -> 0 | J59: =SUM(J56:J58) -> 2100000 | ... L59: =SUM(L56:L58) -> 0 | M59: =SUM(K59:L59) -> 3700000 | N59: =SUM(N56:N58) -> 0 | O59: =SUM(M59:N59) -> 3700000 | P59: =SUM(P56:P58) -> 1500000
B60: Fuel Oil and Lubricants | E60: =SUM(C60:D60) -> 0 | H60: =F60+G60 -> 0 | J60: =H60+I60 -> 0 | K60: =I60+J60 -> 0 | M60: =SUM(K60:L60) -> 0 | N60: =SUM(L60:M60) -> 0 | O60: =SUM(M60:N60) -> 0 | P60: =SUM(N60:O60) -> 0
A61: 2211201 | B61: Refined Fuels and Lubricants for Transport | C61: 0 | E61: =SUM(C61:D61) -> 0 | H61: =F61+G61 -> 0 | J61: =H61+I61 -> 0 | K61: =I61+J61 -> 0 | M61: =SUM(K61:L61) -> 0 | N61: =SUM(L61:M61) -> 0 | O61: =SUM(M61:N61) -> 0 | P61: =SUM(N61:O61) -> 0
A62: 2211203 | B62: Refined Fuels and Lubricants -- Other | C62: 0 | E62: =SUM(C62:D62) -> 0 | H62: =F62+G62 -> 0 | J62: =H62+I62 -> 0 | K62: =I62+J62 -> 0 | M62: =SUM(K62:L62) -> 0 | N62: =SUM(L62:M62) -> 0 | O62: =SUM(M62:N62) -> 0 | P62: =SUM(N62:O62) -> 0
A63: Sub Total | C63: 0 | E63: =SUM(C63:D63) -> 0 | H63: =F63+G63 -> 0 | J63: =H63+I63 -> 0 | K63: =I63+J63 -> 0 | M63: =SUM(K63:L63) -> 0 | N63: =SUM(L63:M63) -> 0 | O63: =SUM(M63:N63) -> 0 | P63: =SUM(N63:O63) -> 0
B64: Fuel Oil and Lubricants | O64: =SUM(M64:N64) -> 0
A65: 2211201 | B65: Refined Fuels and Lubricants for Transport | C65: 5000000 | E65: =SUM(C65:D65) -> 5000000 | F65: 5000000 | H65: =F65+G65 -> 5000000 | J65: =H65+I65 -> 5000000 | K65: 3000000 | M65: =SUM(K65:L65) -> 3000000 | O65: =SUM(M65:N65) -> 3000000 | P65: 1000000
A66: Sub Total | C66: =SUM(C65) -> 5000000 | D66: =SUM(D65) -> 0 | E66: =SUM(E65) -> 5000000 | F66: =SUM(F65) -> 5000000 | G66: =SUM(G65) -> 0 | H66: =F66+G66 -> 5000000 | I66: =SUM(I65) -> 0 | J66: =H66+I66 -> 5000000 | K66: =SUM(K60:K65) -> 3000000 | L66: =SUM(L60:L65) -> 0 | M66: =SUM(K66:L66) -> 3000000 | N66: =SUM(N65) -> 0 | O66: =SUM(M66:N66) -> 3000000 | P66: =SUM(P65) -> 1000000
B67: Other Operating Expenses | O67: =SUM(M67:N67) -> 0
A68: 2211306 | B68: Membership Fees, Dues and Subscriptions to Professional and Trade Bodies | C68: 5000000 | E68: =SUM(C68:D68) -> 5000000 | F68: 3000000 | H68: =F68+G68 -> 3000000 | J68: =H68+I68 -> 3000000 | K68: 1000000 | M68: =SUM(K68:L68) -> 1000000 | O68: =SUM(M68:N68) -> 1000000 | P68: 1000000
A69: 2211306 | B69: Subscriptions to COG | I69: 3000000 | J69: =H69+I69 -> 3000000 | K69: - | L69: 3000000 | M69: =SUM(K69:L69) -> 3000000 | O69: =SUM(M69:N69) -> 3000000 | P69: 0
A70: 2211311 | B70: Contracted Technical Services | K70: 0 | L70: 10000000 | M70: =SUM(K70:L70) -> 10000000 | N70: -10000000 | O70: =SUM(M70:N70) -> 0 | P70: 0
A71: 2211311 | B71: Contracted Technical Services | C71: 2000000 | E71: =SUM(C71:D71) -> 2000000 | F71: 8000000 | H71: =F71+G71 -> 8000000 | J71: =H71+I71 -> 8000000 | K71: 5034950 | M71: =SUM(K71:L71) -> 5034950 | O71: =SUM(M71:N71) -> 5034950 | P71: 0
A72: 2211311 | B72: Contracted Proffessional Services | C72: 0 | E72: =SUM(C72:D72) -> 0 | H72: =F72+G72 -> 0 | J72: =H72+I72 -> 0 | M72: =SUM(K72:L72) -> 0 | O72: =SUM(M72:N72) -> 0 | P72: 0
B73: Contracted Proffessional Services-Consultancy | D73: 6000000 | E73: =SUM(C73:D73) -> 6000000 | F73: 0 | H73: =F73+G73 -> 0 | J73: =H73+I73 -> 0 | M73: =SUM(K73:L73) -> 0 | O73: =SUM(M73:N73) -> 0 | P73: 0
A74: 2211313 | B74: Security Operations | C74: 4000000 | E74: =SUM(C74:D74) -> 4000000 | F74: 2000000 | H74: =F74+G74 -> 2000000 | J74: =H74+I74 -> 2000000 | K74: 2000000 | M74: =SUM(K74:L74) -> 2000000 | O74: =SUM(M74:N74) -> 2000000
A75: 3111001 | B75: Purchase of office furniture | C75: 100000 | E75: =SUM(C75:D75) -> 100000 | F75: 100000 | H75: =F75+G75 -> 100000 | J75: =H75+I75 -> 100000 | K75: 5000000 | L75: -5000000 | M75: =SUM(K75:L75) -> 0 | O75: =SUM(M75:N75) -> 0 | P75: 500000
A76: 2211322 | B76: Binding of Records | H76: 0 | K76: 500000 | M76: =SUM(K76:L76) -> 500000 | O76: =SUM(M76:N76) -> 500000 | P76: 50000
B77: Empowerment Program | F77: - | H77: 0 | J77: =H77+I77 -> 0 | K77: 250000000 | L77: -50000000 | M77: =SUM(K77:L77) -> 200000000 | N77: -200000000 | O77: =SUM(M77:N77) -> 0 | P77: 0
B78: Administration Costs | K78: 7500000 | L78: -1500000 | M78: =SUM(K78:L78) -> 6000000 | N78: -6000000 | O78: =SUM(M78:N78) -> 0 | P78: -
A79: Sub Total | C79: =SUM(C68:C77) -> 11100000 | D79: =SUM(D68:D77) -> 6000000 | E79: =SUM(E68:E77) -> 17100000 | F79: =SUM(F68:F77) -> 13100000 | G79: =SUM(G68:G77) -> 0 | H79: =SUM(H68:H77) -> 13100000 | I79: =SUM(I68:I77) -> 3000000 | J79: =SUM(J68:J77) -> 16100000 | K79: =SUM(K68:K78) -> 271034950 | L79: =SUM(L68:L78) -> -43500000 | M79: =SUM(K79:L79) -> 227534950 | N79: =SUM(N68:N78) -> -216000000 | O79: =SUM(M79:N79) -> 11534950 | P79: =SUM(P68:P78) -> 1550000
B80: Routine Maintenance - Vehicles and Other Transport Equipment | M80: =SUM(K80:L80) -> 0 | O80: =SUM(M80:N80) -> 0 | P80: =SUM(N80:O80) -> 0
A81: 2220101 | B81: Maintenance Expenses - Motor Vehicles and cycles | C81: 1000000 | E81: =SUM(C81:D81) -> 1000000 | F81: 2000000 | G81: -1010000 | H81: =F81+G81 -> 990000 | J81: =H81+I81 -> 990000 | K81: 1000000 | M81: =SUM(K81:L81) -> 1000000 | O81: =SUM(M81:N81) -> 1000000 | P81: 1000000
A82: Sub Total | C82: =SUM(C81) -> 1000000 | D82: =SUM(D81) -> 0 | E82: =SUM(E81) -> 1000000 | F82: =SUM(F81) -> 2000000 | G82: =SUM(G81) -> -1010000 | H82: =F82+G82 -> 990000 | I82: =SUM(I81) -> 0 | J82: =H82+I82 -> 990000 | K82: =SUM(K81) -> 1000000 | L82: =SUM(L81) -> 0 | M82: =SUM(K82:L82) -> 1000000 | N82: =SUM(N80:N81) -> 0 | O82: =SUM(M82:N82) -> 1000000 | P82: =SUM(P81) -> 1000000
B83: Routine Maintenance - Other Assets | M83: =SUM(K83:L83) -> 0 | O83: =SUM(M83:N83) -> 0 | P83: =SUM(N83:O83) -> 0
A84: 2220205 | B84: Maintenance of Buildings and Stations -- Non-Residential | C84: 17000000 | D84: 8000000 | E84: =SUM(C84:D84) -> 25000000 | F84: 3000000 | G84: 9000000 | H84: =F84+G84 -> 12000000 | J84: =H84+I84 -> 12000000 | K84: 3000000 | L84: -3000000 | M84: =SUM(K84:L84) -> 0 | O84: =SUM(M84:N84) -> 0 | P84: =SUM(N84:O84) -> 0
A85: 2220212 | B85: Maintenance of Communications Equipment | C85: 300000 | E85: =SUM(C85:D85) -> 300000 | F85: 500000 | H85: =F85+G85 -> 500000 | J85: =H85+I85 -> 500000 | K85: 500000 | L85: -500000 | M85: =SUM(K85:L85) -> 0 | O85: =SUM(M85:N85) -> 0 | P85: =SUM(N85:O85) -> 0
A86: Sub Total | C86: =SUM(C84:C85) -> 17300000 | D86: =SUM(D84:D85) -> 8000000 | E86: =SUM(E84:E85) -> 25300000 | F86: =SUM(F84:F85) -> 3500000 | G86: =SUM(G84:G85) -> 9000000 | H86: =F86+G86 -> 12500000 | I86: =SUM(I84:I85) -> 0 | J86: =H86+I86 -> 12500000 | K86: =SUM(K83:K85) -> 3500000 | L86: =SUM(L83:L85) -> -3500000 | M86: =SUM(K86:L86) -> 0 | N86: =SUM(N83:N85) -> 0 | O86: =SUM(M86:N86) -> 0 | P86: =SUM(P83:P85) -> 0
B87: Total O&M for General Administration, Planning and Support Services | C87: =SUM(C86,C82,C79,C66,C59,C54,C51,C45,C42,C37,C31,C25,C21) -> 85596720 | D87: =SUM(D86,D82,D79,D66,D59,D54,D51,D45,D42,D37,D31,D25,D21) -> 5700000 | E87: =SUM(E86,E82,E79,E66,E59,E54,E51,E45,E42,E37,E31,E25,E21) -> 91296720 | F87: =SUM(F86,F82,F79,F66,F59,F54,F51,F45,F42,F37,F31,F25,F21) -> 60600000 | G87: =SUM(G86,G82,G79,G66,G59,G54,G51,G45,G42,G37,G31,G25,G21) -> -1699600.4 | H87: =F87+G87 -> 58900400 | I87: =SUM(I86,I82,I79,I66,I59,I54,I51,I45,I42,I37,I31,I25,I21) -> 3000000 | J87: =H87+I87 -> 61900400 | K87: =SUM(K86,K82,K79,K66,K59,K54,K51,K45,K42,K37,K31,K25,K21) -> 321384950 | L87: =SUM(L86,L82,L79,L66,L59,L54,L51,L45,L42,L37,L31,L25,L21) -> -57000000 | M87: =SUM(K87:L87) -> 264384950 | N87: =SUM(N86,N82,N79,N66,N59,N54,N51,N45,N42,N37,N31,N25,N21) -> -217841254 | O87: =SUM(M87:N87) -> 46543696 | P87: =SUM(P86,P82,P79,P66,P59,P54,P51,P45,P42,P37,P31,P25,P21) -> 19025050
B88: Total Recurrent for General Administration, Planning and Support Services | C88: =C87+C16 -> 335596720 | D88: =D87+D16 -> 5700000 | E88: =E87+E16 -> 341296720 | F88: =SUM(F87,F16) -> 310600000 | G88: =SUM(G87,G16) -> -1699600.4 | H88: =SUM(H87,H16) -> 3.089004e+08 | I88: =SUM(I87,I16) -> 3000000 | J88: =SUM(J87,J16) -> 3.119004e+08 | K88: =SUM(K87,K16) -> 541384950 | L88: =SUM(L87,L16) -> -107000000 | M88: =SUM(K88:L88) -> 434384950 | N88: =N87+N16 -> -217841254 | O88: =SUM(M88:N88) -> 216543696 | P88: =SUM(P87,P16) -> 189025050
A89: 3100000 | B89: Development Expenditure | E89: =SUM(C89:D89) -> 0 | H89: =F89+G89 -> 0 | J89: =H89+I89 -> 0 | K89: =I89+J89 -> 0 | M89: =SUM(K89:L89) -> 0 | N89: =SUM(L89:M89) -> 0 | O89: =SUM(M89:N89) -> 0 | P89: =SUM(N89:O89) -> 0
A90: 3110201 | B90: Construction of Governor's Residence | C90: 20000000 | E90: =SUM(C90:D90) -> 20000000 | H90: =F90+G90 -> 0 | J90: =H90+I90 -> 0 | K90: =I90+J90 -> 0 | M90: =SUM(K90:L90) -> 0 | N90: =SUM(L90:M90) -> 0 | O90: =SUM(M90:N90) -> 0 | P90: =SUM(N90:O90) -> 0
A91: 3110202 | B91: Construction of Office Block (CPSB) | C91: #REF! | E91: =SUM(C91:D91) -> #REF! | H91: =F91+G91 -> 0 | J91: =H91+I91 -> 0 | K91: =I91+J91 -> 0 | M91: =SUM(K91:L91) -> 0 | N91: =SUM(L91:M91) -> 0 | O91: =SUM(M91:N91) -> 0 | P91: =SUM(N91:O91) -> 0
B92: Construction of County Headquarters | C92: 100000000 | E92: =SUM(C92:D92) -> 100000000 | H92: =F92+G92 -> 0 | J92: =H92+I92 -> 0 | K92: =I92+J92 -> 0 | M92: =SUM(K92:L92) -> 0 | N92: =SUM(L92:M92) -> 0 | O92: =SUM(M92:N92) -> 0 | P92: =SUM(N92:O92) -> 0
B93: Construction of car Park and Fence (PSB) | C93: 10000000 | E93: =SUM(C93:D93) -> 10000000 | H93: =F93+G93 -> 0 | J93: =H93+I93 -> 0 | K93: =I93+J93 -> 0 | M93: =SUM(K93:L93) -> 0 | N93: =SUM(L93:M93) -> 0 | O93: =SUM(M93:N93) -> 0 | P93: =SUM(N93:O93) -> 0
B94: Total Development for General Administration, Planning and Support Services | C94: #REF! | E94: =SUM(C94:D94) -> #REF! | H94: =F94+G94 -> 0 | J94: =H94+I94 -> 0 | K94: =I94+J94 -> 0 | M94: =SUM(K94:L94) -> 0 | N94: =SUM(L94:M94) -> 0 | O94: =SUM(M94:N94) -> 0 | P94: =SUM(N94:O94) -> 0
B95: Total for General Administration, Planning and Support Services | C95: #REF! | E95: =SUM(C95:D95) -> #REF! | H95: =F95+G95 -> 0 | J95: =H95+I95 -> 0 | K95: =I95+J95 -> 0 | M95: =SUM(K95:L95) -> 0 | N95: =SUM(L95:M95) -> 0 | O95: =SUM(M95:N95) -> 0 | P95: =SUM(N95:O95) -> 0
A96: 10202 | B96: County Secretary | M96: =SUM(K96:L96) -> 0 | O96: =SUM(M96:N96) -> 0 | P96: =SUM(N96:O96) -> 0
A97: 2210201 | B97: Telephone, Telex, Facsmile and Mobile Phone Services | C97: 20000 | E97: =SUM(C97:D97) -> 20000 | F97: 50000 | H97: 50000 | J97: =H97+I97 -> 50000 | K97: 50000 | M97: =SUM(K97:L97) -> 50000 | O97: =SUM(M97:N97) -> 50000 | P97: 50000
A98: 2210301 | B98: Travel Costs (airlines, bus, railway, mileage allowances, etc.) | C98: 100000 | E98: =SUM(C98:D98) -> 100000 | F98: 100000 | H98: 100000 | J98: =H98+I98 -> 100000 | K98: 100000 | M98: =SUM(K98:L98) -> 100000 | O98: =SUM(M98:N98) -> 100000 | P98: 100000
A99: 2210302 | B99: Accommodation - Domestic Travel | C99: 100000 | E99: =SUM(C99:D99) -> 100000 | F99: 100000 | H99: 100000 | J99: =H99+I99 -> 100000 | K99: 200000 | M99: =SUM(K99:L99) -> 200000 | O99: =SUM(M99:N99) -> 200000 | P99: 200000
A100: 2210303 | B100: Daily Subsistence Allowance | C100: 700000 | E100: =SUM(C100:D100) -> 700000 | F100: 500000 | H100: 500000 | J100: =H100+I100 -> 500000 | K100: 200000 | M100: =SUM(K100:L100) -> 200000 | O100: =SUM(M100:N100) -> 200000 | P100: 200000
...

Sheet CPSB
A1: COUNTY PUBLIC SERVICE BOARD
A2: CHART OF ACCOUNTS -RECURRENT | C2: APPROVED BUDGET 2023/2024 | D2: Adjustments | E2: APPROVED REVISED BUDGET 2023/2024 | F2: APPROVED BUDGET 2024/2025 | G2: ADJUSTMENTS | H2: APPROVED REVISED BUDGET 2024/2025 | I2: ADJUSTMENTS | J2: APPROVED 2ND REVISED BUDGET 2024/2025 | K2: APPROVED BUDGET FY 2025/26 | L2: ADJUSTMENT | M2: APPROVED REVISED BUDGET FY 2025/26 | N2: ADJUSTMENT | O2: APPROVED 2ND REVISED BUDGET FY 2025/26 | P2: PROPOSED BUDGET FY 2026/27
A3: 10208 | B3: County Public Service Board
A4: 2200000 | B4: Use of Goods and Services
B5: Utilities Supplies and Services
A6: 2210101 | B6: Electricity | C6: 120000 | E6: =SUM(C6:D6) -> 120000 | F6: 120000 | H6: =F6+G6 -> 120000 | J6: =H6+I6 -> 120000 | K6: 120000 | M6: =SUM(K6:L6) -> 120000 | O6: =SUM(M6:N6) -> 120000 | P6: 200000
A7: 2210102 | B7: water and sewarage | C7: 110000 | E7: =SUM(C7:D7) -> 110000 | F7: 110000 | H7: =F7+G7 -> 110000 | J7: =H7+I7 -> 110000 | K7: 110000 | M7: =SUM(K7:L7) -> 110000 | O7: =SUM(M7:N7) -> 110000 | P7: 200000
A8: Sub Total | C8: =SUM(C6:C7) -> 230000 | D8: =SUM(D6:D7) -> 0 | E8: =SUM(E6:E7) -> 230000 | F8: =SUM(F6:F7) -> 230000 | G8: =SUM(G6:G7) -> 0 | H8: =F8+G8 -> 230000 | I8: =SUM(I6:I7) -> 0 | J8: =H8+I8 -> 230000 | K8: =SUM(K6:K7) -> 230000 | L8: =SUM(L6:L7) -> 0 | M8: =SUM(K8:L8) -> 230000 | N8: =SUM(N6:N7) -> 0 | O8: =SUM(M8:N8) -> 230000 | P8: =SUM(P6:P7) -> 400000
B9: Communication, Supplies and Services | H9: =F9+G9 -> 0 | J9: =H9+I9 -> 0 | M9: =SUM(K9:L9) -> 0 | O9: =SUM(M9:N9) -> 0
A10: 2210201 | B10: Telephone, Telex, Facsmile and Mobile Phone Services | E10: =SUM(C10:D10) -> 0 | H10: =F10+G10 -> 0 | J10: =H10+I10 -> 0 | K10: =I10+J10 -> 0 | M10: =SUM(K10:L10) -> 0 | O10: =SUM(M10:N10) -> 0
A11: 2210203 | B11: Courier and Postal Services | C11: 10000 | E11: =SUM(C11:D11) -> 10000 | F11: 20000 | H11: =F11+G11 -> 20000 | J11: =H11+I11 -> 20000 | K11: 20000 | M11: =SUM(K11:L11) -> 20000 | O11: =SUM(M11:N11) -> 20000 | P11: 300000
A12: Sub Total | C12: =SUM(C11) -> 10000 | D12: =SUM(D11) -> 0 | E12: =SUM(E11) -> 10000 | F12: =SUM(F11) -> 20000 | G12: =SUM(G11) -> 0 | H12: =F12+G12 -> 20000 | I12: =SUM(I11) -> 0 | J12: =H12+I12 -> 20000 | K12: =SUM(K11) -> 20000 | L12: =SUM(L11) -> 0 | M12: =SUM(K12:L12) -> 20000 | N12: =SUM(N11) -> 0 | O12: =SUM(M12:N12) -> 20000 | P12: =SUM(P11) -> 300000
B13: Domestic Travel and Subsistence, and Other Transportation Costs | H13: =F13+G13 -> 0 | J13: =H13+I13 -> 0 | M13: =SUM(K13:L13) -> 0 | O13: =SUM(M13:N13) -> 0
A14: 2210301 | B14: Travel Costs (airlines, bus, railway, mileage allowances, etc.) | C14: 300000 | E14: =SUM(C14:D14) -> 300000 | F14: 500000 | G14: -400000 | H14: =F14+G14 -> 100000 | J14: =H14+I14 -> 100000 | K14: 500000 | M14: =SUM(K14:L14) -> 500000 | O14: =SUM(M14:N14) -> 500000 | P14: 1000000
A15: 2210303 | B15: Daily Subsistence Allowance | C15: 1000000 | D15: 1000000 | E15: =SUM(C15:D15) -> 2000000 | F15: 2000000 | G15: -1344900 | H15: =F15+G15 -> 655100 | J15: =H15+I15 -> 655100 | K15: 2000000 | M15: =SUM(K15:L15) -> 2000000 | O15: =SUM(M15:N15) -> 2000000 | P15: 5609900
A16: Sub Total | C16: =SUM(C14:C15) -> 1300000 | D16: =SUM(D14:D15) -> 1000000 | E16: =SUM(E14:E15) -> 2300000 | F16: =SUM(F14:F15) -> 2500000 | G16: =SUM(G14:G15) -> -1744900 | H16: =F16+G16 -> 755100 | I16: =SUM(I14:I15) -> 0 | J16: =H16+I16 -> 755100 | K16: =SUM(K13:K15) -> 2500000 | L16: =SUM(L13:L15) -> 0 | M16: =SUM(K16:L16) -> 2500000 | N16: =SUM(N13:N15) -> 0 | O16: =SUM(M16:N16) -> 2500000 | P16: =SUM(P14:P15) -> 6609900
B17: Foreign Travel and Subsistence, and other transportation costs | E17: =SUM(C17:D17) -> 0 | H17: =F17+G17 -> 0 | J17: =H17+I17 -> 0 | K17: =I17+J17 -> 0 | M17: =SUM(K17:L17) -> 0 | O17: =SUM(M17:N17) -> 0
A18: 2210401 | B18: Travel Costs (airlines, bus, railway, etc.) | C18: 0 | E18: =SUM(C18:D18) -> 0 | H18: =F18+G18 -> 0 | J18: =H18+I18 -> 0 | K18: =I18+J18 -> 0 | M18: =SUM(K18:L18) -> 0 | O18: =SUM(M18:N18) -> 0
A19: 2210402 | B19: Accomodation | C19: 0 | E19: =SUM(C19:D19) -> 0 | H19: =F19+G19 -> 0 | J19: =H19+I19 -> 0 | K19: =I19+J19 -> 0 | M19: =SUM(K19:L19) -> 0 | O19: =SUM(M19:N19) -> 0
A20: Sub Total | C20: 0 | E20: =SUM(C20:D20) -> 0 | H20: =F20+G20 -> 0 | J20: =H20+I20 -> 0 | K20: =I20+J20 -> 0 | M20: =SUM(K20:L20) -> 0 | O20: =SUM(M20:N20) -> 0
B21: Printing , Advertising and Information Supplies and Services | H21: =F21+G21 -> 0 | J21: =H21+I21 -> 0
A22: 2210503 | B22: Subscriptions to Newspapers, Magazines and Periodicals | C22: 100000 | E22: =SUM(C22:D22) -> 100000 | F22: 100000 | G22: -100000 | H22: =F22+G22 -> 0 | J22: =H22+I22 -> 0 | K22: 100000 | M22: =SUM(K22:L22) -> 100000 | O22: =SUM(M22:N22) -> 100000
A23: 2210504 | B23: Advertising, Awareness and Publicity Campaigns | C23: 800000 | D23: 200000 | E23: =SUM(C23:D23) -> 1000000 | F23: 1500000 | H23: =F23+G23 -> 1500000 | J23: =H23+I23 -> 1500000 | K23: 2000000 | M23: =SUM(K23:L23) -> 2000000 | N23: 500000 | O23: =SUM(M23:N23) -> 2500000 | P23: 2500000
A24: Sub Total | C24: =SUM(C22:C23) -> 900000 | D24: =SUM(D22:D23) -> 200000 | E24: =SUM(E22:E23) -> 1100000 | F24: =SUM(F22:F23) -> 1600000 | G24: =SUM(G22:G23) -> -100000 | H24: =F24+G24 -> 1500000 | I24: =SUM(I22:I23) -> 0 | J24: =H24+I24 -> 1500000 | K24: =SUM(K17:K23) -> 2100000 | L24: =SUM(L17:L23) -> 0 | M24: =SUM(K24:L24) -> 2100000 | N24: =SUM(N17:N23) -> 500000 | O24: =SUM(M24:N24) -> 2600000 | P24: =SUM(P23) -> 2500000
B25: Rentals of Produced Assets | H25: =F25+G25 -> 0 | J25: =H25+I25 -> 0
A26: 2210603 | B26: Rents and Rates - Non-Residential | C26: 320000 | E26: =SUM(C26:D26) -> 320000 | F26: 320000 | G26: -320000 | H26: =F26+G26 -> 0 | J26: =H26+I26 -> 0 | K26: 320000 | M26: =SUM(K26:L26) -> 320000 | O26: =SUM(M26:N26) -> 320000 | P26: 320000
A27: Sub Total | C27: =SUM(C26) -> 320000 | D27: =SUM(D26) -> 0 | E27: =SUM(E26) -> 320000 | F27: =SUM(F26) -> 320000 | G27: =SUM(G26) -> -320000 | H27: =F27+G27 -> 0 | I27: =SUM(I26) -> 0 | J27: =SUM(J26) -> 0 | K27: =SUM(K26) -> 320000 | L27: =SUM(L26) -> 0 | M27: =SUM(K27:L27) -> 320000 | N27: =SUM(N26) -> 0 | O27: =SUM(M27:N27) -> 320000 | P27: =SUM(P26) -> 320000
B28: Training Expense (including capacity building) | M28: =SUM(K28:L28) -> 0 | O28: =SUM(M28:N28) -> 0
A29: 2210702 | B29: Remuneration of Instructors and Contract Based Training Services | C29: 1000000 | E29: =SUM(C29:D29) -> 1000000 | F29: 1000000 | G29: -1000000 | M29: =SUM(K29:L29) -> 0 | O29: =SUM(M29:N29) -> 0 | P29: 2500000
A30: 2210711 | B30: Tution Fee allowance | C30: 500000 | D30: 500000 | E30: =SUM(C30:D30) -> 1000000 | F30: 1500000 | G30: -1000000 | H30: =F30+G30 -> 500000 | J30: =H30+I30 -> 500000 | K30: 200000 | M30: =SUM(K30:L30) -> 200000 | O30: =SUM(M30:N30) -> 200000 | P30: 2000000
A31: 2210715 | B31: Kenya School of Government | C31: 1000000 | E31: =SUM(C31:D31) -> 1000000 | F31: 1000000 | G31: 2160317 | H31: =F31+G31 -> 3160317 | J31: =H31+I31 -> 3160317 | K31: 3000000 | M31: =SUM(K31:L31) -> 3000000 | O31: =SUM(M31:N31) -> 3000000 | P31: 3000000
A32: Sub Total | C32: =SUM(C29:C31) -> 2500000 | D32: =SUM(D29:D31) -> 500000 | E32: =SUM(E29:E31) -> 3000000 | F32: =SUM(F29:F31) -> 3500000 | G32: =SUM(G29:G31) -> 160317 | H32: =F32+G32 -> 3660317 | I32: =SUM(I30:I31) -> 0 | J32: =SUM(J30:J31) -> 3660317 | K32: =SUM(K30:K31) -> 3200000 | L32: =SUM(L30:L31) -> 0 | M32: =SUM(K32:L32) -> 3200000 | N32: =SUM(N30:N31) -> 0 | O32: =SUM(M32:N32) -> 3200000 | P32: =SUM(P29:P31) -> 7500000
B33: Hospitality Supplies and Services | H33: =F33+G33 -> 0 | J33: =H33+I33 -> 0
A34: 2210801 | B34: Catering Services (receptions), Accommodation, Gifts, Food and Drinks | C34: 300000 | D34: 750000 | E34: =SUM(C34:D34) -> 1050000 | H34: =F34+G34 -> 0 | J34: =H34+I34 -> 0 | K34: 200000 | M34: =SUM(K34:L34) -> 200000 | O34: =SUM(M34:N34) -> 200000 | P34: 1000000
A35: 2210802 | B35: Boards, Committees, Conferences and Seminars | C35: 200000 | D35: 600000 | E35: =SUM(C35:D35) -> 800000 | H35: =F35+G35 -> 0 | J35: =H35+I35 -> 0 | K35: 1000000 | M35: =SUM(K35:L35) -> 1000000 | O35: =SUM(M35:N35) -> 1000000 | P35: 1500000
A36: Sub Total | C36: =SUM(C34:C35) -> 500000 | D36: =SUM(D34:D35) -> 1350000 | E36: =SUM(E34:E35) -> 1850000 | F36: =SUM(F34:F35) -> 0 | G36: =SUM(G34:G35) -> 0 | H36: =F36+G36 -> 0 | I36: =SUM(I34:I35) -> 0 | J36: =H36+I36 -> 0 | K36: =SUM(K33:K35) -> 1200000 | L36: =SUM(L33:L35) -> 0 | M36: =SUM(K36:L36) -> 1200000 | N36: =SUM(N33:N35) -> 0 | O36: =SUM(M36:N36) -> 1200000 | P36: =SUM(P34:P35) -> 2500000
B37: Specialised Materials and Supplies | E37: =SUM(C37:D37) -> 0 | H37: =F37+G37 -> 0 | J37: =H37+I37 -> 0 | K37: =I37+J37 -> 0 | M37: =SUM(K37:L37) -> 0 | O37: =SUM(M37:N37) -> 0
A38: 2211010 | B38: Supplies for Broadcasting and Information Services | E38: =SUM(C38:D38) -> 0 | H38: =F38+G38 -> 0 | J38: =H38+I38 -> 0 | K38: =I38+J38 -> 0 | M38: =SUM(K38:L38) -> 0 | O38: =SUM(M38:N38) -> 0
A39: Sub Total | C39: 0 | E39: =SUM(C39:D39) -> 0 | H39: =F39+G39 -> 0 | I39: =SUM(I37:I38) -> 0 | J39: =H39+I39 -> 0 | K39: =SUM(K37:K38) -> 0 | L39: =SUM(L37:L38) -> 0 | M39: =SUM(K39:L39) -> 0 | N39: =SUM(N37:N38) -> 0 | O39: =SUM(M39:N39) -> 0
B40: Office and General Supplies and Services | H40: =F40+G40 -> 0 | J40: =H40+I40 -> 0
A41: 2211101 | B41: General Office Supplies (papers, pencils, forms, small office equipment etc) | C41: 300000 | D41: 400000 | E41: =SUM(C41:D41) -> 700000 | F41: 500000 | H41: =F41+G41 -> 500000 | J41: =H41+I41 -> 500000 | K41: 1000000 | M41: =SUM(K41:L41) -> 1000000 | O41: =SUM(M41:N41) -> 1000000 | P41: 1200000
A42: 2211102 | B42: Supplies and Accessories for Computers and Printers | C42: 100000 | D42: 150000 | E42: =SUM(C42:D42) -> 250000 | F42: 350000 | H42: =F42+G42 -> 350000 | J42: =H42+I42 -> 350000 | K42: 500000 | M42: =SUM(K42:L42) -> 500000 | O42: =SUM(M42:N42) -> 500000 | P42: 1000000
A43: 2211103 | B43: Sanitary and Cleaning Materials, Supplies and Services | C43: 100000 | D43: 300000 | E43: =SUM(C43:D43) -> 400000 | F43: 200000 | H43: =F43+G43 -> 200000 | J43: =H43+I43 -> 200000 | K43: 300000 | M43: =SUM(K43:L43) -> 300000 | O43: =SUM(M43:N43) -> 300000 | P43: 800000
A44: Sub Total | C44: =SUM(C41:C43) -> 500000 | D44: =SUM(D41:D43) -> 850000 | E44: =SUM(E41:E43) -> 1350000 | F44: =SUM(F41:F43) -> 1050000 | G44: =SUM(G41:G43) -> 0 | H44: =F44+G44 -> 1050000 | I44: =SUM(I41:I43) -> 0 | J44: =SUM(J41:J43) -> 1050000 | K44: =SUM(K41:K43) -> 1800000 | L44: =SUM(L41:L43) -> 0 | M44: =SUM(K44:L44) -> 1800000 | N44: =SUM(N41:N43) -> 0 | O44: =SUM(M44:N44) -> 1800000 | P44: =SUM(P41:P43) -> 3000000
B45: Fuel Oil and Lubricants | H45: =F45+G45 -> 0 | J45: =H45+I45 -> 0
A46: 2211201 | B46: Refined Fuels and Lubricants for Transport | C46: 500000 | D46: 500000 | E46: =SUM(C46:D46) -> 1000000 | F46: 1000000 | G46: -500000 | H46: =F46+G46 -> 500000 | J46: =H46+I46 -> 500000 | K46: 500000 | M46: =SUM(K46:L46) -> 500000 | O46: =SUM(M46:N46) -> 500000 | P46: 1000000
A47: Sub Total | C47: =SUM(C46) -> 500000 | D47: =SUM(D46) -> 500000 | E47: =SUM(E46) -> 1000000 | F47: =SUM(F46) -> 1000000 | G47: =SUM(G46) -> -500000 | H47: =F47+G47 -> 500000 | I47: =SUM(I46) -> 0 | J47: =SUM(J46) -> 500000 | K47: =SUM(K46) -> 500000 | L47: =SUM(L46) -> 0 | M47: =SUM(K47:L47) -> 500000 | N47: =SUM(N46) -> 0 | O47: =SUM(M47:N47) -> 500000 | P47: =SUM(P46) -> 1000000
B48: Routine Maintenance - Other Assets | H48: =F48+G48 -> 0 | J48: =H48+I48 -> 0
A49: 2211201 | B49: Maintenance of Buildings and Stations -- Non-Residential | C49: 500000 | D49: 500000 | E49: =SUM(C49:D49) -> 1000000 | F49: 1000000 | G49: -500000 | H49: =F49+G49 -> 500000 | J49: =H49+I49 -> 500000 | K49: 500000 | M49: =SUM(K49:L49) -> 500000 | O49: 0 | P49: 1200000
A50: Sub Total | C50: =SUM(C49) -> 500000 | D50: =SUM(D49) -> 500000 | E50: =SUM(E49) -> 1000000 | F50: =SUM(F49) -> 1000000 | G50: =SUM(G49) -> -500000 | H50: =F50+G50 -> 500000 | I50: =SUM(I49) -> 0 | J50: =SUM(J49) -> 500000 | K50: =SUM(K49) -> 500000 | L50: =SUM(L49) -> 0 | M50: =SUM(K50:L50) -> 500000 | N50: =SUM(N49) -> 0 | O50: =SUM(M50:N50) -> 500000 | P50: =SUM(P49) -> 1200000
B51: Other Operating Expenses | H51: =F51+G51 -> 0 | J51: =H51+I51 -> 0
A52: 3111002 | B52: Purchase of Computers and ICT equipments | K52: 1000000 | M52: =SUM(K52:L52) -> 1000000 | O52: =SUM(M52:N52) -> 1000000 | P52: 1600000
A53: 3111001 | B53: Purchase of Generator | D53: 2000000 | E53: =SUM(C53:D53) -> 2000000 | F53: 500000 | G53: -500000 | H53: =F53+G53 -> 0 | J53: =H53+I53 -> 0 | K53: 1000000 | M53: =SUM(K53:L53) -> 1000000 | N53: -1000000 | O53: =SUM(M53:N53) -> 0 | P53: 800000
A54: 2211306 | B54: Purchase of network switches & network UPS | C54: 200000 | D54: 869000 | E54: =SUM(C54:D54) -> 1069000 | F54: 1500000 | G54: -1500000 | H54: =F54+G54 -> 0 | J54: =H54+I54 -> 0 | K54: 1000000 | M54: =SUM(K54:L54) -> 1000000 | O54: =SUM(M54:N54) -> 1000000 | P54: 1500000
B55: Purchase of Furniture | P55: 1000000
A56: Sub Total | C56: =SUM(C53:C54) -> 200000 | D56: =SUM(D53:D54) -> 2869000 | E56: =SUM(E53:E54) -> 3069000 | F56: =SUM(F53:F54) -> 2000000 | G56: =SUM(G53:G54) -> -2000000 | H56: =F56+G56 -> 0 | I56: =SUM(I53:I54) -> 0 | J56: =SUM(J53:J54) -> 0 | K56: =SUM(K52:K54) -> 3000000 | L56: =SUM(L52:L54) -> 0 | M56: =SUM(K56:L56) -> 3000000 | N56: =SUM(N52:N54) -> -1000000 | O56: =SUM(M56:N56) -> 2000000 | P56: =SUM(P52:P55) -> 4900000
B57: Routine Mantainance-Vehicles and Other Transport Equipment | H57: =F57+G57 -> 0 | J57: =H57+I57 -> 0 | P57: =SUM(P52:P56) -> 9800000
B58: Maintenance of Buildings and stations-Non-Residential | D58: 1000000 | E58: =SUM(C58:D58) -> 1000000 | F58: 500000 | G58: -500000 | H58: =F58+G58 -> 0 | J58: =H58+I58 -> 0 | K58: 0 | M58: =SUM(K58:L58) -> 0 | O58: =SUM(M58:N58) -> 0
A59: 2220101 | B59: Maintenance Expenses - Motor Vehicles and cycles | C59: 500000 | E59: =SUM(C59:D59) -> 500000 | F59: 500000 | G59: -285500 | H59: =F59+G59 -> 214500 | J59: =H59+I59 -> 214500 | K59: 0 | M59: =SUM(K59:L59) -> 0 | O59: =SUM(M59:N59) -> 0 | P59: 2000000
A60: Sub Total | C60: =SUM(C58:C59) -> 500000 | D60: =SUM(D58:D59) -> 1000000 | E60: =SUM(E58:E59) -> 1500000 | F60: =SUM(F58:F59) -> 1000000 | G60: =SUM(G58:G59) -> -785500 | H60: =F60+G60 -> 214500 | I60: =SUM(I58:I59) -> 0 | J60: =SUM(J58:J59) -> 214500 | K60: =SUM(K58:K59) -> 0 | L60: =SUM(L58:L59) -> 0 | M60: =SUM(M58:M59) -> 0 | N60: =SUM(N58:N59) -> 0 | O60: =SUM(O58:O59) -> 0 | P60: =SUM(P59) -> 2000000
B61: Routine Maintenance - Other Assets | H61: =F61+G61 -> 0 | J61: =H61+I61 -> 0 | K61: =I61+J61 -> 0 | M61: =SUM(K61:L61) -> 0 | O61: =SUM(M61:N61) -> 0 | P61: =N61+O61 -> 0
A62: 2220205 | B62: Maintenance of Buildings and Stations - Non-Residential | H62: =F62+G62 -> 0 | J62: =H62+I62 -> 0 | M62: =SUM(K62:L62) -> 0 | O62: =SUM(M62:N62) -> 0
A63: Sub Total | C63: 0 | D63: 1 | E63: 2 | F63: 3 | G63: 3 | H63: 0 | I63: 3 | J63: 0 | K63: =SUM(K61:K62) -> 0 | L63: =SUM(L61:L62) -> 0 | M63: =SUM(K63:L63) -> 0 | N63: =SUM(N61:N62) -> 0 | O63: =SUM(M63:N63) -> 0 | P63: =SUM(P61:P62) -> 0
B64: Routine Maintenance - Other Assets | H64: =F64+G64 -> 0 | J64: =H64+I64 -> 0 | K64: =I64+J64 -> 0 | M64: =SUM(K64:L64) -> 0 | O64: =SUM(M64:N64) -> 0 | P64: =N64+O64 -> 0
A65: 2220205 | B65: Maintenance of Buildings and Stations - Non-Residential | H65: =F65+G65 -> 0 | J65: =H65+I65 -> 0 | K65: =I65+J65 -> 0 | M65: =SUM(K65:L65) -> 0 | O65: =SUM(M65:N65) -> 0 | P65: =N65+O65 -> 0
A66: Sub Total | C66: 0 | D66: =SUM(D65) -> 0 | E66: =SUM(E65) -> 0 | F66: =SUM(F65) -> 0 | G66: =SUM(G65) -> 0 | H66: =F66+G66 -> 0 | I66: =SUM(I65) -> 0 | J66: =H66+I66 -> 0 | K66: =I66+J66 -> 0 | L66: =J66+K66 -> 0 | M66: =SUM(K66:L66) -> 0 | N66: =L66+M66 -> 0 | O66: =SUM(M66:N66) -> 0 | P66: =N66+O66 -> 0
B67: Total O & M for County Public Service Board | C67: =C60+C56+C47+C44+C36+C32+C27+C24+C16+C12+C8 -> 7460000 | D67: =D60+D56+D47+D44+D36+D32+D27+D24+D16+D12+D8 -> 8269000 | E67: =E60+E56+E47+E44+E36+E32+E27+E24+E16+E12+E8 -> 15729000 | F67: =F60+F56+F47+F44+F36+F32+F27+F24+F16+F12+F8 -> 13220000 | G67: =G60+G56+G47+G44+G36+G32+G27+G24+G16+G12+G8 -> -5290083 | H67: =F67+G67 -> 7929917 | I67: =I60+I56+I47+I44+I36+I32+I27+I24+I16+I12+I8 -> 0 | J67: =H67+I67 -> 7929917 | K67: =SUM(K66,K63,K60,K56,K47,K44,K39,K36,K32,K27,K24,K16,K12,K8) -> 14870000 | L67: =SUM(L66,L63,L60,L56,L47,L44,L39,L36,L32,L27,L24,L16,L12,L8) -> 0 | M67: =SUM(M66,M63,M60,M56,M47,M44,M39,M36,M32,M27,M24,M16,M12,M8) -> 14870000 | N67: =SUM(N66,N63,N60,N56,N47,N44,N39,N36,N32,N27,N24,N16,N12,N8) -> -500000 | O67: =SUM(O66,O63,O60,O56,O47,O44,O39,O36,O32,O27,O24,O16,O12,O8) -> 14370000 | P67: =SUM(P56,P50,P47,P44,P36,P32,P27,P24,P16,P12,P8) -> 30229900

Sheet OFFICE OF THE COUNTY ATTORNEY
A1: OFFICE OF THE COUNTY ATTORNEY
A2: CHART OF ACCOUNTS -RECURRENT | C2: APPROVED BUDGET 2023/2024 | D2: Adjustments | E2: APPROVED REVISED BUDGET 2023/2024 | F2: APPROVED BUDGET 2024/2025 | G2: ADJUSTMENTS | H2: APPROVED REVISED BUDGET 2024/2025 | I2: ADJUSTMENTS | J2: APPROVED 2ND REVISED BUDGET 2024/2025 | K2: APPROVED BUDGET FY 2025/26 | L2: APPROVED BUDGET FY 2025/26 | M2: ADJUSTMENT | N2: APPROVED REVISED BUDGET FY 2025/26 | O2: ADJUSTMENT | P2: APPROVED 2ND REVISED BUDGET FY 2025/26 | Q2: PROPOSED BUDGET FY 2026/27
A3: 10201 | B3: General Administration, Planning and Support Services
A4: 2100000 | B4: Compensation of Employees
B5: Basic Salaries - Permanent Employees
A6: 2110101 | B6: Basic Salaries | C6: 171102468 | E6: =SUM(C6:D6) -> 171102468 | F6: =SUM(D6:E6) -> 171102468 | K6: 20000000 | L6: 20000000 | N6: =SUM(L6:M6) -> 20000000 | P6: =SUM(N6:O6) -> 20000000 | Q6: 20000000
A7: Sub Total | C7: =SUM(C6) -> 171102468 | D7: =SUM(D6) -> 0 | E7: =SUM(E6) -> 171102468 | F7: =SUM(F6) -> 171102468 | G7: =SUM(G6) -> 0 | H7: =SUM(H6) -> 0 | I7: =SUM(I6) -> 0 | J7: =SUM(J6) -> 0 | ... M7: =SUM(M6) -> 0 | N7: =SUM(L7:M7) -> 20000000 | O7: =SUM(O6) -> 0 | P7: =SUM(N7:O7) -> 20000000 | Q7: =SUM(Q6) -> 20000000
B8: Personal Allowance Paid as Part of Salary
A9: 2110301 | B9: House Allowance | C9: 27731233 | E9: =SUM(C9:D9) -> 27731233 | F9: =SUM(D9:E9) -> 27731233 | H9: 0 | J9: 0 | K9: 2000000 | L9: 2000000 | N9: =SUM(L9:M9) -> 2000000 | P9: =SUM(N9:O9) -> 2000000 | Q9: 2000000
A10: 2110314 | B10: Transport Allowance | C10: 12494305 | E10: =SUM(C10:D10) -> 12494305 | F10: =SUM(D10:E10) -> 12494305 | H10: 0 | J10: 0 | K10: 300000 | L10: 300000 | N10: =SUM(L10:M10) -> 300000 | P10: =SUM(N10:O10) -> 300000 | Q10: 300000
A11: 2110320 | B11: Leave Allowance | C11: 1181240 | E11: =SUM(C11:D11) -> 1181240 | F11: =SUM(D11:E11) -> 1181240 | H11: 0 | J11: 0 | K11: 200000 | L11: 200000 | N11: =SUM(L11:M11) -> 200000 | P11: =SUM(N11:O11) -> 200000 | Q11: 200000
A12: 2110405 | B12: Telephone Allowance | C12: 408113 | E12: =SUM(C12:D12) -> 408113 | F12: =SUM(D12:E12) -> 408113 | H12: 0 | J12: 0 | K12: 500000 | L12: 500000 | N12: =SUM(L12:M12) -> 500000 | P12: =SUM(N12:O12) -> 500000 | Q12: 500000
A13: 2110502 | B13: Other Allowances | C13: 1960000 | E13: =SUM(C13:D13) -> 1960000 | F13: =SUM(D13:E13) -> 1960000 | H13: 0 | J13: 0 | K13: 1000000 | L13: 1000000 | N13: =SUM(L13:M13) -> 1000000 | P13: =SUM(N13:O13) -> 1000000 | Q13: 1000000
A14: 2120103 | B14: Employer Contribution to Staff Pensions Scheme (Gratuity) | C14: 35122641 | E14: =SUM(C14:D14) -> 35122641 | F14: =SUM(D14:E14) -> 35122641 | H14: 0 | J14: 0 | K14: 6000000 | L14: 6000000 | N14: =SUM(L14:M14) -> 6000000 | P14: =SUM(N14:O14) -> 6000000 | Q14: 6000000
A15: Sub Total | C15: =SUM(C9:C14) -> 78897532 | D15: =SUM(D9:D14) -> 0 | E15: =SUM(E9:E14) -> 78897532 | F15: =SUM(F9:F14) -> 78897532 | G15: =SUM(G9:G14) -> 0 | H15: =SUM(H9:H14) -> 0 | I15: =SUM(I9:I14) -> 0 | J15: =SUM(J9:J14) -> 0 | K15: =SUM(K8:K14) -> 10000000 | L15: =SUM(L8:L14) -> 10000000 | M15: =SUM(M8:M14) -> 0 | N15: =SUM(L15:M15) -> 10000000 | O15: =SUM(O8:O14) -> 0 | P15: =SUM(N15:O15) -> 10000000 | Q15: =SUM(Q8:Q14) -> 10000000
A16: Total Salaries and Wages | C16: =C7+C15 -> 250000000 | D16: =D7+D15 -> 0 | E16: =E7+E15 -> 250000000 | F16: =F7+F15 -> 250000000 | G16: =G7+G15 -> 0 | H16: =H7+H15 -> 0 | I16: =I7+I15 -> 0 | J16: =J7+J15 -> 0 | K16: =K15+K7 -> 30000000 | L16: =L15+L7 -> 30000000 | M16: =M15+M7 -> 0 | N16: =SUM(L16:M16) -> 30000000 | O16: =O15+O7 -> 0 | P16: =SUM(N16:O16) -> 30000000 | Q16: =Q15+Q7 -> 30000000
A17: 2200000 | B17: Use of Goods and Services
B18: Utilities Supplies and Services | F18: 200000
A19: 2210101 | B19: Electricity | F19: 150000 | H19: 0 | J19: 0 | K19: 120000 | L19: 120000 | N19: =SUM(L19:M19) -> 120000 | P19: =SUM(N19:O19) -> 120000 | Q19: 120000
A20: 2210102 | B20: water and sewarage | C20: 20000 | E20: =SUM(C20:D20) -> 20000 | F20: 50000 | H20: 0 | J20: 0 | K20: 100000 | L20: 100000 | N20: =SUM(L20:M20) -> 100000 | P20: =SUM(N20:O20) -> 100000 | Q20: 100000
A21: Sub Total | F21: 50000 | H21: =SUM(H15:H20) -> 0 | J21: =SUM(J15:J20) -> 0 | K21: =SUM(K19:K20) -> 220000 | L21: =SUM(L19:L20) -> 220000 | M21: =SUM(M19:M20) -> 0 | N21: =SUM(L21:M21) -> 220000 | O21: =SUM(O19:O20) -> 0 | P21: =SUM(N21:O21) -> 220000 | Q21: =SUM(Q19:Q20) -> 220000
B22: Communication, Supplies and Services | C22: 100000 | E22: =SUM(C22:D22) -> 100000 | F22: 100000
A23: 2210201 | B23: Telephone, Telex, Facsmile and Mobile Phone Services | C23: 50000 | E23: =SUM(C23:D23) -> 50000 | F23: 1500000 | G23: -1000000 | H23: 0 | J23: 0 | K23: 200000 | L23: 200000 | N23: =SUM(L23:M23) -> 200000 | P23: =SUM(N23:O23) -> 200000 | Q23: 200000
A24: 2210203 | B24: Courier and Postal Services | C24: 1000000 | E24: =SUM(C24:D24) -> 1000000 | F24: 0 | H24: =SUM(H18:H23) -> 0 | J24: =SUM(J18:J23) -> 0 | K24: 20000 | L24: 20000 | N24: =SUM(L24:M24) -> 20000 | P24: =SUM(N24:O24) -> 20000 | Q24: 20000
A25: Sub Total | F25: 300000 | H25: =SUM(H19:H24) -> 0 | J25: =SUM(J19:J24) -> 0 | K25: =SUM(K23:K24) -> 220000 | L25: =SUM(L23:L24) -> 220000 | M25: =SUM(M23:M24) -> 0 | N25: =SUM(L25:M25) -> 220000 | O25: =SUM(O23:O24) -> 0 | P25: =SUM(N25:O25) -> 220000 | Q25: =SUM(Q23:Q24) -> 220000
B26: Domestic Travel and Subsistence, and Other Transportation Costs | F26: 300000
A27: 2210301 | B27: Travel Costs (airlines, bus, railway, mileage allowances, etc.) | C27: 500000 | E27: =SUM(C27:D27) -> 500000 | F27: 200000 | H27: 0 | J27: 0 | K27: 400000 | L27: 400000 | N27: =SUM(L27:M27) -> 400000 | P27: =SUM(N27:O27) -> 400000 | Q27: 400000
A28: 2210302 | B28: Accommodation - Domestic Travel | C28: 100000 | E28: =SUM(C28:D28) -> 100000 | H28: 0 | J28: 0 | K28: 1000000 | L28: 1000000 | N28: =SUM(L28:M28) -> 1000000 | P28: =SUM(N28:O28) -> 1000000 | Q28: 1000000
A29: 2210303 | B29: Daily Subsistence Allowance | C29: 800000 | E29: =SUM(C29:D29) -> 800000 | F29: 1000000 | G29: -500000 | H29: 0 | J29: 0 | K29: 1000000 | L29: 1000000 | N29: =SUM(L29:M29) -> 1000000 | P29: =SUM(N29:O29) -> 1000000 | Q29: 1000000
A30: Sub Total | F30: 100000 | G30: -100000 | H30: =SUM(H24:H29) -> 0 | J30: =SUM(J24:J29) -> 0 | K30: =SUM(K27:K29) -> 2400000 | L30: =SUM(L27:L29) -> 2400000 | M30: =SUM(M27:M29) -> 0 | N30: =SUM(L30:M30) -> 2400000 | O30: =SUM(O27:O29) -> 0 | P30: =SUM(N30:O30) -> 2400000 | Q30: =SUM(Q27:Q29) -> 2400000
B31: Foreign Travel and Subsistence, and other transportation costs | C31: 100000 | E31: =SUM(C31:D31) -> 100000 | F31: 0 | N31: =SUM(L31:M31) -> 0 | P31: =SUM(N31:O31) -> 0 | Q31: 0
A32: 2210401 | B32: Travel Costs (airlines, bus, railway, etc.) | F32: 700000 | G32: -700000 | H32: 0 | J32: 0 | N32: =SUM(L32:M32) -> 0 | P32: =SUM(N32:O32) -> 0 | Q32: 0
A33: 2210402 | B33: Accomodation | C33: 400000 | E33: =SUM(C33:D33) -> 400000 | F33: 500000 | H33: 0 | J33: 0 | N33: =SUM(L33:M33) -> 0 | P33: =SUM(N33:O33) -> 0 | Q33: 0
A34: Sub Total | C34: 200000 | E34: =SUM(C34:D34) -> 200000 | F34: 700000 | H34: =SUM(H28:H33) -> 0 | J34: =SUM(J28:J33) -> 0 | K34: =SUM(K32:K33) -> 0 | L34: =SUM(L32:L33) -> 0 | M34: =SUM(M32:M33) -> 0 | N34: =SUM(L34:M34) -> 0 | O34: =SUM(O32:O33) -> 0 | P34: =SUM(N34:O34) -> 0 | Q34: 0
B35: Printing , Advertising and Information Supplies and Services | C35: 30000000 | E35: =SUM(C35:D35) -> 30000000 | F35: 30000000 | N35: =SUM(L35:M35) -> 0 | P35: =SUM(N35:O35) -> 0 | Q35: 0
A36: 2210502 | B36: Publishing and Printing Services | C36: 500000 | E36: =SUM(C36:D36) -> 500000 | F36: 500000 | G36: -500000 | H36: 0 | J36: 0 | K36: 1000000 | L36: 1000000 | N36: =SUM(L36:M36) -> 1000000 | P36: =SUM(N36:O36) -> 1000000 | Q36: 1000000
A37: 2210503 | B37: Subscriptions to Newspapers, Magazines and Periodicals | F37: 2000000 | G37: -1000000 | H37: 0 | J37: 0 | K37: 200000 | L37: 200000 | N37: =SUM(L37:M37) -> 200000 | P37: =SUM(N37:O37) -> 200000 | Q37: 200000
A38: Sub Total | C38: 300000 | E38: =SUM(C38:D38) -> 300000 | F38: 400000 | G38: -200000 | H38: =SUM(H33:H37) -> 0 | J38: =SUM(J33:J37) -> 0 | K38: =SUM(K36:K37) -> 1200000 | L38: =SUM(L36:L37) -> 1200000 | M38: =SUM(M36:M37) -> 0 | N38: =SUM(L38:M38) -> 1200000 | O38: =SUM(O36:O37) -> 0 | P38: =SUM(N38:O38) -> 1200000 | Q38: =SUM(Q36:Q37) -> 1200000
B39: Rentals of Produced Assets | F39: 2000000 | G39: -2000000 | N39: =SUM(L39:M39) -> 0 | P39: =SUM(N39:O39) -> 0 | Q39: 0
A40: 2210603 | B40: Rents and Rates - Non-Residential | F40: 820000 | G40: -820000 | H40: 0 | J40: 0 | K40: 0 | L40: 0 | N40: =SUM(L40:M40) -> 0 | P40: =SUM(N40:O40) -> 0 | Q40: 0
A41: Sub Total | C41: 300000 | E41: =SUM(C41:D41) -> 300000 | F41: 800000 | G41: -800000 | H41: =SUM(H36:H40) -> 0 | J41: =SUM(J36:J40) -> 0 | K41: =SUM(K40) -> 0 | L41: =SUM(L40) -> 0 | M41: =SUM(M40) -> 0 | N41: =SUM(L41:M41) -> 0 | O41: =SUM(O40) -> 0 | P41: =SUM(N41:O41) -> 0 | Q41: 0
B42: Training Expense (including capacity building) | C42: =SUM(C20:C41) -> 34370000 | D42: =SUM(D20:D41) -> 0 | E42: =SUM(E20:E41) -> 34370000 | F42: =SUM(F18:F41) -> 42370000 | G42: =SUM(G18:G41) -> -7620000 | I42: =SUM(I18:I41) -> 0
A43: 2210711 | B43: Tution Fee allowance | C43: =#REF!+C16 -> #REF! | D43: =#REF!+D16 -> #REF! | E43: =#REF!+E16 -> #REF! | F43: =#REF!+F16 -> #REF! | G43: =#REF!+G16 -> #REF! | H43: 0 | I43: =#REF!+I16 -> #REF! | J43: 0 | K43: 300000 | L43: 300000 | N43: =SUM(L43:M43) -> 300000 | P43: =SUM(N43:O43) -> 300000 | Q43: 300000
A44: 2210710 | B44: Accommodation Allowance | C44: #REF! | E44: =SUM(#REF!) -> #REF! | G44: =F44*1.04 -> 0 | H44: 0 | I44: =I43+#REF!+#REF!+#REF!+#REF!+I18+#REF! -> #REF! | J44: 0 | K44: 2000000 | L44: 2000000 | M44: -1000000 | N44: =SUM(L44:M44) -> 1000000 | P44: =SUM(N44:O44) -> 1000000 | Q44: 2000000
A45: 2210715 | B45: Kenya School of Government | H45: 0 | J45: 0 | K45: 500000 | L45: 500000 | N45: =SUM(L45:M45) -> 500000 | P45: =SUM(N45:O45) -> 500000 | Q45: 500000
A46: Sub Total | H46: =SUM(H41:H45) -> 0 | J46: =SUM(J41:J45) -> 0 | K46: =SUM(K43:K45) -> 2800000 | L46: =SUM(L43:L45) -> 2800000 | M46: =SUM(M43:M45) -> -1000000 | N46: =SUM(L46:M46) -> 1800000 | O46: =SUM(O43:O45) -> 0 | P46: =SUM(N46:O46) -> 1800000 | Q46: =SUM(Q43:Q45) -> 2800000
B47: Hospitality Supplies and Services
A48: 2210801 | B48: Catering Services (receptions), Accommodation, Gifts, Food and Drinks | H48: 0 | J48: 0 | K48: 200000 | L48: 200000 | N48: =SUM(L48:M48) -> 200000 | P48: =SUM(N48:O48) -> 200000 | Q48: 200000
A49: 2210802 | B49: Boards, Committees, Conferences and Seminars | H49: 0 | J49: 0 | K49: 100000 | L49: 100000 | N49: =SUM(L49:M49) -> 100000 | P49: =SUM(N49:O49) -> 100000 | Q49: 100000
A50: Sub Total | H50: =SUM(H44:H49) -> 0 | J50: =SUM(J44:J49) -> 0 | K50: =SUM(K48:K49) -> 300000 | L50: =SUM(L48:L49) -> 300000 | M50: =SUM(M48:M49) -> 0 | N50: =SUM(L50:M50) -> 300000 | O50: =SUM(O48:O49) -> 0 | P50: =SUM(N50:O50) -> 300000 | Q50: =SUM(Q48:Q49) -> 300000
B51: Specialised Materials and Supplies | N51: =SUM(L51:M51) -> 0 | P51: =SUM(N51:O51) -> 0 | Q51: 0
A52: 2211010 | B52: Supplies for Broadcasting and Information Services | H52: 0 | J52: 0 | K52: 0 | L52: 0 | N52: =SUM(L52:M52) -> 0 | P52: =SUM(N52:O52) -> 0 | Q52: 0
A53: Sub Total | H53: =SUM(H47:H52) -> 0 | J53: =SUM(J47:J52) -> 0 | K53: =SUM(K52) -> 0 | L53: =SUM(L52) -> 0 | M53: =SUM(M52) -> 0 | N53: =SUM(L53:M53) -> 0 | O53: =SUM(O52) -> 0 | P53: =SUM(N53:O53) -> 0 | Q53: 0
B54: Office and General Supplies and Services
A55: 2211101 | B55: General Office Supplies (papers, pencils, forms, small office equipment etc) | H55: 0 | J55: 0 | K55: 2000000 | L55: 2000000 | N55: =SUM(L55:M55) -> 2000000 | P55: =SUM(N55:O55) -> 2000000 | Q55: 2000000
A56: 2211102 | B56: Supplies and Accessories for Computers and Printers | H56: 0 | J56: 0 | K56: 500000 | L56: 500000 | N56: =SUM(L56:M56) -> 500000 | P56: =SUM(N56:O56) -> 500000 | Q56: 500000
A57: 2211103 | B57: Sanitary and Cleaning Materials, Supplies and Services | H57: 0 | J57: 0 | K57: 700000 | L57: 700000 | N57: =SUM(L57:M57) -> 700000 | P57: =SUM(N57:O57) -> 700000 | Q57: 700000
A58: Sub Total | H58: =SUM(H52:H57) -> 0 | J58: =SUM(J52:J57) -> 0 | K58: =SUM(K55:K57) -> 3200000 | L58: =SUM(L55:L57) -> 3200000 | M58: =SUM(M55:M57) -> 0 | N58: =SUM(L58:M58) -> 3200000 | O58: =SUM(O55:O57) -> 0 | P58: =SUM(N58:O58) -> 3200000 | Q58: =SUM(Q55:Q57) -> 3200000
B59: Fuel Oil and Lubricants | N59: =SUM(L59:M59) -> 0 | P59: =SUM(N59:O59) -> 0 | Q59: 0
A60: 2211201 | B60: Refined Fuels and Lubricants for Transport | H60: 0 | J60: 0 | K60: 0 | L60: 0 | N60: =SUM(L60:M60) -> 0 | P60: =SUM(N60:O60) -> 0 | Q60: 0
A61: Sub Total | H61: =SUM(H55:H60) -> 0 | J61: =SUM(J55:J60) -> 0 | K61: =SUM(K60) -> 0 | L61: =SUM(L60) -> 0 | M61: =SUM(M60) -> 0 | N61: =SUM(L61:M61) -> 0 | O61: =SUM(O60) -> 0 | P61: =SUM(N61:O61) -> 0 | Q61: 0
B62: Other Operating Expenses | N62: =SUM(L62:M62) -> 0 | P62: =SUM(N62:O62) -> 0 | Q62: 0
A63: 3111009 | B63: Purchase of other office Equipment | H63: 0 | J63: 0 | K63: 1000000 | L63: 1000000 | N63: =SUM(L63:M63) -> 1000000 | P63: =SUM(N63:O63) -> 1000000 | Q63: 1000000
A64: 3111001 | B64: Purchase of office furniture | H64: 0 | J64: 0 | K64: 1000000 | L64: 1000000 | N64: =SUM(L64:M64) -> 1000000 | P64: =SUM(N64:O64) -> 1000000 | Q64: 1000000
A65: 3111002 | B65: Purchase of Computers and ICT equipment | H65: 0 | J65: 0 | K65: 1000000 | L65: 1000000 | N65: =SUM(L65:M65) -> 1000000 | P65: =SUM(N65:O65) -> 1000000 | Q65: 1000000
A66: 2211308 | B66: Legal Dues/Fees,Arbitration and Compesation Payments | H66: 0 | J66: 0 | K66: 12560000 | L66: 12560000 | M66: 8000000 | N66: =SUM(L66:M66) -> 20560000 | O66: 0 | P66: =SUM(N66:O66) -> 20560000 | Q66: 22560000
A67: 2211306 | B67: Membership Fees, Dues and Subscriptions to Professional and Trade Bodies | H67: 0 | J67: 0 | K67: 1500000 | L67: 1500000 | N67: =SUM(L67:M67) -> 1500000 | P67: =SUM(N67:O67) -> 1500000 | Q67: 1500000
A68: 3111105 | B68: Purchase of Photocopier and printers | H68: 0 | J68: 0 | K68: 600000 | L68: 600000 | N68: =SUM(L68:M68) -> 600000 | P68: =SUM(N68:O68) -> 600000 | Q68: 600000
A69: Sub Total | H69: =SUM(H65:H68) -> 0 | J69: =SUM(J65:J68) -> 0 | K69: =SUM(K63:K68) -> 17660000 | L69: =SUM(L63:L68) -> 17660000 | M69: =SUM(M63:M68) -> 8000000 | N69: =SUM(L69:M69) -> 25660000 | O69: =SUM(O63:O68) -> 0 | P69: =SUM(N69:O69) -> 25660000 | Q69: =SUM(Q63:Q68) -> 27660000
B70: Purchase of Specialised Plant, Equipment and Machinery | N70: =SUM(L70:M70) -> 0 | P70: =SUM(N70:O70) -> 0 | Q70: 0
A71: 3110701 | B71: Purchase of Motor vehicle | H71: 0 | J71: 0 | K71: 0 | L71: 0 | N71: =SUM(L71:M71) -> 0 | P71: =SUM(N71:O71) -> 0 | Q71: 0
A72: Sub Total | H72: =SUM(H66:H71) -> 0 | J72: =SUM(J66:J71) -> 0 | K72: =SUM(K71) -> 0 | L72: =SUM(L71) -> 0 | M72: =SUM(M71) -> 0 | N72: =SUM(L72:M72) -> 0 | O72: =SUM(O71) -> 0 | P72: =SUM(N72:O72) -> 0 | Q72: 0
B73: Routine Maintenance - Vehicles and Other Transport Equipment
A74: 2211201 | B74: Fuel Oil and Lubricants | H74: 0 | J74: 0 | K74: 1000000 | L74: 1000000 | N74: =SUM(L74:M74) -> 1000000 | P74: =SUM(N74:O74) -> 1000000 | Q74: 1000000
A75: 2220101 | B75: Maintenance Expenses - Motor Vehicles and cycles | H75: 0 | J75: 0 | K75: 500000 | L75: 500000 | N75: =SUM(L75:M75) -> 500000 | P75: =SUM(N75:O75) -> 500000 | Q75: 500000
A76: Sub Total | H76: =SUM(H70:H75) -> 0 | J76: =SUM(J70:J75) -> 0 | K76: =SUM(K74:K75) -> 1500000 | L76: =SUM(L74:L75) -> 1500000 | M76: =SUM(M74:M75) -> 0 | N76: =SUM(L76:M76) -> 1500000 | O76: =SUM(O74:O75) -> 0 | P76: =SUM(N76:O76) -> 1500000 | Q76: =SUM(Q74:Q75) -> 1500000
B77: Routine Maintenance - Other Assets | N77: =SUM(L77:M77) -> 0 | P77: =SUM(N77:O77) -> 0 | Q77: 0
A78: 2220205 | B78: Maintenance of Buildings and Stations -- Non-Residential | H78: 0 | J78: 0 | K78: 500000 | L78: 500000 | N78: =SUM(L78:M78) -> 500000 | P78: =SUM(N78:O78) -> 500000 | Q78: 500000
A79: Sub Total | H79: =SUM(H73:H78) -> 0 | J79: =SUM(J73:J78) -> 0 | K79: =SUM(K78) -> 500000 | L79: =SUM(L78) -> 500000 | M79: =SUM(M78) -> 0 | N79: =SUM(L79:M79) -> 500000 | O79: =SUM(O78) -> 0 | P79: =SUM(N79:O79) -> 500000 | Q79: =SUM(Q78) -> 500000
B80: Routine Maintenance - Other Assets | N80: =SUM(L80:M80) -> 0 | P80: =SUM(N80:O80) -> 0
A81: 2220205 | B81: Maintenance of Buildings and Stations -- Non-Residential | H81: 0 | J81: 0 | K81: 0 | L81: 0 | M81: 0 | N81: =SUM(L81:M81) -> 0 | O81: 0 | P81: =SUM(N81:O81) -> 0 | Q81: 0
A82: Sub Total | H82: =SUM(H76:H81) -> 0 | J82: =SUM(J76:J81) -> 0 | K82: =SUM(K81) -> 0 | L82: =SUM(L81) -> 0 | M82: =SUM(M81) -> 0 | N82: =SUM(L82:M82) -> 0 | O82: =SUM(O81) -> 0 | P82: =SUM(N82:O82) -> 0 | Q82: =SUM(Q81) -> 0
B83: Total O & M for The County Attorney Office | H83: 0 | J83: 0 | K83: =SUM(K82,K79,K76,K72,K69,K61,K58,K53,K50,K46,K41,K38,K34,K30,K25,K21) -> 30000000 | L83: =SUM(L82,L79,L76,L72,L69,L61,L58,L53,L50,L46,L41,L38,L34,L30,L25,L21) -> 30000000 | M83: =SUM(M82,M79,M76,M72,M69,M61,M58,M53,M50,M46,M41,M38,M34,M30,M25,M21) -> 7000000 | N83: =SUM(L83:M83) -> 37000000 | O83: =SUM(O82,O79,O76,O72,O69,O61,O58,O53,O50,O46,O41,O38,O34,O30,O25,O21) -> 0 | P83: =SUM(N83:O83) -> 37000000 | Q83: =SUM(Q82,Q79,Q76,Q72,Q69,Q61,Q58,Q53,Q50,Q46,Q41,Q38,Q34,Q30,Q25,Q21) -> 40000000
B84: Total Recurrent Expenditure | C84: =C83+#REF! -> #REF! | D84: =D83+#REF! -> #REF! | E84: =E83+#REF! -> #REF! | F84: =F83+#REF! -> #REF! | G84: =G83+#REF! -> #REF! | H84: =H83+H16 -> 0 | I84: =I83+I16 -> 0 | J84: =J83+J16 -> 0 | K84: =K83+K16 -> 60000000 | L84: =L83+L16 -> 60000000 | M84: =M83+M16 -> 7000000 | N84: =N83+N16 -> 67000000 | O84: =O83+O16 -> 0 | ... Q84: =Q83+Q16 -> 70000000

Sheet EXECUTIVE 1
B2: Code | C2: Programme | D2: Budget Estimates(KShs) | E2: Projected Estimates (KShs)
D3: 2023/2024 | E3: 2024/2025 | F3: 2025/2026
B4: 10201 | C4: General Administration, Planning and Support Services | D4: =D17 -> #REF! | E4: =1.04*D4 -> #REF! | F4: =1.04*E4 -> #REF!
B5: 10202 | C5: County Secretary | D5: =D20 -> 8920000 | E5: =1.04*D5 -> 9276800 | F5: =1.04*E5 -> 9647872
B6: 10203 | C6: Legal Services | D6: =D23 -> 34670000 | E6: =1.04*D6 -> 36056800 | F6: =1.04*E6 -> 37499072
B7: 10204 | C7: Communication Services | D7: =D26 -> 1110000 | E7: =1.04*D7 -> 1154400 | F7: =1.04*E7 -> 1200576
B8: 10205 | C8: Special Programmes | D8: =D29 -> 2060000 | E8: =1.04*D8 -> 2142400 | F8: =1.04*E8 -> 2228096
B9: 10206 | C9: Public Private Partnership | D9: =D32 -> 550000 | E9: =1.04*D9 -> 572000 | F9: =1.04*E9 -> 594880
B10: 10207 | C10: Advisory Services | D10: =D35 -> 7460000 | E10: =1.04*D10 -> 7758400 | F10: =1.04*E10 -> 8068736
B11: 10208 | C11: County Public Service Board | D11: =D38 -> 2620000 | E11: =1.04*D11 -> 2724800 | F11: =1.04*E11 -> 2833792
B12: Total | D12: =SUM(D4:D11) -> #REF! | E12: =SUM(E4:E11) -> #REF! | F12: =SUM(F4:F11) -> #REF!
B15: Code | C15: Programme | D15: Approved Budget Estimates (KShs) | E15: Projected Estimates (KShs)
D16: 2023/2024 | E16: 2024/2025 | F16: 2025/2026
B17: 10201 | C17: General Administration, Planning and Support Services | D17: =D18+D19 -> #REF! | E17: =1.04*D17 -> #REF! | F17: =1.04*E17 -> #REF!
C18: Recurrent Expenditure | D18: =EXECUTIVE!C88 -> 335596720 | E18: =1.04*D18 -> 3.4902059e+08 | F18: =1.04*E18 -> 3.6298141e+08
C19: Development Expenditure | D19: =EXECUTIVE!C94 -> #REF! | E19: =1.04*D19 -> #REF! | F19: =1.04*E19 -> #REF!
B20: 10202 | C20: County Secretary | D20: =D21+D22 -> 8920000 | E20: =1.04*D20 -> 9276800 | F20: =1.04*E20 -> 9647872
C21: Recurrent Expenditure | D21: =EXECUTIVE!C107 -> 8920000 | E21: =1.04*D21 -> 9276800 | F21: =1.04*E21 -> 9647872
C22: Development Expenditure | D22: 0 | E22: =1.04*D22 -> 0 | F22: =1.04*E22 -> 0
B23: 10203 | C23: Legal Services | D23: =D24+D25 -> 34670000 | E23: =1.04*D23 -> 36056800 | F23: =1.04*E23 -> 37499072
C24: Recurrent Expenditure | D24: =EXECUTIVE!C134 -> 34670000 | E24: =1.04*D24 -> 36056800 | F24: =1.04*E24 -> 37499072
C25: Development Expenditure | D25: 0 | E25: =1.04*D25 -> 0 | F25: =1.04*E25 -> 0
B26: 10204 | C26: Communication Services | D26: =D27+D28 -> 1110000 | E26: =1.04*D26 -> 1154400 | F26: =1.04*E26 -> 1200576
C27: Recurrent Expenditure | D27: =EXECUTIVE!C143 -> 1110000 | E27: =1.04*D27 -> 1154400 | F27: =1.04*E27 -> 1200576
C28: Development Expenditure | D28: 0 | E28: =1.04*D28 -> 0 | F28: =1.04*E28 -> 0
B29: 10205 | C29: Governor's Advisors, Service Delivery Unit and Efficiency Monitoring | D29: =D30+D31 -> 2060000 | E29: =1.04*D29 -> 2142400 | F29: =1.04*E29 -> 2228096
C30: Recurrent Expenditure | D30: =EXECUTIVE!C148 -> 2060000 | E30: =1.04*D30 -> 2142400 | F30: =1.04*E30 -> 2228096
C31: Development Expenditure | D31: 0 | E31: =1.04*D31 -> 0 | F31: =1.04*E31 -> 0
B32: 10206 | C32: Chief of Staff | D32: =D33+D34 -> 550000 | E32: =1.04*D32 -> 572000 | F32: =1.04*E32 -> 594880
C33: Recurrent Expenditure | D33: =EXECUTIVE!C152 -> 550000 | E33: =1.04*D33 -> 572000 | F33: =1.04*E33 -> 594880
C34: Development Expenditure | D34: 0 | E34: =1.04*D34 -> 0 | F34: =1.04*E34 -> 0
B35: 10208 | C35: County Public Service Board | D35: =D36+D37 -> 7460000 | E35: =1.04*D35 -> 7758400 | F35: =1.04*E35 -> 8068736
C36: Recurrent Expenditure | D36: =CPSB!C67 -> 7460000 | E36: =1.04*D36 -> 7758400 | F36: =1.04*E36 -> 8068736
C37: Development Expenditure | E37: =1.04*D37 -> 0 | F37: =1.04*E37 -> 0
B38: 10209 | C38: County Liasion Office | D38: =D39+D40 -> 2620000 | E38: =1.04*D38 -> 2724800 | F38: =1.04*E38 -> 2833792
C39: Recurrent Expenditure | D39: =EXECUTIVE!C179 -> 2620000 | E39: =1.04*D39 -> 2724800 | F39: =1.04*E39 -> 2833792
C40: Development Expenditure | E40: =1.04*D40 -> 0 | F40: =1.04*E40 -> 0
B41: Total | D41: =SUM(D17,D20,D23,D26,D29,D32,D35,D38) -> #REF! | E41: =SUM(E17,E20,E23,E26,E29,E32,E35,E38) -> #REF! | F41: =SUM(F17,F20,F23,F26,F29,F32,F35,F38) -> #REF!

Sheet ADMINISTRATION
A1: PUBLIC SERVICE AND COUNTY ADMINISTRATION
A2: CHART OF ACCOUNTS -RECURRENT | C2: APPROVED BUDGET 2023/2024 | D2: Adjustments | E2: APPROVED REVISED BUDGET 2023/2024 | F2: APPROVED BUDGET 2024/2025 | G2: ADJUSTMENTS | H2: APPROVED REVISED BUDGET 2024/2025 | I2: ADJUSTMENTS | J2: APPROVED 2ND REVISED BUDGET 2024/2025 | K2: APPROVED BUDGET FY 2025/26 | L2: ADJUSTMENT | M2: APPROVED REVISED BUDGET FY 2025/26 | N2: ADJUSTMENT | O2: APPROVED 2ND REVISED BUDGET FY 2025/26 | P2: PROPOSED BUDGET FY 2026/27
A3: 103 | B3: Administration, Enforcement and Devolved Services
A4: 10301 | B4: General Administration, Planning and Support Services
A5: 2100000 | B5: Compensation of Employees
B6: Basic Salaries - Permanent Employees
A7: 2110101 | B7: Basic Salaries | C7: 306920140 | E7: =SUM(C7:D7) -> 306920140 | F7: 306920140 | H7: =F7+G7 -> 306920140 | J7: =H7+I7 -> 306920140 | K7: 360619690 | L7: -60000000 | M7: =SUM(K7:L7) -> 300619690 | O7: =SUM(M7:N7) -> 300619690 | P7: =SUM(N7:O7) -> 300619690
A8: Sub Total | C8: =SUM(C7) -> 306920140 | D8: =SUM(D7) -> 0 | E8: =SUM(E7) -> 306920140 | F8: =SUM(F7) -> 306920140 | G8: =SUM(G7) -> 0 | H8: =F8+G8 -> 306920140 | I8: =SUM(I7) -> 0 | J8: =H8+I8 -> 306920140 | K8: =SUM(K7) -> 360619690 | L8: =SUM(L7) -> -60000000 | M8: =SUM(K8:L8) -> 300619690 | N8: =SUM(N7) -> 0 | O8: =SUM(M8:N8) -> 300619690 | P8: =SUM(P7) -> 300619690
B9: Personal Allowance Paid as Part of Salary | H9: =F9+G9 -> 0 | J9: =H9+I9 -> 0 | K9: =I9+J9 -> 0 | M9: =SUM(K9:L9) -> 0 | O9: =SUM(M9:N9) -> 0 | P9: =SUM(N9:O9) -> 0
A10: 2110301 | B10: House Allowance | C10: 73876525 | E10: =SUM(C10:D10) -> 73876525 | F10: 73876525 | H10: =F10+G10 -> 73876525 | J10: =H10+I10 -> 73876525 | K10: 86802155 | L10: -20000000 | M10: =SUM(K10:L10) -> 66802155 | O10: =SUM(M10:N10) -> 66802155 | P10: =SUM(N10:O10) -> 66802155
A11: 2110314 | B11: Transport Allowance | C11: 38529214 | E11: =SUM(C11:D11) -> 38529214 | F11: 38529214 | H11: =F11+G11 -> 38529214 | J11: =H11+I11 -> 38529214 | K11: 45270386 | L11: -20000000 | M11: =SUM(K11:L11) -> 25270386 | O11: =SUM(M11:N11) -> 25270386 | P11: =SUM(N11:O11) -> 25270386
A12: 2110502 | B12: Other Allowances | C12: 4039790 | E12: =SUM(C12:D12) -> 4039790 | F12: 4039790 | H12: =F12+G12 -> 4039790 | J12: =H12+I12 -> 4039790 | K12: 4746603 | M12: =SUM(K12:L12) -> 4746603 | O12: =SUM(M12:N12) -> 4746603 | P12: =SUM(N12:O12) -> 4746603
A13: 2110320 | B13: Leave Allowance | C13: 5431313 | E13: =SUM(C13:D13) -> 5431313 | F13: 5431313 | H13: =F13+G13 -> 5431313 | J13: =H13+I13 -> 5431313 | K13: 6381590 | M13: =SUM(K13:L13) -> 6381590 | O13: =SUM(M13:N13) -> 6381590 | P13: =SUM(N13:O13) -> 6381590
A14: Sub Total | C14: =SUM(C10:C13) -> 121876842 | D14: =SUM(D10:D13) -> 0 | E14: =SUM(E10:E13) -> 121876842 | F14: =SUM(F10:F13) -> 121876842 | G14: =SUM(G10:G13) -> 0 | H14: =F14+G14 -> 121876842 | I14: =SUM(I10:I13) -> 0 | J14: =H14+I14 -> 121876842 | K14: =SUM(K9:K13) -> 143200734 | L14: =SUM(L9:L13) -> -40000000 | M14: =SUM(K14:L14) -> 103200734 | N14: =SUM(N9:N13) -> 0 | O14: =SUM(M14:N14) -> 103200734 | P14: =SUM(P10:P13) -> 103200734
A15: Total Salaries and Wages | C15: =C8+C14 -> 428796982 | D15: =D8+D14 -> 0 | E15: =E8+E14 -> 428796982 | F15: =F8+F14 -> 428796982 | G15: =G8+G14 -> 0 | H15: =F15+G15 -> 428796982 | I15: =I8+I14 -> 0 | J15: =H15+I15 -> 428796982 | K15: =K8+K14 -> 503820424 | L15: =L8+L14 -> -100000000 | M15: =SUM(K15:L15) -> 403820424 | N15: =N8+N14 -> 0 | O15: =SUM(M15:N15) -> 403820424 | P15: =SUM(P8,P14) -> 403820424
A16: 2200000 | B16: Use of Goods and Services | H16: =F16+G16 -> 0 | J16: =H16+I16 -> 0
B17: Utilities Supplies and Services | E17: =SUM(C17:D17) -> 0 | H17: =F17+G17 -> 0 | J17: =H17+I17 -> 0 | M17: =SUM(K17:L17) -> 0 | O17: =SUM(M17:N17) -> 0
A18: 2210101 | B18: Electricity | E18: =SUM(C18:D18) -> 0 | H18: =F18+G18 -> 0 | J18: =H18+I18 -> 0 | K18: 200000 | M18: =SUM(K18:L18) -> 200000 | O18: =SUM(M18:N18) -> 200000 | P18: 200000
A19: Sub Total | C19: 0 | E19: =SUM(C19:D19) -> 0 | H19: =F19+G19 -> 0 | J19: =H19+I19 -> 0 | K19: =SUM(K18) -> 200000 | L19: =SUM(L18) -> 0 | M19: =SUM(K19:L19) -> 200000 | N19: =SUM(N18) -> 0 | O19: =SUM(M19:N19) -> 200000 | P19: =SUM(P18) -> 200000
B20: Communication, Supplies and Services | E20: =SUM(C20:D20) -> 0
A21: 2210201 | B21: Telephone, Telex, Facsmile and Mobile Phone Services | E21: =SUM(C21:D21) -> 0 | H21: =F21+G21 -> 0 | J21: =H21+I21 -> 0 | K21: 100000 | M21: =SUM(K21:L21) -> 100000 | O21: =SUM(M21:N21) -> 100000 | P21: 100000
A22: Sub Total | C22: 0 | E22: =SUM(C22:D22) -> 0 | H22: =F22+G22 -> 0 | J22: =H22+I22 -> 0 | K22: =SUM(K21) -> 100000 | L22: =SUM(L21) -> 0 | M22: =SUM(K22:L22) -> 100000 | N22: =SUM(N21) -> 0 | O22: =SUM(M22:N22) -> 100000 | P22: =SUM(P21) -> 100000
B23: Domestic Travel and Subsistence, and Other Transportation Costs | H23: =F23+G23 -> 0 | J23: =H23+I23 -> 0
A24: 2210301 | B24: Travel Costs (airlines, bus, railway, mileage allowances, etc.) | C24: 300000 | E24: =SUM(C24:D24) -> 300000 | F24: 200000 | G24: -170000 | H24: =F24+G24 -> 30000 | J24: =H24+I24 -> 30000 | K24: 100000 | M24: =SUM(K24:L24) -> 100000 | O24: =SUM(M24:N24) -> 100000 | P24: 100000
A25: 2210303 | B25: Daily Subsistence Allowance | C25: 1200000 | E25: =SUM(C25:D25) -> 1200000 | F25: 2000000 | G25: -1000000 | H25: =F25+G25 -> 1000000 | J25: =H25+I25 -> 1000000 | K25: 500000 | M25: =SUM(K25:L25) -> 500000 | O25: =SUM(M25:N25) -> 500000 | P25: 300000
A26: Sub Total | C26: =SUM(C24:C25) -> 1500000 | D26: =SUM(D24:D25) -> 0 | E26: =SUM(E24:E25) -> 1500000 | F26: =SUM(F24:F25) -> 2200000 | G26: =SUM(G24:G25) -> -1170000 | H26: =F26+G26 -> 1030000 | I26: =SUM(I24:I25) -> 0 | J26: =H26+I26 -> 1030000 | K26: =SUM(K24:K25) -> 600000 | L26: =SUM(L24:L25) -> 0 | M26: =SUM(K26:L26) -> 600000 | N26: =SUM(N24:N25) -> 0 | O26: =SUM(M26:N26) -> 600000 | P26: =SUM(P24:P25) -> 400000
B27: Foreign Travel and Subsistence, and other transportation costs | E27: =SUM(C27:D27) -> 0 | H27: =F27+G27 -> 0 | J27: =H27+I27 -> 0 | M27: =SUM(K27:L27) -> 0 | O27: =SUM(M27:N27) -> 0
A28: 2210401 | B28: Travel Costs (airlines, bus, railway, etc.) | C28: 0 | E28: =SUM(C28:D28) -> 0 | H28: =F28+G28 -> 0 | J28: =H28+I28 -> 0 | M28: =SUM(K28:L28) -> 0 | O28: =SUM(M28:N28) -> 0
A29: 2210402 | B29: Accommodation | C29: 0 | E29: =SUM(C29:D29) -> 0 | H29: =F29+G29 -> 0 | J29: =H29+I29 -> 0 | M29: =SUM(K29:L29) -> 0 | O29: =SUM(M29:N29) -> 0
A30: 2210403 | B30: Daily Subsistence Allowance | C30: 0 | E30: =SUM(C30:D30) -> 0 | H30: =F30+G30 -> 0 | J30: =H30+I30 -> 0 | M30: =SUM(K30:L30) -> 0 | O30: =SUM(M30:N30) -> 0
A31: Sub Total | C31: 0 | E31: =SUM(C31:D31) -> 0 | H31: =F31+G31 -> 0 | J31: =H31+I31 -> 0 | M31: =SUM(K31:L31) -> 0 | O31: =SUM(M31:N31) -> 0
B32: Printing , Advertising and Information Supplies and Services | E32: =SUM(C32:D32) -> 0 | H32: =F32+G32 -> 0 | J32: =H32+I32 -> 0
A33: 2210502 | B33: Publishing and Printing Services | E33: =SUM(C33:D33) -> 0 | H33: =F33+G33 -> 0 | J33: =H33+I33 -> 0 | K33: 300000 | M33: =SUM(K33:L33) -> 300000 | O33: =SUM(M33:N33) -> 300000
A34: 2210504 | B34: Advertising, Awareness and Publicity Campaigns | E34: =SUM(C34:D34) -> 0 | H34: =F34+G34 -> 0 | J34: =H34+I34 -> 0 | K34: 500000 | M34: =SUM(K34:L34) -> 500000 | O34: =SUM(M34:N34) -> 500000
A35: Sub Total | C35: 0 | E35: =SUM(C35:D35) -> 0 | H35: =F35+G35 -> 0 | J35: =H35+I35 -> 0 | K35: =SUM(K33:K34) -> 800000 | L35: =SUM(L33:L34) -> 0 | M35: =SUM(K35:L35) -> 800000 | N35: =SUM(N33:N34) -> 0 | O35: =SUM(M35:N35) -> 800000 | P35: =SUM(P33:P34) -> 0
B36: Training Expense (including capacity building) | E36: =SUM(C36:D36) -> 0 | H36: =F36+G36 -> 0 | J36: =H36+I36 -> 0 | M36: =SUM(K36:L36) -> 0 | O36: =SUM(M36:N36) -> 0
A37: 2210701 | B37: Travel Allowance | C37: 0 | E37: =SUM(C37:D37) -> 0 | H37: =F37+G37 -> 0 | J37: =H37+I37 -> 0 | M37: =SUM(K37:L37) -> 0 | O37: =SUM(M37:N37) -> 0
A38: 2210710 | B38: Accommodation Allowance | C38: 0 | E38: =SUM(C38:D38) -> 0 | H38: =F38+G38 -> 0 | J38: =H38+I38 -> 0 | M38: =SUM(K38:L38) -> 0 | O38: =SUM(M38:N38) -> 0
A39: Sub Total | C39: 0 | E39: =SUM(C39:D39) -> 0 | H39: =F39+G39 -> 0 | J39: =H39+I39 -> 0 | M39: =SUM(K39:L39) -> 0 | O39: =SUM(M39:N39) -> 0
B40: Hospitality Supplies and Services | H40: =F40+G40 -> 0 | J40: =H40+I40 -> 0
A41: 2210808 | B41: Purchase of Coffins- claims outstanding | C41: 2000000 | D41: 1000000 | E41: =SUM(C41:D41) -> 3000000 | F41: 3000000 | H41: =F41+G41 -> 3000000 | J41: =H41+I41 -> 3000000 | K41: 2000000 | M41: =SUM(K41:L41) -> 2000000 | O41: =SUM(M41:N41) -> 2000000 | P41: 0
A42: Sub Total | C42: =SUM(C41:C41) -> 2000000 | D42: =SUM(D41:D41) -> 1000000 | E42: =SUM(E41:E41) -> 3000000 | F42: =SUM(F41:F41) -> 3000000 | G42: =SUM(G41:G41) -> 0 | H42: =F42+G42 -> 3000000 | I42: =SUM(I41:I41) -> 0 | J42: =SUM(J41:J41) -> 3000000 | K42: =SUM(K41:K41) -> 2000000 | L42: =SUM(L41:L41) -> 0 | M42: =SUM(K42:L42) -> 2000000 | N42: =SUM(N41:N41) -> 0 | O42: =SUM(M42:N42) -> 2000000 | P42: =SUM(P41:P41) -> 0
B43: Specialised Materials and Supplies | C43: 0 | E43: =SUM(C43:D43) -> 0 | H43: =F43+G43 -> 0 | J43: =H43+I43 -> 0 | M43: =SUM(K43:L43) -> 0 | O43: =SUM(M43:N43) -> 0
A44: 2211016 | B44: Purchase of Uniforms and Clothing - Staff | C44: 0 | E44: =SUM(C44:D44) -> 0 | H44: =F44+G44 -> 0 | J44: =H44+I44 -> 0 | M44: =SUM(K44:L44) -> 0 | O44: =SUM(M44:N44) -> 0
A45: Sub Total | C45: 0 | E45: =SUM(C45:D45) -> 0 | H45: =F45+G45 -> 0 | J45: =H45+I45 -> 0 | M45: =SUM(K45:L45) -> 0 | O45: =SUM(M45:N45) -> 0
B46: Office and General Supplies and Services | H46: =F46+G46 -> 0 | J46: =H46+I46 -> 0
A47: 2211101 | B47: General Office Supplies (papers, pencils, forms, small office equipment etc) | C47: 536200 | E47: =SUM(C47:D47) -> 536200 | F47: 1500000 | G47: -550000 | H47: =F47+G47 -> 950000 | J47: =H47+I47 -> 950000 | K47: 1000000 | M47: =SUM(K47:L47) -> 1000000 | O47: =SUM(M47:N47) -> 1000000 | P47: 500000
A48: 3111002 | B48: Purchase of Computers, Printers and other IT Equipment - pending bill | C48: 589800 | E48: =SUM(C48:D48) -> 589800 | F48: 589800 | H48: =F48+G48 -> 589800 | J48: =H48+I48 -> 589800 | K48: 60000 | M48: =SUM(K48:L48) -> 60000 | O48: =SUM(M48:N48) -> 60000 | P48: 300000
A49: 2211021 | B49: Purchase of Linens (curtains) | F49: 200000 | G49: -200000 | H49: =F49+G49 -> 0 | J49: =H49+I49 -> 0 | K49: 300000 | M49: =SUM(K49:L49) -> 300000 | O49: =SUM(M49:N49) -> 300000 | P49: 0
A50: 2211103 | B50: Sanitary and Cleaning Materials, Supplies and Services | C50: 100000 | E50: =SUM(C50:D50) -> 100000 | F50: 400000 | H50: =F50+G50 -> 400000 | J50: =H50+I50 -> 400000 | K50: 400000 | M50: =SUM(K50:L50) -> 400000 | O50: =SUM(M50:N50) -> 400000 | P50: 400000
B51: Purchase of Furniture & Equipment | P51: 500000
A52: Sub Total | C52: =SUM(C47:C50) -> 1226000 | D52: =SUM(D47:D50) -> 0 | E52: =SUM(E47:E50) -> 1226000 | F52: =SUM(F47:F50) -> 2689800 | G52: =SUM(G47:G50) -> -750000 | H52: =F52+G52 -> 1939800 | I52: =SUM(I47:I50) -> 0 | J52: =SUM(J47:J50) -> 1939800 | K52: =SUM(K47:K50) -> 1760000 | L52: =SUM(L47:L50) -> 0 | M52: =SUM(K52:L52) -> 1760000 | N52: =SUM(N47:N50) -> 0 | O52: =SUM(M52:N52) -> 1760000 | P52: =SUM(P47:P50) -> 1200000
B53: Printing , Advertising and Information Supplies and Services | H53: =F53+G53 -> 0 | J53: =H53+I53 -> 0 | M53: =SUM(K53:L53) -> 0 | O53: =SUM(M53:N53) -> 0
A54: 2210504 | B54: Advertising, Awareness and Publicity Campaigns - pending bills | C54: 2044800 | E54: =SUM(C54:D54) -> 2044800 | F54: 2044800 | H54: =F54+G54 -> 2044800 | J54: =H54+I54 -> 2044800 | K54: 0 | M54: =SUM(K54:L54) -> 0 | O54: =SUM(M54:N54) -> 0 | P54: 0
A55: 2210505 | B55: Trade shows and Exhibitions | F55: 1800000 | G55: -1000000 | H55: =F55+G55 -> 800000 | J55: =H55+I55 -> 800000 | K55: 0 | M55: =SUM(K55:L55) -> 0 | O55: =SUM(M55:N55) -> 0 | P55: 0
A56: 2211203 | B56: Publishing and Printing Services- pending bill | C56: 838600 | E56: =SUM(C56:D56) -> 838600 | F56: 836600 | H56: =F56+G56 -> 836600 | J56: =H56+I56 -> 836600 | K56: 0 | M56: =SUM(K56:L56) -> 0 | O56: =SUM(M56:N56) -> 0 | P56: 0
A57: Sub Total | C57: =SUM(C54:C56) -> 2883400 | D57: =SUM(D54:D56) -> 0 | E57: =SUM(E54:E56) -> 2883400 | F57: =SUM(F54:F56) -> 4681400 | G57: =SUM(G54:G56) -> -1000000 | H57: =F57+G57 -> 3681400 | I57: =SUM(I54:I56) -> 0 | J57: =H57+I57 -> 3681400 | K57: =SUM(K54:K56) -> 0 | L57: =SUM(L54:L56) -> 0 | M57: =SUM(K57:L57) -> 0 | N57: =SUM(N54:N56) -> 0 | O57: =SUM(M57:N57) -> 0 | P57: =SUM(P54:P56) -> 0
B58: Other Operating Expenses | H58: =F58+G58 -> 0 | J58: =H58+I58 -> 0 | M58: =SUM(K58:L58) -> 0 | O58: =SUM(M58:N58) -> 0
A59: 2111313 | B59: Security Operations | C59: 14500000 | D59: 3000000 | E59: =SUM(C59:D59) -> 17500000 | F59: 12000000 | G59: -2200000 | H59: =F59+G59 -> 9800000 | J59: =H59+I59 -> 9800000 | K59: 5000000 | M59: =SUM(K59:L59) -> 5000000 | O59: =SUM(M59:N59) -> 5000000
B60: Contracted Security Services
A61: Sub Total | C61: =SUM(C59:C59) -> 14500000 | D61: =SUM(D59:D59) -> 3000000 | E61: =SUM(E59:E59) -> 17500000 | F61: =SUM(F59:F59) -> 12000000 | G61: =SUM(G59:G59) -> -2200000 | H61: =F61+G61 -> 9800000 | I61: =SUM(I59:I59) -> 0 | J61: =SUM(J59:J59) -> 9800000 | K61: =SUM(K59:K59) -> 5000000 | L61: =SUM(L59:L59) -> 0 | M61: =SUM(K61:L61) -> 5000000 | N61: =SUM(N59:N59) -> 0 | O61: =SUM(M61:N61) -> 5000000 | P61: =SUM(P59:P60) -> 0
B62: Kenya Devolution Support Program (KDSP) II | H62: =F62+G62 -> 0
A63: 2610000 | B63: Kenya Devolution Support Program (KDSP) II | E63: 0 | F63: 37500000 | H63: =F63+G63 -> 37500000 | J63: 0 | K63: 37500000 | M63: =SUM(K63:L63) -> 37500000 | N63: -1500000 | O63: =SUM(M63:N63) -> 36000000 | P63: 36000000
A64: 2610000 | B64: Kenya Devolution Support Program (KDSP) II-Unspent | J64: 37500000 | K64: 37500000 | M64: =SUM(K64:L64) -> 37500000 | N64: -1500000 | O64: =SUM(M64:N64) -> 36000000
A65: 2610000 | B65: Kenya Devolution Support Program (KDSP) II Counterpart Funding | F65: 7000000 | H65: =F65+G65 -> 7000000 | J65: =H65+I65 -> 7000000 | K65: 2000000 | M65: =SUM(K65:L65) -> 2000000 | O65: =SUM(M65:N65) -> 2000000
A66: Sub Total | C66: =SUM(C59:C63) -> 29000000 | D66: =SUM(D59:D63) -> 6000000 | E66: =SUM(E59:E63) -> 35000000 | F66: =SUM(F63:F65) -> 44500000 | G66: =SUM(G63:G65) -> 0 | H66: =F66+G66 -> 44500000 | I66: =SUM(I63:I65) -> 0 | J66: =SUM(J63:J65) -> 44500000 | K66: =SUM(K63:K65) -> 77000000 | L66: =SUM(L63:L65) -> 0 | M66: =SUM(K66:L66) -> 77000000 | N66: =SUM(N63:N65) -> -3000000 | O66: =SUM(M66:N66) -> 74000000 | P66: =SUM(P63:P65) -> 36000000
B67: Devolution Conference | H67: =F67+G67 -> 0 | J67: =H67+I67 -> 0
A68: 2210301 | B68: Travel Costs (airlines, bus, railway, mileage allowances, etc.) | C68: 700000 | E68: =SUM(C68:D68) -> 700000 | F68: 600000 | G68: -300000 | H68: =F68+G68 -> 300000 | J68: =H68+I68 -> 300000 | K68: 200000 | M68: =SUM(K68:L68) -> 200000 | O68: =SUM(M68:N68) -> 200000
A69: 2211306 | B69: Membership Fees, Dues and Subscriptions to Professional and Trade Bodies | F69: 200000 | G69: -200000 | H69: =F69+G69 -> 0 | J69: =H69+I69 -> 0 | K69: 200000 | M69: =SUM(K69:L69) -> 200000 | O69: =SUM(M69:N69) -> 200000
A70: 2210302 | B70: Accommodation - Domestic Travel | C70: 1500000 | E70: =SUM(C70:D70) -> 1500000 | F70: 0 | H70: =F70+G70 -> 0 | J70: =H70+I70 -> 0 | M70: =SUM(K70:L70) -> 0 | O70: =SUM(M70:N70) -> 0
A71: 2210303 | B71: Daily Subsistence Allowance | C71: 2000000 | E71: =SUM(C71:D71) -> 2000000 | F71: 1500000 | G71: -750000 | H71: =F71+G71 -> 750000 | J71: =H71+I71 -> 750000 | M71: =SUM(K71:L71) -> 0 | O71: =SUM(M71:N71) -> 0
A72: 2210502 | B72: Publishing and Printing Services | C72: 0 | E72: =SUM(C72:D72) -> 0 | H72: =F72+G72 -> 0 | J72: =H72+I72 -> 0 | M72: =SUM(K72:L72) -> 0 | O72: =SUM(M72:N72) -> 0
A73: 2210505 | B73: Trade Shows and Exhibitions | C73: 0 | E73: =SUM(C73:D73) -> 0 | H73: =F73+G73 -> 0 | J73: =H73+I73 -> 0 | K73: 200000 | M73: =SUM(K73:L73) -> 200000 | O73: =SUM(M73:N73) -> 200000
A74: 2210801 | B74: Catering Services (receptions), Accommodation, Gifts, Food and Drinks | C74: 0 | E74: =SUM(C74:D74) -> 0 | H74: =F74+G74 -> 0 | J74: =H74+I74 -> 0 | M74: =SUM(K74:L74) -> 0 | O74: =SUM(M74:N74) -> 0
A75: 2210802 | B75: Boards, Committees, Conferences and Seminars | C75: 0 | E75: =SUM(C75:D75) -> 0 | H75: =F75+G75 -> 0 | J75: =H75+I75 -> 0 | K75: 200000 | M75: =SUM(K75:L75) -> 200000 | O75: =SUM(M75:N75) -> 200000
A76: 2211101 | B76: General Office Supplies (papers, pencils, forms, small office equipment etc) | C76: 500000 | E76: =SUM(C76:D76) -> 500000 | F76: 300000 | G76: -300000 | H76: =F76+G76 -> 0 | J76: =H76+I76 -> 0 | K76: 100000 | M76: =SUM(K76:L76) -> 100000 | O76: =SUM(M76:N76) -> 100000
A77: 2211102 | B77: Supplies and Accessories for Computers and Printers | C77: 0 | E77: =SUM(C77:D77) -> 0 | H77: =F77+G77 -> 0 | J77: =H77+I77 -> 0 | M77: =SUM(K77:L77) -> 0 | O77: =SUM(M77:N77) -> 0
A78: 2211306 | B78: Membership Fees, Dues and Subscriptions to Professional and Trade Bodies | C78: 0 | E78: =SUM(C78:D78) -> 0 | H78: =F78+G78 -> 0 | J78: =H78+I78 -> 0 | M78: =SUM(K78:L78) -> 0 | O78: =SUM(M78:N78) -> 0
A79: 2211103 | B79: Sanitary and Cleaning Materials, Supplies and Services | C79: 300000 | E79: =SUM(C79:D79) -> 300000 | F79: 300000 | G79: -300000 | H79: =F79+G79 -> 0 | J79: =H79+I79 -> 0 | M79: =SUM(K79:L79) -> 0 | O79: =SUM(M79:N79) -> 0
A80: 2211016 | B80: Purchase of Uniforms and Clothing - Staff | E80: =SUM(C80:D80) -> 0 | F80: 0 | H80: =F80+G80 -> 0 | J80: =H80+I80 -> 0 | M80: =SUM(K80:L80) -> 0 | O80: =SUM(M80:N80) -> 0
A81: Sub Total | C81: =SUM(C68:C80) -> 5000000 | D81: =SUM(D68:D80) -> 0 | E81: =SUM(E68:E80) -> 5000000 | F81: =SUM(F68:F80) -> 2900000 | G81: =SUM(G68:G80) -> -1850000 | H81: =F81+G81 -> 1050000 | I81: =SUM(I68:I80) -> 0 | J81: =SUM(J68:J80) -> 1050000 | K81: =SUM(K68:K80) -> 900000 | L81: =SUM(L68:L80) -> 0 | M81: =SUM(K81:L81) -> 900000 | N81: =SUM(N68:N80) -> 0 | O81: =SUM(M81:N81) -> 900000 | P81: =SUM(P68:P80) -> 0
B82: Routine Maintenance - Vehicles and Other Transport Equipment | C82: 0 | E82: =SUM(C82:D82) -> 0 | H82: =F82+G82 -> 0 | J82: =H82+I82 -> 0
A83: 2220101 | B83: Maintenance Expenses - Motor Vehicles and cycles | C83: 0 | E83: =SUM(C83:D83) -> 0 | H83: =F83+G83 -> 0 | J83: =H83+I83 -> 0 | K83: 1000000 | M83: =SUM(K83:L83) -> 1000000 | O83: =SUM(M83:N83) -> 1000000 | P83: 800000
A84: Sub Total | C84: 0 | E84: =SUM(C84:D84) -> 0 | H84: =F84+G84 -> 0 | J84: =H84+I84 -> 0 | K84: =SUM(K83) -> 1000000 | L84: =SUM(L83) -> 0 | M84: =SUM(K84:L84) -> 1000000 | N84: =SUM(N83) -> 0 | O84: =SUM(M84:N84) -> 1000000 | P84: =SUM(P83) -> 800000
B85: Routine Maintenance - Other Assets
A86: 2220205 | B86: Maintenance of Buildings and Stations -- Non-Residential- pending bills | C86: 3468050 | E86: =SUM(C86:D86) -> 3468050 | F86: 6468050 | H86: =F86+G86 -> 6468050 | J86: =H86+I86 -> 6468050 | K86: 500000 | M86: =SUM(K86:L86) -> 500000 | N86: -500000 | O86: =SUM(M86:N86) -> 0
A87: Sub Total | C87: =SUM(C86) -> 3468050 | D87: =SUM(D86) -> 0 | E87: =SUM(E86) -> 3468050 | F87: =SUM(F86) -> 6468050 | G87: =SUM(G86) -> 0 | H87: =F87+G87 -> 6468050 | I87: =SUM(I86) -> 0 | J87: =SUM(J86) -> 6468050 | K87: =SUM(K86) -> 500000 | L87: =SUM(L86) -> 0 | M87: =SUM(K87:L87) -> 500000 | N87: =SUM(N86) -> -500000 | O87: =SUM(M87:N87) -> 0 | P87: =SUM(P86) -> 0
B88: Total O&M for General Administration, Planning and Support Services | C88: =SUM(C87,C81,C61,C57,C52,C42,C26) -> 30577450 | D88: =SUM(D87,D81,D61,D57,D52,D42,D26) -> 4000000 | E88: =SUM(E87,E81,E61,E57,E52,E42,E26) -> 34577450 | F88: =SUM(F87,F81,F61,F66,F57,F52,F42,F26) -> 78439250 | G88: =SUM(G87,G81,G61,G66,G57,G52,G42,G26) -> -6970000 | H88: =F88+G88 -> 71469250 | I88: =SUM(I87,I81,I61,I66,I57,I52,I42,I26) -> 0 | J88: =SUM(J87,J81,J61,J66,J57,J52,J42,J26) -> 71469250 | K88: =SUM(K87,K84,K81,K66,K61,K57,K52,K42,K35,K26,K22,K19) -> 89860000 | L88: =SUM(L87,L84,L81,L66,L61,L57,L52,L42,L35,L26,L22,L19) -> 0 | M88: =SUM(K88:L88) -> 89860000 | N88: =SUM(N87,N84,N81,N66,N61,N57,N52,N42,N35,N26,N22,N19) -> -3500000 | O88: =SUM(M88:N88) -> 86360000 | P88: =SUM(P87,P84,P81,P66,P61,P57,P52,P42,P35,P26,P22,P19) -> 38700000
B89: Total Recurrent for General Administration, Planning and Support Services | C89: =C88+C15 -> 459374432 | D89: =D88+D15 -> 4000000 | E89: =E88+E15 -> 463374432 | F89: =F88+F15 -> 507236232 | G89: =G88+G15 -> -6970000 | H89: =F89+G89 -> 500266232 | I89: =I88+I15 -> 0 | J89: =J88+J15 -> 500266232 | K89: =K88+K15 -> 593680424 | L89: =L88+L15 -> -100000000 | M89: =SUM(K89:L89) -> 493680424 | N89: =N88+N15 -> -3500000 | O89: =SUM(M89:N89) -> 490180424 | P89: =P88+P15 -> 442520424
A90: 10302 | B90: Devolved Services
A91: 2210201 | B91: Telephone, Telex, Facsmile and Mobile Phone Services | M91: =SUM(K91:L91) -> 0 | O91: =SUM(M91:N91) -> 0
A92: 2210301 | B92: Travel Costs (airlines, bus, railway, mileage allowances, etc.) | C92: 200000 | E92: =SUM(C92:D92) -> 200000 | F92: 200000 | G92: -200000 | M92: =SUM(K92:L92) -> 0 | O92: =SUM(M92:N92) -> 0
A93: 2210309 | B93: Field operations allowances | C93: 1000000 | D93: -500000 | E93: =SUM(C93:D93) -> 500000 | F93: 0 | H93: =F93+G93 -> 0 | J93: =H93+I93 -> 0 | M93: =SUM(K93:L93) -> 0 | O93: =SUM(M93:N93) -> 0
A94: 2210708 | B94: Trainer Allowance (Paramilitary Training of Sub- County & Ward Officers) | E94: =SUM(C94:D94) -> 0 | H94: =F94+G94 -> 0 | J94: =H94+I94 -> 0 | M94: =SUM(K94:L94) -> 0 | O94: =SUM(M94:N94) -> 0
A95: 2210710 | B95: Accommodation Allowance | E95: =SUM(C95:D95) -> 0 | H95: =F95+G95 -> 0 | J95: =H95+I95 -> 0 | M95: =SUM(K95:L95) -> 0 | O95: =SUM(M95:N95) -> 0
A96: 2210802 | B96: Boards, Committees, Conferences and Seminars | E96: =SUM(C96:D96) -> 0 | H96: =F96+G96 -> 0 | J96: =H96+I96 -> 0 | M96: =SUM(K96:L96) -> 0 | O96: =SUM(M96:N96) -> 0
A97: 2211101 | B97: General Office Supplies (papers, pencils, forms, small office equipment etc) | C97: 791532 | E97: =SUM(C97:D97) -> 791532 | F97: 800000 | G97: -200000 | H97: =F97+G97 -> 600000 | J97: =H97+I97 -> 600000 | K97: 200000 | M97: =SUM(K97:L97) -> 200000 | O97: =SUM(M97:N97) -> 200000 | P97: 200000
A98: 2211103 | B98: Sanitary and Cleaning Materials, Supplies and Services | C98: 400000 | E98: =SUM(C98:D98) -> 400000 | F98: 200000 | H98: =F98+G98 -> 200000 | J98: =H98+I98 -> 200000 | K98: 363139 | M98: =SUM(K98:L98) -> 363139 | N98: -200000 | O98: =SUM(M98:N98) -> 163139 | P98: 118679
B99: Purchase of Uniforms and Clothing - Staff | P99: 1400000
B100: Total O & M for Devolved Services | C100: =SUM(C92:C98) -> 2391532 | D100: =SUM(D92:D98) -> -500000 | E100: =SUM(E92:E98) -> 1891532 | F100: =SUM(F92:F98) -> 1200000 | G100: =SUM(G92:G98) -> -400000 | H100: =F100+G100 -> 800000 | I100: =SUM(I92:I98) -> 0 | J100: =SUM(J92:J98) -> 800000 | K100: =SUM(K92:K98) -> 563139 | L100: =SUM(L92:L98) -> 0 | M100: =SUM(K100:L100) -> 563139 | N100: =SUM(N92:N98) -> -200000 | O100: =SUM(M100:N100) -> 363139 | P100: =SUM(P92:P99) -> 1718679
...

Sheet STAKEHOLDER
A2: CHART OF ACCOUNTS -RECURRENT | C2: APPROVED BUDGET 2023/2024 | D2: Adjustments | E2: APPROVED REVISED BUDGET 2023/2024 | F2: APPROVED BUDGET 2024/2025 | G2: ADJUSTMENTS | H2: APPROVED REVISED BUDGET 2024/2025 | I2: ADJUSTMENTS | J2: 2ND REVISED BUDGET 2024/2025 | K2: APPROVED BUDGET FY 2025/26 | L2: ADJUSTMENT | M2: APPROVED REVISED BUDGET FY 2025/26 | N2: ADJUSTMENT | O2: APPROVED 2ND REVISED BUDGET FY 2025/26 | P2: PROPOSED BUDGET FY 2026/27
A3: 10401 | B3: Stakeholder Management
A4: 2100000 | B4: Compensation of Employees
B5: Basic Salaries - Permanent Employees
A6: 2110101 | B6: Basic Salaries | C6: 27822624 | E6: =SUM(C6:D6) -> 27822624 | F6: 27822624 | H6: =F6+G6 -> 27822624 | J6: =H6+I6 -> 27822624 | K6: 32690543 | M6: =SUM(K6:L6) -> 32690543 | O6: =SUM(M6:N6) -> 32690543 | P6: 32690543
A7: Sub Total | C7: 27822624 | D7: =SUM(D6) -> 0 | E7: =SUM(E6) -> 27822624 | F7: =SUM(F6) -> 27822624 | G7: =SUM(G6) -> 0 | H7: =F7+G7 -> 27822624 | I7: =SUM(I6) -> 0 | J7: =H7+I7 -> 27822624 | K7: =SUM(K6) -> 32690543 | L7: =SUM(L6) -> 0 | M7: =SUM(K7:L7) -> 32690543 | N7: =SUM(N6) -> 0 | O7: =SUM(M7:N7) -> 32690543 | P7: =SUM(P6) -> 32690543
B8: Personal Allowance Paid as Part of Salary | H8: =F8+G8 -> 0 | J8: =H8+I8 -> 0
A9: 2110301 | B9: House Allowance | C9: 7142219 | E9: =SUM(C9:D9) -> 7142219 | F9: 7142219 | H9: =F9+G9 -> 7142219 | J9: =H9+I9 -> 7142219 | K9: 8391840 | M9: =SUM(K9:L9) -> 8391840 | O9: =SUM(M9:N9) -> 8391840 | P9: 8391840
A10: 2110314 | B10: Transport Allowance | C10: 3977085 | E10: =SUM(C10:D10) -> 3977085 | F10: 3977085 | H10: =F10+G10 -> 3977085 | J10: =H10+I10 -> 3977085 | K10: 4672926 | M10: =SUM(K10:L10) -> 4672926 | O10: =SUM(M10:N10) -> 4672926 | P10: 4672926
A11: 2110320 | B11: Leave Allowance | C11: 361090 | E11: =SUM(C11:D11) -> 361090 | F11: 361090 | H11: =F11+G11 -> 361090 | J11: =H11+I11 -> 361090 | K11: 424267 | M11: =SUM(K11:L11) -> 424267 | O11: =SUM(M11:N11) -> 424267 | P11: 424267
A12: Sub Total | C12: 11480394 | D12: =SUM(D9:D11) -> 0 | E12: =SUM(E9:E11) -> 11480394 | F12: =SUM(F9:F11) -> 11480394 | G12: =SUM(G9:G11) -> 0 | H12: =F12+G12 -> 11480394 | I12: =SUM(I9:I11) -> 0 | J12: =H12+I12 -> 11480394 | K12: =SUM(K8:K11) -> 13489033 | L12: =SUM(L8:L11) -> 0 | M12: =SUM(K12:L12) -> 13489033 | N12: =SUM(N8:N11) -> 0 | O12: =SUM(M12:N12) -> 13489033 | P12: =SUM(P8:P11) -> 13489033
A13: Total Salaries and Wages | C13: 39303018 | D13: =SUM(D12,D7) -> 0 | E13: =SUM(E12,E7) -> 39303018 | F13: =SUM(F12,F7) -> 39303018 | G13: =SUM(G12,G7) -> 0 | H13: =F13+G13 -> 39303018 | I13: =SUM(I12,I7) -> 0 | J13: =H13+I13 -> 39303018 | K13: =K12+K7 -> 46179576 | L13: =L12+L7 -> 0 | M13: =SUM(K13:L13) -> 46179576 | N13: =N12+N7 -> 0 | O13: =SUM(M13:N13) -> 46179576 | P13: =P12+P7 -> 46179576
A14: 2200000 | B14: Use of Goods and Services | H14: =F14+G14 -> 0 | J14: =H14+I14 -> 0
B15: Utilities Supplies and Services | H15: =F15+G15 -> 0 | J15: =H15+I15 -> 0
A16: 2210101 | B16: Electricity | H16: =F16+G16 -> 0 | J16: =H16+I16 -> 0 | K16: 100000 | M16: =SUM(K16:L16) -> 100000 | O16: =SUM(M16:N16) -> 100000 | P16: 100000
A17: Sub Total | C17: 0 | H17: =F17+G17 -> 0 | J17: =H17+I17 -> 0 | K17: =SUM(K16) -> 100000 | L17: =SUM(L16) -> 0 | M17: =SUM(K17:L17) -> 100000 | N17: =SUM(N16) -> 0 | O17: =SUM(M17:N17) -> 100000 | P17: =SUM(P16) -> 100000
B18: Communication, Supplies and Services | H18: =F18+G18 -> 0 | J18: =H18+I18 -> 0 | K18: =G18+H18 -> 0 | P18: =L18+M18 -> 0
A19: 2210201 | B19: Telephone, Telex, Facsmile and Mobile Phone Services | H19: =F19+G19 -> 0 | J19: =H19+I19 -> 0 | K19: 100000 | M19: =SUM(K19:L19) -> 100000 | O19: =SUM(M19:N19) -> 100000
A20: Sub Total | C20: 0 | H20: =F20+G20 -> 0 | J20: =H20+I20 -> 0 | K20: =SUM(K18:K19) -> 100000 | L20: =SUM(L18:L19) -> 0 | M20: =SUM(K20:L20) -> 100000 | N20: =SUM(N18:N19) -> 0 | O20: =SUM(M20:N20) -> 100000 | P20: =SUM(P18:P19) -> 0
B21: Domestic Travel and Subsistence, and Other Transportation Costs | H21: =F21+G21 -> 0 | J21: =H21+I21 -> 0 | K21: =G21+H21 -> 0 | M21: =SUM(K21:L21) -> 0 | O21: =SUM(M21:N21) -> 0 | P21: =L21+M21 -> 0
A22: 2210301 | B22: Travel Costs (airlines, bus, railway, mileage allowances, etc.) | C22: 200000 | E22: =SUM(C22:D22) -> 200000 | F22: 0 | G22: 0 | H22: =F22+G22 -> 0 | I22: 0 | J22: =H22+I22 -> 0 | M22: =SUM(K22:L22) -> 0 | O22: =SUM(M22:N22) -> 0
A23: 2210302 | B23: Accommodation - Domestic Travel | C23: 1000000 | D23: -500000 | E23: =SUM(C23:D23) -> 500000 | F23: 0 | G23: 0 | H23: =F23+G23 -> 0 | I23: 0 | J23: =H23+I23 -> 0 | K23: =G23+H23 -> 0 | M23: =SUM(K23:L23) -> 0 | O23: =SUM(M23:N23) -> 0 | P23: =L23+M23 -> 0
A24: 2210303 | B24: Daily Subsistence Allowance | C24: 800000 | D24: -300000 | E24: =SUM(C24:D24) -> 500000 | F24: 0 | G24: 0 | H24: =F24+G24 -> 0 | I24: 0 | J24: =H24+I24 -> 0 | K24: =G24+H24 -> 0 | M24: =SUM(K24:L24) -> 0 | O24: =SUM(M24:N24) -> 0 | P24: =L24+M24 -> 0
A25: Sub Total | C25: 2000000 | D25: =SUM(D22:D24) -> -800000 | E25: =SUM(E22:E24) -> 1200000 | F25: =SUM(F22:F24) -> 0 | G25: =SUM(G22:G24) -> 0 | H25: =F25+G25 -> 0 | I25: =SUM(I22:I24) -> 0 | J25: =H25+I25 -> 0 | K25: =SUM(K22:K24) -> 0 | L25: =SUM(L22:L24) -> 0 | M25: =SUM(K25:L25) -> 0 | N25: =SUM(N22:N24) -> 0 | O25: =SUM(M25:N25) -> 0 | P25: =SUM(P22:P24) -> 0
B26: Foreign Travel and Subsistence, and other transportation costs | H26: =F26+G26 -> 0 | J26: =H26+I26 -> 0 | K26: =G26+H26 -> 0 | M26: =SUM(K26:L26) -> 0 | O26: =SUM(M26:N26) -> 0 | P26: =L26+M26 -> 0
A27: 2210401 | B27: Travel Costs (airlines, bus, railway, etc.) | C27: 500000 | D27: -500000 | E27: =SUM(C27:D27) -> 0 | H27: =F27+G27 -> 0 | J27: =H27+I27 -> 0 | K27: =G27+H27 -> 0 | M27: =SUM(K27:L27) -> 0 | O27: =SUM(M27:N27) -> 0 | P27: =L27+M27 -> 0
A28: 2210402 | B28: Accommodation | E28: =SUM(C28:D28) -> 0 | H28: =F28+G28 -> 0 | J28: =H28+I28 -> 0 | K28: =G28+H28 -> 0 | M28: =SUM(K28:L28) -> 0 | O28: =SUM(M28:N28) -> 0 | P28: =L28+M28 -> 0
A29: 2210403 | B29: Daily Subsistence Allowance | C29: 800000 | D29: -800000 | E29: =SUM(C29:D29) -> 0 | H29: =F29+G29 -> 0 | J29: =H29+I29 -> 0 | K29: =G29+H29 -> 0 | M29: =SUM(K29:L29) -> 0 | O29: =SUM(M29:N29) -> 0 | P29: =L29+M29 -> 0
A30: Sub Total | C30: 1300000 | D30: =SUM(D27:D29) -> -1300000 | E30: =SUM(E27:E29) -> 0 | F30: =SUM(F27:F29) -> 0 | G30: =SUM(G27:G29) -> 0 | H30: =F30+G30 -> 0 | I30: =SUM(I27:I29) -> 0 | J30: =H30+I30 -> 0 | K30: =G30+H30 -> 0 | M30: =SUM(K30:L30) -> 0 | O30: =SUM(M30:N30) -> 0 | P30: =L30+M30 -> 0
B31: Printing , Advertising and Information Supplies and Services | E31: =SUM(C31:D31) -> 0 | H31: =F31+G31 -> 0 | J31: =H31+I31 -> 0
A32: 2210504 | B32: Advertising, Awareness and Publicity Campaigns | E32: =SUM(C32:D32) -> 0 | H32: =F32+G32 -> 0 | J32: =H32+I32 -> 0 | K32: 200000 | M32: =SUM(K32:L32) -> 200000 | O32: =SUM(M32:N32) -> 200000 | P32: 100000
A33: Sub Total | C33: 0 | E33: =SUM(C33:D33) -> 0 | H33: =F33+G33 -> 0 | J33: =H33+I33 -> 0 | K33: =SUM(K26:K32) -> 200000 | L33: =SUM(L26:L32) -> 0 | M33: =SUM(K33:L33) -> 200000 | N33: =SUM(N26:N32) -> 0 | O33: =SUM(M33:N33) -> 200000 | P33: =SUM(P26:P32) -> 100000
B34: Hospitality Supplies and Services | H34: =F34+G34 -> 0 | J34: =H34+I34 -> 0
A35: 2211306 | B35: Membership Fees, Dues and Subscriptions to Professional and Trade Bodies | E35: =SUM(C35:D35) -> 0 | H35: =F35+G35 -> 0 | J35: =H35+I35 -> 0 | K35: 200000 | M35: =SUM(K35:L35) -> 200000 | O35: =SUM(M35:N35) -> 200000 | P35: 200000
A36: 2210802 | B36: Boards, Committees, Conferences and Seminars | C36: 200000 | E36: =SUM(C36:D36) -> 200000 | H36: =F36+G36 -> 0 | J36: =H36+I36 -> 0 | K36: 100000 | M36: =SUM(K36:L36) -> 100000 | O36: =SUM(M36:N36) -> 100000 | P36: 100000
A37: Sub Total | C37: 200000 | D37: =SUM(D35:D36) -> 0 | E37: =SUM(E35:E36) -> 200000 | F37: =SUM(F35:F36) -> 0 | G37: =SUM(G35:G36) -> 0 | H37: =F37+G37 -> 0 | I37: =SUM(I35:I36) -> 0 | J37: =H37+I37 -> 0 | K37: =SUM(K35:K36) -> 300000 | L37: =SUM(L35:L36) -> 0 | M37: =SUM(K37:L37) -> 300000 | N37: =SUM(N35:N36) -> 0 | O37: =SUM(M37:N37) -> 300000 | P37: =SUM(P35:P36) -> 300000
B38: Office and General Supplies and Services | H38: =F38+G38 -> 0 | J38: =H38+I38 -> 0 | K38: =G38+H38 -> 0 | M38: =SUM(K38:L38) -> 0 | O38: =SUM(M38:N38) -> 0 | P38: =L38+M38 -> 0
A39: 2211101 | B39: General Office Supplies (papers, pencils, forms, small office equipment etc) | C39: 200000 | E39: =SUM(C39:D39) -> 200000 | F39: 0 | G39: 0 | H39: =F39+G39 -> 0 | I39: 0 | J39: =H39+I39 -> 0 | K39: 400000 | M39: =SUM(K39:L39) -> 400000 | O39: =SUM(M39:N39) -> 400000 | P39: 200000
A40: 2211103 | B40: Sanitary and Cleaning Materials, Supplies and Services | C40: 100000 | E40: =SUM(C40:D40) -> 100000 | F40: 0 | G40: 0 | H40: =F40+G40 -> 0 | I40: 0 | J40: =H40+I40 -> 0 | K40: 200000 | M40: =SUM(K40:L40) -> 200000 | O40: =SUM(M40:N40) -> 200000 | P40: 200000
A41: Sub Total | C41: 400000 | D41: =SUM(D39:D40) -> 0 | E41: =SUM(E39:E40) -> 300000 | F41: =SUM(F39:F40) -> 0 | G41: =SUM(G39:G40) -> 0 | H41: =F41+G41 -> 0 | I41: =SUM(I39:I40) -> 0 | J41: =H41+I41 -> 0 | K41: =SUM(K39:K40) -> 600000 | L41: =SUM(L39:L40) -> 0 | M41: =SUM(K41:L41) -> 600000 | N41: =SUM(N39:N40) -> 0 | O41: =SUM(M41:N41) -> 600000 | P41: =SUM(P39:P40) -> 400000
B42: Fuel Oil and Lubricants | C42: 0 | D42: 0 | E42: 0 | F42: 0 | G42: 0 | H42: =F42+G42 -> 0 | I42: 0 | J42: =H42+I42 -> 0
A43: 2211201 | B43: Refined Fuels and Lubricants for Transport | C43: 0 | D43: 0 | E43: 0 | F43: 0 | G43: 0 | H43: =F43+G43 -> 0 | I43: 0 | J43: =H43+I43 -> 0 | K43: 400000 | M43: =SUM(K43:L43) -> 400000 | O43: =SUM(M43:N43) -> 400000 | P43: 200000
A44: Sub Total | H44: =F44+G44 -> 0 | J44: =H44+I44 -> 0 | K44: =SUM(K42:K43) -> 400000 | L44: =SUM(L42:L43) -> 0 | M44: =SUM(K44:L44) -> 400000 | N44: =SUM(N42:N43) -> 0 | O44: =SUM(M44:N44) -> 400000 | P44: =SUM(P42:P43) -> 200000
B45: Other Operating Expenses | H45: =F45+G45 -> 0 | J45: =H45+I45 -> 0 | K45: =G45+H45 -> 0 | M45: =SUM(K45:L45) -> 0 | O45: =SUM(M45:N45) -> 0 | P45: =L45+M45 -> 0
A46: 2210716 | B46: Purchase of Furniture | C46: 0 | D46: 0 | E46: 0 | F46: 0 | G46: 0 | H46: =F46+G46 -> 0 | I46: 0 | J46: =H46+I46 -> 0 | M46: =SUM(K46:L46) -> 0 | O46: =SUM(M46:N46) -> 0
A47: Sub Total | C47: 0 | D47: =SUM(D46) -> 0 | E47: =SUM(E46) -> 0 | F47: =SUM(F46) -> 0 | G47: =SUM(G46) -> 0 | H47: =F47+G47 -> 0 | I47: =SUM(I46) -> 0 | J47: =H47+I47 -> 0 | K47: =SUM(K45:K46) -> 0 | L47: =SUM(L45:L46) -> 0 | M47: =SUM(K47:L47) -> 0 | N47: =SUM(N45:N46) -> 0 | O47: =SUM(M47:N47) -> 0 | P47: =SUM(P45:P46) -> 0
B48: Routine Maintenance - Vehicles and Other Transport Equipment | C48: 0 | D48: 0 | E48: 0 | F48: 0 | G48: 0 | H48: =F48+G48 -> 0 | I48: 0 | J48: =H48+I48 -> 0 | K48: =G48+H48 -> 0 | M48: =SUM(K48:L48) -> 0 | O48: =SUM(M48:N48) -> 0 | P48: =L48+M48 -> 0
A49: 2220101 | B49: Maintenance Expenses - Motor Vehicles and cycles | C49: 0 | D49: 0 | E49: 0 | F49: 0 | G49: 0 | H49: =F49+G49 -> 0 | I49: 0 | J49: =H49+I49 -> 0 | K49: 200000 | M49: =SUM(K49:L49) -> 200000 | O49: =SUM(M49:N49) -> 200000 | P49: 200000
A50: Sub Total | C50: 0 | D50: 0 | E50: 0 | F50: 0 | G50: 0 | H50: =F50+G50 -> 0 | I50: 0 | J50: =H50+I50 -> 0 | K50: =SUM(K48:K49) -> 200000 | L50: =SUM(L48:L49) -> 0 | M50: =SUM(K50:L50) -> 200000 | N50: =SUM(N48:N49) -> 0 | O50: =SUM(M50:N50) -> 200000 | P50: =SUM(P48:P49) -> 200000
B51: Routine Maintenance - Other Assets | H51: =F51+G51 -> 0 | J51: =H51+I51 -> 0 | K51: =G51+H51 -> 0 | M51: =SUM(K51:L51) -> 0 | O51: =SUM(M51:N51) -> 0 | P51: =L51+M51 -> 0
A52: 2220205 | B52: Maintenance of Buildings and Stations -- Non-Residential | H52: =F52+G52 -> 0 | J52: =H52+I52 -> 0 | K52: =G52+H52 -> 0 | M52: =SUM(K52:L52) -> 0 | O52: =SUM(M52:N52) -> 0 | P52: =L52+M52 -> 0
A53: Sub Total | C53: 0 | D53: =SUM(D52) -> 0 | E53: =SUM(E52) -> 0 | F53: =SUM(F52) -> 0 | G53: =SUM(G52) -> 0 | H53: =F53+G53 -> 0 | I53: =SUM(I52) -> 0 | J53: =H53+I53 -> 0 | K53: =G53+H53 -> 0 | L53: =H53+I53 -> 0 | M53: =SUM(K53:L53) -> 0 | N53: =J53+K53 -> 0 | O53: =SUM(M53:N53) -> 0 | P53: =L53+M53 -> 0
B54: Total O & M Stakeholder Management | C54: 3900000 | D54: =SUM(D53,D47,D41,D37,D33,D30,D25) -> -2100000 | E54: =SUM(E53,E47,E41,E37,E33,E30,E25) -> 1700000 | F54: =SUM(F53,F47,F41,F37,F33,F30,F25) -> 0 | G54: =SUM(G53,G47,G41,G37,G33,G30,G25) -> 0 | H54: =F54+G54 -> 0 | I54: =SUM(I53,I47,I41,I37,I33,I30,I25) -> 0 | J54: =H54+I54 -> 0 | K54: =SUM(K53,K50,K47,K44,K41,K37,K33,K25,K20,K17) -> 1900000 | L54: =SUM(L53,L50,L47,L44,L41,L37,L33,L25,L20,L17) -> 0 | M54: =SUM(K54:L54) -> 1900000 | N54: =SUM(N53,N50,N47,N44,N41,N37,N33,N25,N20,N17) -> 0 | O54: =SUM(M54:N54) -> 1900000 | P54: =SUM(P53,P50,P47,P44,P41,P37,P33,P25,P20,P17) -> 1300000
B55: Total Recurrent Stakeholder Management | C55: 43203018 | D55: =SUM(D54,D13) -> -2100000 | E55: =SUM(E54,E13) -> 41003018 | F55: =SUM(F54,F13) -> 39303018 | G55: =SUM(G54,G13) -> 0 | H55: =F55+G55 -> 39303018 | I55: =SUM(I54,I13) -> 0 | J55: =H55+I55 -> 39303018 | K55: =K13+K54 -> 48079576 | L55: =L13+L54 -> 0 | M55: =SUM(K55:L55) -> 48079576 | N55: =N13+N54 -> 0 | O55: =SUM(M55:N55) -> 48079576 | P55: =P13+P54 -> 47479576
A56: 10402 | B56: Public Participation and Civic Education | H56: =F56+G56 -> 0 | J56: =H56+I56 -> 0
A57: 2210201 | B57: Telephone, Telex, Facsmile and Mobile Phone Services | E57: =SUM(C57:D57) -> 0 | H57: =F57+G57 -> 0 | J57: =H57+I57 -> 0 | K57: 20000 | M57: =SUM(K57:L57) -> 20000 | O57: =SUM(M57:N57) -> 20000 | P57: 20000
A58: 2210301 | B58: Travel Costs (airlines, bus, railway, mileage allowances, etc.) | C58: 50000 | E58: =SUM(C58:D58) -> 50000 | F58: 50000 | G58: -50000 | H58: =F58+G58 -> 0 | J58: =H58+I58 -> 0 | K58: 200000 | M58: =SUM(K58:L58) -> 200000 | O58: =SUM(M58:N58) -> 200000 | P58: 200000
A59: 2210303 | B59: Daily Subsistence Allowance | C59: 50000 | E59: =SUM(C59:D59) -> 50000 | F59: 50000 | H59: =F59+G59 -> 50000 | J59: =H59+I59 -> 50000 | K59: 50000 | M59: =SUM(K59:L59) -> 50000 | O59: =SUM(M59:N59) -> 50000 | P59: 50000
B60: Total for Public Participation and Civic Education | C60: 6700000 | D60: =SUM(D58:D59) -> 0 | E60: =SUM(E58:E59) -> 100000 | F60: =SUM(F58:F59) -> 100000 | G60: =SUM(G58:G59) -> -50000 | H60: =SUM(H58:H59) -> 50000 | I60: =SUM(I58:I59) -> 0 | J60: =SUM(J58:J59) -> 50000 | K60: =SUM(K57:K59) -> 270000 | L60: =SUM(L57:L59) -> 0 | M60: =SUM(K60:L60) -> 270000 | N60: =SUM(N57:N59) -> 0 | O60: =SUM(M60:N60) -> 270000 | P60: =SUM(P57:P59) -> 270000
A61: 10403 | B61: Disaster Management and Rescue Services | H61: =F61+G61 -> 0 | J61: =H61+I61 -> 0
A62: 2210309 | B62: Field operational allowances | C62: 500000 | E62: =SUM(C62:D62) -> 500000 | F62: 500000 | G62: -500000 | H62: =F62+G62 -> 0 | J62: =H62+I62 -> 0 | K62: 400000 | M62: =SUM(K62:L62) -> 400000 | O62: =SUM(M62:N62) -> 400000 | P62: 400000
A63: 2220105 | B63: Routine Maintenance - Vehicles (Fire Engine) | C63: 2000000 | D63: 2000000 | E63: =SUM(C63:D63) -> 4000000 | F63: 3000000 | H63: =F63+G63 -> 3000000 | J63: =H63+I63 -> 3000000 | K63: 2600000 | M63: =SUM(K63:L63) -> 2600000 | O63: =SUM(M63:N63) -> 2600000 | P63: 1000000
A64: 2211201 | B64: Refined oils and lubricants | C64: 1400000 | E64: =SUM(C64:D64) -> 1400000 | F64: 1400000 | H64: =F64+G64 -> 1400000 | J64: =H64+I64 -> 1400000 | K64: 1000000 | M64: =SUM(K64:L64) -> 1000000 | O64: =SUM(M64:N64) -> 1000000 | P64: 700000
A65: 3111106 | B65: Fire Fighting Equipment Assorted | C65: 0 | E65: =SUM(C65:D65) -> 0 | F65: 0 | H65: =F65+G65 -> 0 | J65: =H65+I65 -> 0 | K65: 1000000 | M65: =SUM(K65:L65) -> 1000000 | O65: =SUM(M65:N65) -> 1000000 | P65: 300000
B66: Leasing of Fire Engine | F66: 0 | H66: =F66+G66 -> 0 | J66: =H66+I66 -> 0 | M66: =SUM(K66:L66) -> 0 | O66: =SUM(M66:N66) -> 0
B67: Total O&M for Disaster Management and Rescue Services | C67: 28050000 | D67: =SUM(D62:D65) -> 2000000 | E67: =SUM(E62:E65) -> 5900000 | F67: =SUM(F62:F66) -> 4900000 | G67: =SUM(G62:G66) -> -500000 | H67: =SUM(H62:H66) -> 4400000 | I67: =SUM(I62:I66) -> 0 | J67: =SUM(J62:J66) -> 4400000 | K67: =SUM(K62:K66) -> 5000000 | L67: =SUM(L62:L66) -> 0 | M67: =SUM(K67:L67) -> 5000000 | N67: =SUM(N62:N66) -> 0 | O67: =SUM(M67:N67) -> 5000000 | P67: =SUM(P62:P66) -> 2400000
A68: 3100000 | B68: Development Expenditure | E68: =SUM(C68:D68) -> 0 | H68: =F68+G68 -> 0 | J68: =H68+I68 -> 0 | K68: =G68+H68 -> 0 | M68: =SUM(K68:L68) -> 0 | O68: =SUM(M68:N68) -> 0 | P68: =L68+M68 -> 0
A69: 3110902 | B69: Purchase of Household and Instutution appliances (Thunder Arrestors) | C69: 4000000 | E69: =SUM(C69:D69) -> 4000000 | H69: =F69+G69 -> 0 | J69: =H69+I69 -> 0 | K69: =G69+H69 -> 0 | M69: =SUM(K69:L69) -> 0 | O69: =SUM(M69:N69) -> 0 | P69: =L69+M69 -> 0
A70: 3111106 | B70: Purchase of Fire fighting Vehicles and Equipment (Pending Payment) | C70: 16600000 | E70: =SUM(C70:D70) -> 16600000 | H70: =F70+G70 -> 0 | J70: =H70+I70 -> 0 | K70: =G70+H70 -> 0 | M70: =SUM(K70:L70) -> 0 | O70: =SUM(M70:N70) -> 0 | P70: =L70+M70 -> 0
B71: Fire hydrants civil works | C71: 1500000 | E71: =SUM(C71:D71) -> 1500000 | H71: =F71+G71 -> 0 | J71: =H71+I71 -> 0 | K71: =G71+H71 -> 0 | M71: =SUM(K71:L71) -> 0 | O71: =SUM(M71:N71) -> 0 | P71: =L71+M71 -> 0
A72: 3111120 | B72: Purchase of Rescue Machinery | C72: 3900000 | E72: =SUM(C72:D72) -> 3900000 | H72: =F72+G72 -> 0 | J72: =H72+I72 -> 0 | K72: =G72+H72 -> 0 | M72: =SUM(K72:L72) -> 0 | O72: =SUM(M72:N72) -> 0 | P72: =L72+M72 -> 0
A73: Sub Total | B73: Total Development Expenditure for Disaster Management and Rescue Services | C73: 26000000 | E73: =SUM(C73:D73) -> 26000000 | H73: =F73+G73 -> 0 | J73: =H73+I73 -> 0 | K73: =G73+H73 -> 0 | M73: =SUM(K73:L73) -> 0 | O73: =SUM(M73:N73) -> 0 | P73: =L73+M73 -> 0
